 Dungeon Crawl Stone Soup version 0.30-a0-174-gbc10bd73c2 (webtiles) character file.

Game seed: 5687305486010321482

891570 qw the Bringer of Light (level 27, 0/179 HPs)
             Began as a Gargoyle Fighter on Oct 1, 2022.
             Was the Champion of the Shining One.
             Incinerated by a smoke demon (4 damage)
             ... with a sticky flame
             ... in Pandemonium.
             The game lasted 00:47:57 (71900 turns).

qw the Bringer of Light (Gargoyle Fighter)         Turns: 71900, Time: 00:47:58

Health: 0/179      AC: 75    Str: 37 (40) XL:     27
Magic:  22/40      EV: 25    Int: 14      God:    the Shining One [******]
Gold:   7053       SH: 26    Dex: 22      Spells: 26/26 levels left

rFire   . . .      SeeInvis .    A - +9 broad axe (holy)
rCold   + + +      Faith    .    g - +1 tower shield {rC+}
rNeg    + + +      Spirit   .    i - +12 plate armour of Starshine {Str+2 Slay+3}
rPois   inf        Reflect  .    t - +4 helmet "Teyro" {Rampage Will- Str+4 Dex+8}
rElec   +          Harm     .    x - +4 dragonskin cloak
rCorr   +          Rampage  +    L - +2 pair of gloves of Limitation {rElec rC+++ rCorr Stlth-}
Will    ++...      Rage     3%   H - +1 pair of boots "Leittiys" {+Inv Dex+4}
Stlth   .......... Rnd*Tele +    N - amulet of Dov Cuycw {Acrobat rPois rC+ Regen+ Int+4}
HPRegen 1.29/turn                C - ring "Ontulye" {Drain Will+ AC+4 Dex+4 Stlth+}
MPRegen 0.27/turn                n - +4 ring of evasion

@: on fire, marked, flying, glowing, unable to read, unable to drink
A: sickness immunity, AC +20, big wings, negative energy resistance 1,
electricity resistance, torment resistance 1, petrification resistance,
iridescent scales 1, berserk 1, clumsy 1, deformed body, deterioration 2, dopey
1, frail 1, strong 1, teleportitis 1, no potion heal 1, cold vulnerability 1,
subdued magic 1, inability to drink after injury 2, inability to read after
injury 1
}: 9/15 runes: decaying, silver, golden, demonic, glowing, magical, fiery, dark,
gossamer
a: Renounce Religion, Evoke Invisibility, Divine Shield, Cleansing Flame, Summon
Divine Warrior


You were in Pandemonium.
You worshipped the Shining One.
The Shining One was exalted by your worship.
You visited 11 branches of the dungeon, and saw 50 of its levels.
You visited Pandemonium 3 times, and saw 13 of its levels.
You visited the Abyss 1 time.
You also visited: Ossuary and Gauntlet.

You collected 13485 gold pieces.
You spent 6432 gold pieces at shops.


Innate Abilities, Weirdness & Mutations

You are immune to sickness and miasma.
Your stone body is resilient. (AC +20)
You are immune to poison.
Your large and strong wings let you fly.
You resist negative energy. (rN+)
You are resistant to electric shocks. (rElec)
You are resistant to unholy torment.
You are immune to petrification.
You are partially covered in iridescent scales. (AC +2)
You sometimes lose your temper in combat.
You are clumsy. (Dex -2)
Armour fits poorly on your strangely shaped body.
Your body often deteriorates upon taking damage.
You are dopey. (Int -2)
You are frail. (-10% HP)
Your muscles are strong. (Str +4, Int/Dex -1)
You are occasionally teleported next to monsters.
Potions are less effective at restoring your health.
You are vulnerable to cold. (rC-)
Your spells are a little easier to cast, but a little less powerful.
You sometimes lose the ability to drink potions when taking damage.
You occasionally lose the ability to read scrolls when taking damage.


   Skills:
 O Level 27 Fighting
 + Level 7.3 Short Blades
 - Level 18.0 Axes
 - Level 14.0 Throwing
 + Level 26.9 Armour
 - Level 17.0 Dodging
 - Level 23.0 Shields
 O Level 27 Invocations


You had 26 spell levels left.
You didn't know any spells.
Your spell library was empty.

Inventory:

Hand Weapons
 A - a +9 broad axe of holy wrath (weapon)
 F - the +7 hand axe of the Hierophant {venom, rElec rCorr Dex+2}
   (You found it on level 3 of the Tomb of the Ancients)

   It poisons the flesh of those it strikes.
   Dex:       It affects your dexterity (+2).
   rElec:     It insulates you from electricity.
   rCorr:     It protects you from acid and corrosion.
Missiles
 c - 4 javelins (quivered)
 f - 50 boomerangs
 z - 8 silver boomerangs
 Q - 5 boomerangs of dispersal
Armour
 b - the +2 helmet "Tyhom" {Contam rElec rC+}
   (Okawaru gifted it to you on level 2 of the Depths)

   rC:        It protects you from cold.
   rElec:     It insulates you from electricity.
   Contam:    It causes magical contamination when unequipped.
 g - a +1 tower shield of cold resistance (worn)
 i - the +12 plate armour of Starshine (worn) {Str+2 Slay+3}
   (You found it on level 2 of the Crypt)

   Str:       It affects your strength (+2).
   Slay:      It affects your accuracy & damage with ranged weapons and melee
   (+3).
 t - the +4 helmet "Teyro" (worn) {Rampage Will- Str+4 Dex+8}
   (You found it on level 1 of the Tomb of the Ancients)

   Str:       It affects your strength (+4).
   Dex:       It affects your dexterity (+8).
   Rampage:   It bestows one free step when moving towards enemies.
   Will:      It decreases your willpower.
 x - the +4 dragonskin cloak (worn)
   (You took it off Tiamat on level 1 of the Realm of Zot)

   It grants the wearer a chance to resist fire, cold, poison, electricity,
   acid, and negative energy.
 B - the +0 acid dragon scales of Boutet {Harm Regen+ rCorr Slay+6 Stlth-}
   (Okawaru gifted it to you on level 5 of the Lair of Beasts)

   Slay:      It affects your accuracy & damage with ranged weapons and melee
   (+6).
   Regen:     It increases your rate of health regeneration.
   rCorr:     It protects you from acid and corrosion.
   Harm:      It increases damage dealt and taken.
   Stlth:     It makes you less stealthy.
 G - the +0 pair of gloves of Orchymp {Regen+ Int+7 Stlth-}
   (Okawaru gifted it to you on level 3 of the Depths)

   Int:       It affects your intelligence (+7).
   Regen:     It increases your rate of health regeneration.
   Stlth:     It makes you less stealthy.
 H - the +1 pair of boots "Leittiys" (worn) {+Inv Dex+4}
   (Okawaru gifted it to you on level 4 of the Depths)

   Dex:       It affects your dexterity (+4).
   +Inv:      It lets you turn invisible.
 L - the +2 pair of gloves of Limitation (worn) {rElec rC+++ rCorr Stlth-}
   (You took it off Nikola on level 2 of the Spider Nest)

   rC:        It renders you almost immune to cold.
   rElec:     It insulates you from electricity.
   rCorr:     It protects you from acid and corrosion.
   Stlth:     It makes you less stealthy.
Jewellery
 n - a +4 ring of evasion (right hand)
 o - the amulet of Niosin {rF+ Regen+ Dex+2}
   (You found it on level 3 of the Tomb of the Ancients)

   [amulet of regeneration]

   Dex:       It affects your dexterity (+2).
   rF:        It protects you from fire.
   Regen:     It increases your rate of health regeneration.
 s - the ring "Neinue Himo" {Ice rCorr Dex+3 Slay+2}
   (You found it on level 9 of the Dungeon)

   [ring of ice]

   It enhances your ice magic.
   Dex:       It affects your dexterity (+3).
   Slay:      It affects your accuracy & damage with ranged weapons and melee
   (+2).
   rF:        It makes you vulnerable to fire.
   rC:        It protects you from cold.
   rCorr:     It protects you from acid and corrosion.
 v - a ring of resist corrosion
 C - the ring "Ontulye" (left hand) {Drain Will+ AC+4 Dex+4 Stlth+}
   (You found it on level 3 of the Crypt)

   [ring of protection]

   AC:        It affects your AC (+4).
   Dex:       It affects your dexterity (+4).
   Drain:     It drains your maximum health when unequipped.
   Will:      It increases your willpower.
   Stlth:     It makes you more stealthy.
 E - a ring of protection from cold
 J - the ring of the Countless Spirits {Fly rF+ Dex+6}
   (You took it off an efreet in Pandemonium)

   [ring of dexterity]

   Dex:       It affects your dexterity (+6).
   rF:        It protects you from fire.
   Fly:       It grants you flight.
 K - a ring of protection from cold
 M - the amulet of Wuuseax {RegenMP Will+ rCorr SInv Stlth-}
   (You found it on level 5 of the Vaults)

   [amulet of magic regeneration]

   It increases your rate of magic regeneration.
   SInv:      It lets you see invisible.
   rCorr:     It protects you from acid and corrosion.
   Will:      It increases your willpower.
   Stlth:     It makes you less stealthy.
 N - the amulet of Dov Cuycw (around neck) {Acrobat rPois rC+ Regen+ Int+4}
   (You found it on level 2 of the Spider Nest)

   [amulet of the acrobat]

   It increases your evasion while moving and waiting.
   Int:       It affects your intelligence (+4).
   rC:        It protects you from cold.
   rPois:     It protects you from poison.
   Regen:     It increases your rate of health regeneration.
 Y - the ring "Uwaa" {rF+ rCorr Dex+5}
   (You took it off a minotaur in a Gauntlet)

   [ring of protection from fire]

   Dex:       It affects your dexterity (+5).
   rF:        It protects you from fire.
   rCorr:     It protects you from acid and corrosion.
Wands
 u - a wand of digging (10)
Scrolls
 j - 2 scrolls of brand weapon
 k - 3 scrolls of enchant weapon
 m - 15 scrolls of identify
 r - 17 scrolls of teleportation
 O - 7 scrolls of enchant armour
Potions
 a - 2 potions of cancellation
 d - 17 potions of might
 e - 8 potions of lignification
 h - 16 potions of haste
 l - a potion of magic
 p - 14 potions of attraction
 w - 32 potions of curing
 D - 4 potions of resistance
 I - 4 potions of heal wounds

Dungeon Overview and Level Annotations

Branches:
Dungeon (15/15)            Temple (1/1) D:4            Lair (5/5) D:10
  Swamp (4/4) Lair:2       Spider (4/4) Lair:2        Slime (0/5) Lair:5
    Orc (2/2) D:10            Elf (0/3) Orc:2        Vaults (5/5) D:14
  Crypt (3/3) Vaults:3       Tomb (3/3) Crypt:3      Depths (4/4) D:15
    Zot (4/5) Depths:4    Ossuary (visited)         Gauntlet (visited)

Altars:
Ashenzari
Cheibriados
Dithmenos
Elyvilon
Fedhas
Gozag
Hepliaklqana
Kikubaaqudgha
Makhleb
Nemelex Xobeh
Okawaru
Qazlal
Ru
Sif Muna
Trog
Uskayaw
Vehumet
Wu Jian
Xom
Yredelemnul
Zin
The Shining One
Ignis
Lugonu

Shops:
D:5 :   D:6 *   Orc:2 [?[=   Vaults:1 (   Depths:1 :=:   Depths:2 :
Depths:4 **

Portals:
Hell: Depths:1 Depths:2 Depths:3 Depths:4
Abyss: Depths:2 Depths:3 Depths:4
Pandemonium: Depths:2 Depths:3 Depths:4
Ziggurat: Depths:4

Annotations:
D:7 4 transporters, Menkaure; qw's ghost, novice GrFi
D:11 2 runed translucent doors
Lair:4 1 runed translucent door, qw's ghost, journeyman GrFi
Depths:1 1 runed translucent door, qw's ghost, adept GrFi
Zot:2 2 transporters, 3 runed translucent doors, qw's ghost, legendary GrFi


Message History

You are engulfed in a cloud of scalding steam.
The tormentor roars, "Thy skull shall be my mouthful!"
You slash the smoke demon!
The smoke demon convulses.
The smoke demon is almost dead.
You are engulfed in a cloud of scalding steam.
A smoke demon comes into view.
The smoke demon gestures at you.
The sticky flame hits you but does no damage.
You are covered in liquid flames!
The smoke demon gestures at you. Something smites you!
Your daeva calls down the wrath of the Shining One upon the smoke demon.
The smoke demon is smitten.
The smoke demon dies!
The Shining One accepts your kill.
71899 ||| INVOKING Cleansing Flame.
The golden flame engulfs you but does no damage.
You resist.
The golden flame engulfs the smoke demon!!!!
The smoke demon writhes in agony!
You kill the smoke demon!
The Shining One accepts your kill. The golden flame engulfs your daeva.
Your daeva completely resists.
The golden flame engulfs Niown!!!
Niown writhes in agony!
Niown is almost dead.
You are covered in liquid flames!
Your daeva calls down the wrath of the Shining One upon Niown.
Niown is smitten.
Niown dies!
The Shining One accepts your kill. The smoke demon gestures at you.
The ball of steam hits you!! You resist.
The Shining One protects you from harm!
You feel your intelligence returning.
You rampage towards the smoke demon!
You hit the smoke demon but do no damage.
You barely miss the smoke demon.
You are covered in liquid flames!
You die...

...........................##
#
............................#
............#################
............# ...(.......)#
### ..#.........# ...
..##......).######.####
.####.......#¤¤A~3~~¤~¤~ ##
#.......'¤¤¤@3...¤¤
#.......'...¤¤......
##.......'.....3.....
###..).#...#~¤~~~~~¤~¤¤
#.....##...#########.## #####
##.....###..# 2.. .. #....
......## #..# #### # #\...
......# ##.# #.... .....##
#.# #####....


You could see 3 smoke demons, a tormentor and a friendly daeva (summoned).

Vanquished Creatures
  Cerebov (Pan)
  Ignacio (Pan)
  Mnoleg (Pan)
  Lom Lobon (Pan)
  2 dread liches (Vaults:5)
  Tiamat (Zot:1)
  Mennas (Crypt:1)
  5 ancient liches
  Khufu (Tomb:3)
  An orb of fire (Zot:3)
  4 pandemonium lords (Pan)
  A juggernaut (Depths:2)
  15 royal mummies
  Bai Suzhen (Crypt:1)
  Boris (thrice) (Vaults:4 Depths:3 Tomb:2)
  9 caustic shrikes (Depths:4)
  A curse toe (Crypt:3)
  11 golden dragons
  Nikola (Spider:2)
  2 bone dragons (Abyss:2)
  A pearl dragon (Abyss:2)
  Arachne (Spider:2)
  5 Tzitzimimeh (Pan)
  9 Brimstone Fiends (Pan)
  An electric golem (Zot:1)
  Zenata (Vaults:4)
  6 Ice Fiends (Pan)
  Mlioglotl (Swamp:2)
  A Hell Sentinel (Pan)
  18 tentacled monstrosities
  Asterion (Spider:4)
  A walking earthen tome (Depths:3)
  20 titans
  6 liches
  5 quicksilver dragons
  8 deep elf blademasters
  3 deep elf master archers
  11 death cobs
  A walking frostbound tome (Depths:2)
  20 Executioners (Pan)
  10 ancient champions
  10 shadow dragons
  Kirke (D:11)
  2 tentacled starspawn (Abyss:2)
  14 sphinxes
  7 tengu reavers
  Agnes (Spider:4)
  21 storm dragons
  Roxanne (Spider:4)
  3 revenants
  3 draconian monks (Zot:3)
  10 demonspawn warmongers (Pan)
  Donald (Swamp:1)
  5 iron dragons
  18 fire giants
  4 ghost moths
  2 draconian knights
  18 frost giants
  13 emperor scorpions
  3 deep elf sorcerers
  Louise (Spider:2)
  26 balrugs
  11 vault wardens
  18 cacodemons (Pan)
  7 draconian scorchers
  4 curse skulls
  9 draconian shifters
  A caustic shrike zombie (Crypt:1)
  3 orc warlords
  3 spriggan defenders (Depths:3)
  6 war gargoyles
  7 ghouls
  23 very ugly things
  Aizul (Spider:1)
  15 ironbound preservers
  13 demonspawn corrupters (Pan)
  16 reapers
  11 draconian annihilators
  A broodmother (Spider:2)
  8 draconian stormcallers
  7 demonspawn blood saints (Pan)
  A deep elf elementalist (Abyss:2)
  A caustic shrike skeleton (Crypt:3)
  7 green draconians
  9 ironbound thunderhulks
  26 stone giants
  4 vampire knights
  10 black draconians
  A bennu (Tomb:1)
  A deep elf demonologist (Depths:3)
  4 eleionomae
  8 demonspawn black suns (Pan)
  3 deep elf annihilators
  16 purple draconians
  5 bunyips
  A minotaur (Gauntlet)
  6 spark wasps
  11 yellow draconians
  10 dire elephants
  11 red draconians
  7 white draconians
  11 lorocyprocas (Pan)
  12 green deaths (Pan)
  6 eidola
  4 deep elf death magi
  13 blizzard demons
  11 ettins
  6 deep elf high priests
  19 mummy priests
  4 great orbs of eyes
  7 fire dragons
  6 jiangshi
  Josephine (Swamp:1)
  2 shambling mangroves
  17 yaktaur captains
  3 spriggan zombies
  12 ice dragons
  Harold (D:10)
  3 entropy weavers
  3 hell beasts (Pan)
  43 vault guards
  3 peacekeepers
  8 rakshasas
  19 hydras
  8 spriggan air magi
  An Orb Guardian zombie (Crypt:1)
  2 ogre magi (Vaults:5)
  7 ironbound frosthearts
  2 ghost crabs
  5 jorogumos
  2 catoblepae
  10 boulder beetles
  3 death knights
  A spriggan skeleton (Crypt:3)
  4 deep troll shamans
  5 hell hogs (Depths:3)
  17 centaur warriors
  11 death yaks (Lair:5)
  3 radroaches
  An Orb Guardian skeleton (Crypt:1)
  7 deep troll earth magi
  A naga warrior (Abyss:2)
  51 death scarabs
  3 two-headed ogres
  An alligator (Swamp:2)
  2 vampire magi
  5 thrashing horrors (Abyss:2)
  5 hell knights (Depths:3)
  12 spriggan berserkers
  Urug (Lair:4)
  Nergalle (D:10)
  20 tengu warriors
  85 sun demons
  8 deep elf knights
  10 spriggans
  3 shock serpents (Pan)
  A storm dragon zombie (Crypt:2)
  30 soul eaters
  A wretched star (Abyss:2)
  8 pharaoh ants
  47 skeletal warriors
  2 bunyip zombies (Swamp:4)
  5 iron trolls (Depths:3)
  4 goliath frogs
  10 shadow wraiths
  29 sixfirhies (Pan)
  An iron giant zombie (Crypt:2)
  A sun moth (Spider:3)
  51 deep trolls
  2 quicksilver dragon simulacra (Depths:3)
  3 spriggan druids
  4 glowing orange brains
  6 flayed ghosts
  10 orb spiders
  4 bunyip skeletons
  6 shadow demons (Pan)
  13 swamp dragons
  7 bog bodies
  5 necromancers
  14 deep elf archers
  An iron giant skeleton (Crypt:3)
  16 orc knights
  7 wizards
  7 deep elf zephyrmancers
  11 steelbarb worms
  6 lindwurms
  14 harpies
  8 phantasmal warriors
  A harpy (shapeshifter) (D:14)
  A tengu skeleton (Crypt:3)
  2 shining eyes
  A sphinx zombie (Crypt:1)
  2 orc sorcerers
  19 wolf spiders
  57 ugly things
  A salamander (shapeshifter) (D:14)
  9 deep elf pyromancers
  25 ironbound convokers
  26 moths of wrath
  5 will-o-the-wisps
  2 oklob plants
  5 cyclopes
  2 worldbinders (Abyss:2)
  14 manticores
  A guardian serpent (Abyss:2)
  7 elephants (Lair:5)
  A stone giant skeleton (Pan)
  20 vault sentinels
  2 fire giant skeletons
  4 black mambas
  2 ice statues
  27 orange demons (Pan)
  4 human skeletons (Vaults:3)
  5 rust devils
  57 smoke demons (Pan)
  3 hellions (Pan)
  2 centaur skeletons
  A shock serpent skeleton (Crypt:1)
  3 torpor snails
  7 cane toads
  2 gargoyles
  Psyche (D:10)
  An unseen horror (shapeshifter) (Vaults:5)
  9 efreet
  An alligator snapping turtle skeleton (Pan)
  31 demonic crawlers
  A yaktaur skeleton (Vaults:3)
  44 guardian mummies
  A bunyip simulacrum (Crypt:3)
  3 rime drakes
  14 komodo dragons
  31 yaktaurs
  15 hellwings
  6 freezing wraiths
  10 red devils
  7 ice devils
  2 tengu conjurers
  2 ancient zymes (Abyss:2)
  19 tormentors (Pan)
  A catoblepas skeleton (Crypt:2)
  7 trolls
  3 meliai (D:15)
  2 bloated husks
  4 polar bears
  2 harpy skeletons
  A merfolk (shapeshifter) (Depths:3)
  18 hornets
  3 raiju (Abyss:2)
  2 meliai zombies
  Prince Ribbit (D:9)
  Grinder (D:3)
  6 blink frogs
  45 slime creatures
  10 tyrant leeches
  29 tarantellas
  2 hydra skeletons
  26 jumping spiders
  A death drake skeleton (Crypt:1)
  A snapping turtle (shapeshifter) (D:15)
  4 dream sheep (Lair:5)
  39 flying skulls
  2 centaur simulacra
  2 vampires (D:11)
  An ettin skeleton (Crypt:2)
  An ice dragon skeleton (Crypt:3)
  10 ushabtiu
  23 culicivoras
  40 yaks
  29 ynoxinuls
  2 shadows (D:12)
  14 wraiths
  A fire dragon zombie (Crypt:2)
  28 large abominations
  4 humans
  Grum (D:10)
  6 small abominations (Abyss:2)
  A hog (D:11)
  2 fire elementals (Orc:2)
  54 redbacks
  4 steam dragons
  27 neqoxecs
  35 chaos spawn (Pan)
  A spriggan simulacrum (Swamp:4)
  6 basilisks
  15 vampire mosquitoes
  A wind drake skeleton (Crypt:2)
  A black mamba skeleton (Pan)
  2 nagas (Abyss:2)
  8 wargs (Orc:2)
  An acid dragon (Gauntlet)
  An acid dragon (shapeshifter) (Vaults:5)
  A fire bat zombie (Crypt:1)
  A naga skeleton (Crypt:2)
  A cane toad zombie (Crypt:2)
  4 glowing shapeshifter skeletons (Vaults:3)
  2 ogre skeletons (Vaults:3)
  18 swamp worms
  9 hell hounds
  11 water moccasins
  A hornet zombie (Crypt:3)
  An ice beast (shapeshifter) (Vaults:5)
  52 orc warriors
  A two-headed ogre skeleton (Pan)
  6 black bears
  3 ice beasts
  5 swamp drakes
  A sky beast (D:7)
  6 starcursed masses (Abyss:2)
  9 ogres
  13 centaurs
  2 ettin simulacra (Depths:3)
  40 wolves
  4 boggarts (D:15)
  4 phantoms
  3 kobold brigands
  A yaktaur zombie (Crypt:3)
  3 gnoll sergeants
  8 bullfrogs
  4 necrophages
  5 scorpions
  13 wights
  2 troll zombies (D:10)
  13 killer bees
  A yak skeleton (Crypt:3)
  An electric eel (Spider:3)
  5 howler monkeys
  2 human zombies (Ossuary)
  A quasit (Abyss:2)
  4 hounds
  3 jellies
  4 gnoll boudas (D:7)
  22 orc priests
  10 iguanas
  26 orc wizards
  4 ogre zombies (D:10)
  An acid dragon skeleton (Crypt:1)
  A deep dwarf skeleton (Crypt:3)
  43 mummies
  6 adders
  26 gnolls
  A shadow imp (D:6)
  A white imp (D:7)
  2 worms
  3 dart slugs (D:4)
  117 orcs
  3 ball pythons
  7 endoplasms
  2 giant cockroaches (D:4)
  A gnoll zombie (Crypt:2)
  6 goblins
  9 hobgoblins
  8 jackals
  19 kobolds
  2 quokkas
  2 bats
  4 frilled lizards
  2 goblin skeletons (D:10)
  5 goblin zombies
  A hobgoblin skeleton (D:10)
  2 hobgoblin zombies (D:10)
  2 kobold zombies (Ossuary)
  3 orc skeletons (D:10)
  13 orc zombies
  5 rats
  A rat zombie (Crypt:2)
  3 ball lightnings (Pan)
  A block of ice (Pan)
  A fire vortex (Pan)
  A starspawn tentacle (Abyss:2)
3191 creatures vanquished.

Vanquished Creatures (collateral kills)
  Gloorx Vloq (Pan)
  2 ancient liches (Crypt:3)
  12 royal mummies
  5 pandemonium lords (Pan)
  A Tzitzimitl (Pan)
  2 Brimstone Fiends (Pan)
  An Ice Fiend (Pan)
  A tentacled monstrosity (Pan)
  A titan (Pan)
  2 liches (Tomb:2)
  An Executioner (Pan)
  3 ancient champions
  6 balrugs (Pan)
  8 cacodemons (Pan)
  4 demonspawn corrupters (Pan)
  A bennu (Tomb:1)
  A demonspawn black sun (Pan)
  4 blizzard demons (Pan)
  4 mummy priests
  A quicksilver dragon skeleton (Tomb:3)
  2 hell beasts (Pan)
  8 death scarabs
  2 soul eaters (Pan)
  14 sun demons (Pan)
  5 sixfirhies (Pan)
  2 skeletal warriors (Tomb:1)
  5 shadow demons (Pan)
  A deep elf zephyrmancer (Tomb:1)
  An ugly thing (Pan)
  5 smoke demons (Pan)
  2 demonic crawlers (Pan)
  2 efreet (Pan)
  5 orange demons (Pan)
  2 tormentors (Pan)
  13 guardian mummies
  2 hellwings (Pan)
  A red devil (Pan)
  4 ynoxinuls (Pan)
  4 flying skulls (Tomb:3)
  An ettin skeleton (Pan)
  8 neqoxecs (Pan)
  8 ushabtiu (Tomb:3)
  8 large abominations (Pan)
  6 chaos spawn (Pan)
  12 mummies
184 creatures vanquished.

Vanquished Creatures (others)
  A fire giant (Depths:3)
  A demonspawn blood saint (Pan)
  A reaper (Pan)
  A green death (Pan)
  A goliath frog (Swamp:4)
  An orb spider (Spider:2)
  A wizard (Vaults:3)
  A lindwurm (Swamp:4)
  A yaktaur (Vaults:5)
  A harpy zombie (Crypt:3)
  2 bloated husks
  A tarantella (Spider:2)
  A jumping spider (Spider:2)
  A culicivora (Spider:2)
  A swamp worm (Swamp:4)
  A swamp drake (Swamp:4)
  A wolf (Lair:5)
  6 ball lightnings (Pan)
  18 foxfires
  19 fungi
  42 plants
  3 starspawn tentacles (Abyss:2)
106 creatures vanquished.

Grand Total: 3481 creatures vanquished

Notes
Turn   | Place    | Note
-------+----------+-------------------------------------------
     0 | D:1      | qw the Gargoyle Fighter began the quest for the Orb.
     0 | D:1      | Reached XP level 1. HP: 14/14 MP: 1/1
     0 | D:1      | 0 ||| qw: Version: 0.2-a-13-gfc7b4b4
     0 | D:1      | 0 ||| qw: Game counter: 1878
     0 | D:1      | 0 ||| qw: Always use a shield: true
     0 | D:1      | 0 ||| qw: God list: Okawaru
     0 | D:1      | 0 ||| qw: Allow faded altars: false
     0 | D:1      | 0 ||| qw: Do Orc after D:15 true
     0 | D:1      | 0 ||| qw: Do second Lair branch before Depths: true
     0 | D:1      | 0 ||| qw: Lair rune preference: random
     0 | D:1      | 0 ||| qw: Plans: Normal, Zot:1-4, God:TSO, Crypt, Tomb,
                  | Pan, Slime:5, Hells, Abyss, Orb
     0 | D:1      | 0 ||| PLANNING D:1-11
   219 | D:1      | Reached XP level 2. HP: 19/19 MP: 2/2
   605 | D:1      | Found a faded altar of an unknown god.
   664 | D:1      | 664 ||| READING scroll labelled EZOFIN BEMM.
   665 | D:1      | 665 ||| READING scroll labelled YMNYOCSACSA.
   666 | D:1      | 666 ||| READING scroll labelled HAIJER YGGU.
   725 | D:2      | Reached skill level 3 in Axes
   772 | D:2      | Reached XP level 3. HP: 23/23 MP: 3/3
   994 | D:2      | Identified the +5 ring mail "Hisola Zole" {rPois rF- Str-5
                  | Dex+8}
  1111 | D:2      | 1111 ||| Stepping ~*~*~tactically~*~*~ (stealth).
  1143 | D:2      | Noticed a phantom
  1156 | D:2      | Killed a phantom
  1157 | D:2      | Reached XP level 4. HP: 28/28 MP: 4/4
  1157 | D:2      | Reached XP level 5. HP: 32/32 MP: 5/5
  1333 | D:2      | 1333 ||| UPGRADING to +0 chain mail.
  1343 | D:2      | 1343 ||| DROPPING +0 scale mail.
  1344 | D:2      | 1344 ||| DROPPING +5 ring mail "Hisola Zole" {rPois rF-
                  | Str-5 Dex+8}.
  1345 | D:2      | 1345 ||| UPGRADING to +6 ring of strength.
  1346 | D:2      | 1346 ||| READING scroll labelled CUSCHO NOON.
  1347 | D:2      | 1347 ||| READING scroll labelled TUIZOS VER.
  1352 | D:2      | 1352 ||| READING 2 scrolls of identify.
  1352 | D:2      | 1352 ||| IDENTIFYING bubbling red potion
  1360 | D:3      | Found a bloodstained altar of Trog.
  1910 | D:3      | Noticed Grinder
  1916 | D:3      | Paralysed by Grinder for 3 turns
  1920 | D:3      | Killed Grinder
  1921 | D:3      | Reached skill level 6 in Axes
  1921 | D:3      | Reached XP level 6. HP: 36/37 MP: 6/6
  2021 | D:3      | 2021 ||| UPGRADING to +0 helmet.
  2026 | D:3      | 2026 ||| READING scroll labelled ONLEZIHIMN.
  2071 | D:4      | Reached skill level 1 in Throwing
  2073 | D:4      | HP: 7/37 [orc wizard/puff of flame (6)]
  2074 | D:4      | HP: 3/37 [orc wizard/magic dart (5)]
  2075 | D:4      | HP: 1/38 [orc wizard/magic dart (2)]
  2079 | D:4      | Reached XP level 7. HP: 2/43 MP: 7/7
  2083 | D:4      | Reached skill level 1 in Dodging
  2131 | D:4      | 2131 ||| FLEEEEING.
  2133 | D:4      | 2133 ||| FLEEEEING.
  2134 | D:4      | 2134 ||| STAIRDANCE
  2336 | D:4      | Found a staircase to the Ecumenical Temple.
  2337 | D:4      | 2337 ||| PLANNING TEMPLE
  2337 | D:4      | 2337 ||| READING scroll labelled BINEH POPRO.
  2338 | D:4      | 2338 ||| READING 3 scrolls of identify.
  2338 | D:4      | 2338 ||| IDENTIFYING smoky white potion
  2339 | D:4      | 2339 ||| READING 2 scrolls of identify.
  2339 | D:4      | 2339 ||| IDENTIFYING smoky clear potion
  2340 | D:4      | 2340 ||| DRINKING potion of experience.
  2340 | D:4      | Reached XP level 8. HP: 48/48 MP: 8/8
  2357 | Temple   | Entered the Ecumenical Temple
  2397 | Temple   | 2397 ||| PLANNING D:1-11
  2415 | D:4      | 2415 ||| DROPPING +0 whip.
  2421 | D:4      | 2421 ||| Stepping ~*~*~tactically~*~*~ (hiding).
  2604 | D:4      | 2604 ||| READING scroll of enchant armour.
  2604 | D:4      | 2604 ||| ENCHANTING +0 helmet.
  2942 | D:4      | 2942 ||| UPGRADING to +2 pair of gloves.
  2947 | D:4      | 2947 ||| UPGRADING to ring of see invisible.
  2948 | D:4      | 2948 ||| READING scroll labelled WUAXUT GUH UCH.
  2949 | D:4      | 2949 ||| DRINKING 2 ruby potions.
  2957 | D:5      | Entered Level 5 of the Dungeon
  3065 | D:5      | 3065 ||| Stepping ~*~*~tactically~*~*~ (stealth).
  3066 | D:5      | 3066 ||| Stepping ~*~*~tactically~*~*~ (stealth).
  3067 | D:5      | 3067 ||| Stepping ~*~*~tactically~*~*~ (stealth).
  3068 | D:5      | 3068 ||| Stepping ~*~*~tactically~*~*~ (stealth).
  3070 | D:5      | 3070 ||| Stepping ~*~*~tactically~*~*~ (stealth).
  3149 | D:5      | Reached XP level 9. HP: 31/54 MP: 9/9
  3376 | D:5      | Found Diujuump's Book Boutique.
  3420 | D:5      | 3420 ||| Stepping ~*~*~tactically~*~*~ (stealth).
  3454 | D:5      | Found an iron altar of Okawaru.
  3455 | D:5      | 3455 ||| PLANNING OKAWARU WORSHIP
  3455 | D:5      | 3455 ||| UPGRADING to +0 tower shield.
  3465 | D:5      | 3465 ||| DROPPING +0 buckler.
  3466 | D:5      | 3466 ||| UPGRADING to +1 pair of boots.
  3471 | D:5      | 3471 ||| READING scroll labelled BAIFROO URAERGH.
  3472 | D:5      | 3472 ||| READING 3 scrolls of identify.
  3472 | D:5      | 3472 ||| IDENTIFYING fuming puce potion
  3473 | D:5      | 3473 ||| READING 2 scrolls of identify.
  3473 | D:5      | 3473 ||| IDENTIFYING silvery potion
  3474 | D:5      | 3474 ||| DROPPING potion of flight.
  3482 | D:5      | Became a worshipper of Warmaster Okawaru
  3483 | D:5      | 3483 ||| PLANNING D:1-11
  3785 | D:6      | 3785 ||| Stepping ~*~*~tactically~*~*~ (stealth).
  3842 | D:6      | 3842 ||| Stepping ~*~*~tactically~*~*~ (stealth).
  3891 | D:6      | 3891 ||| Stepping ~*~*~tactically~*~*~ (stealth).
  3898 | D:6      | 3898 ||| Stepping ~*~*~tactically~*~*~ (stealth).
  3903 | D:6      | 3903 ||| Stepping ~*~*~tactically~*~*~ (stealth).
  3906 | D:6      | 3906 ||| Stepping ~*~*~tactically~*~*~ (hiding).
  3915 | D:6      | Reached * piety under Okawaru
  3946 | D:6      | 3946 ||| INVOKING Heroism.
  4153 | D:6      | 4153 ||| Stepping ~*~*~tactically~*~*~ (hiding).
  4155 | D:6      | 4155 ||| Stepping ~*~*~tactically~*~*~ (hiding).
  4161 | D:6      | Reached skill level 1 in Invocations
  4175 | D:6      | 4175 ||| Stepping ~*~*~tactically~*~*~ (stealth).
  4176 | D:6      | 4176 ||| Stepping ~*~*~tactically~*~*~ (stealth).
  4182 | D:6      | 4182 ||| INVOKING Heroism.
  4192 | D:6      | 4192 ||| Stepping ~*~*~tactically~*~*~ (cloud).
  4238 | D:6      | Found Cemuk's Assorted Antiques.
  4240 | D:6      | 4240 ||| INVOKING Heroism.
  4259 | D:6      | 4259 ||| BUYING cloak (130 gold).
  4259 | D:6      | Bought a cloak for 130 gold pieces
  4259 | D:6      | 4259 ||| BUYING dark potion (26 gold).
  4259 | D:6      | Bought a dark potion for 26 gold pieces
  4259 | D:6      | 4259 ||| SHOPLISTING runed war axe (188 gold, have 6).
  4259 | D:6      | 4259 ||| SHOPLISTING scroll labelled ZOHONE UPLATOEM (29
                  | gold, have 6).
  4327 | D:6      | 4327 ||| INVOKING Heroism.
  4394 | D:6      | 4394 ||| INVOKING Heroism.
  4400 | D:6      | Reached skill level 6 in Shields
  4400 | D:6      | 4400 ||| Stepping ~*~*~tactically~*~*~ (cloud).
  4650 | D:6      | 4650 ||| UPGRADING to +0 plate armour.
  4660 | D:6      | 4660 ||| UPGRADING to +0 cloak.
  4665 | D:6      | 4665 ||| DROPPING +0 chain mail.
  4666 | D:6      | 4666 ||| DRINKING 3 glowing white potions.
  4667 | D:6      | 4667 ||| READING 3 scrolls of identify.
  4667 | D:6      | 4667 ||| IDENTIFYING dark potion
  4668 | D:6      | 4668 ||| READING 2 scrolls of identify.
  4668 | D:6      | 4668 ||| IDENTIFYING orange potion
  4669 | D:6      | 4669 ||| DROPPING potion of invisibility.
  4670 | D:6      | 4670 ||| DROPPING 2 potions of degeneration.
  4726 | D:7      | 4726 ||| STAIRDANCE
  4748 | D:7      | 4748 ||| INVOKING Heroism.
  4750 | D:7      | 4750 ||| Stepping ~*~*~tactically~*~*~ (hiding).
  4756 | D:7      | 4756 ||| Stepping ~*~*~tactically~*~*~ (hiding).
  4764 | D:7      | 4764 ||| INVOKING Heroism.
  4768 | D:7      | 4768 ||| Stepping ~*~*~tactically~*~*~ (hiding).
  4768 | D:7      | Noticed a hornet
  4777 | D:7      | Reached skill level 3 in Invocations
  4874 | D:7      | Reached XP level 10. HP: 55/59 MP: 12/12
  4912 | D:7      | Found a sparkling altar of Nemelex Xobeh.
  4929 | D:7      | Found a broken altar of Ashenzari.
  4964 | D:7      | Found a transporter.
  4964 | D:7      | Found a transporter.
  4983 | D:7      | Noticed qw's ghost (novice GrFi)
  5000 | D:7      | 5000 ||| Stepping ~*~*~tactically~*~*~ (stealth).
  5002 | D:7      | 5002 ||| Stepping ~*~*~tactically~*~*~ (hiding).
  5006 | D:7      | 5006 ||| INVOKING Heroism.
  5134 | D:7      | 5134 ||| Stepping ~*~*~tactically~*~*~ (hiding).
  5135 | D:7      | 5135 ||| Stepping ~*~*~tactically~*~*~ (hiding).
  5136 | D:7      | 5136 ||| INVOKING Heroism.
  5142 | D:7      | 5142 ||| Stepping ~*~*~tactically~*~*~ (hiding).
  5196 | D:7      | 5196 ||| INVOKING Heroism.
  5208 | D:7      | Reached ** piety under Okawaru
  5246 | D:7      | 5246 ||| DROPPING +0 flail.
  5290 | D:7      | Found a transporter.
  5327 | D:7      | Found a transporter.
  5327 | D:7      | Found an ancient bone altar of Kikubaaqudgha.
  5329 | D:7      | Found the +7 lajatang of Order {silver, rMut}
  5331 | D:7      | Noticed Menkaure
  5337 | D:7      | Found a basalt altar of Yredelemnul.
  5410 | D:7      | 5410 ||| Stepping ~*~*~tactically~*~*~ (stealth).
  5412 | D:7      | 5412 ||| INVOKING Heroism.
  5413 | D:7      | 5413 ||| Stepping ~*~*~tactically~*~*~ (stealth).
  5431 | D:7      | 5431 ||| READING scroll labelled YGRAIH SYVOSAX.
  5432 | D:7      | 5432 ||| READING scroll labelled UCKIOF EDWIX.
  5530 | D:7      | 5530 ||| INVOKING Heroism.
  5550 | D:7      | Noticed a purple ugly thing
  5555 | D:7      | Noticed a brown ugly thing
  5556 | D:7      | 5556 ||| Stepping ~*~*~tactically~*~*~ (stealth).
  5557 | D:7      | 5557 ||| INVOKING Heroism.
  5565 | D:7      | Killed a purple ugly thing
  5575 | D:7      | Killed a brown ugly thing
  5579 | D:7      | Reached *** piety under Okawaru
  5594 | D:7      | 5594 ||| INVOKING Heroism.
  5595 | D:7      | Identified the +7 dagger of Responsibility {flame, Will+
                  | Int+6 Stlth+}
  5597 | D:7      | Noticed a boulder beetle
  5600 | D:7      | Reached skill level 9 in Shields
  5603 | D:7      | Identified the +9 rapier "Embalmer" {vorpal, rElec rF+
                  | Str+3}
  5603 | D:7      | Identified the +3 scale mail of Scuffed Liberty {rN++}
  5612 | D:7      | 5612 ||| INVOKING Heroism.
  5617 | D:7      | Noticed a gargoyle
  5623 | D:7      | Killed a boulder beetle
  5631 | D:7      | Killed a gargoyle
  5631 | D:7      | Reached **** piety under Okawaru
  5632 | D:7      | Reached XP level 11. HP: 63/63 MP: 14/14
  5649 | D:7      | 5649 ||| Stepping ~*~*~tactically~*~*~ (stealth).
  5651 | D:7      | 5651 ||| Stepping ~*~*~tactically~*~*~ (stealth).
  5653 | D:7      | 5653 ||| Stepping ~*~*~tactically~*~*~ (stealth).
  5655 | D:7      | 5655 ||| Stepping ~*~*~tactically~*~*~ (stealth).
  5657 | D:7      | 5657 ||| Stepping ~*~*~tactically~*~*~ (stealth).
  5659 | D:7      | 5659 ||| Stepping ~*~*~tactically~*~*~ (stealth).
  5661 | D:7      | 5661 ||| Stepping ~*~*~tactically~*~*~ (stealth).
  5663 | D:7      | 5663 ||| Stepping ~*~*~tactically~*~*~ (stealth).
  5665 | D:7      | 5665 ||| Stepping ~*~*~tactically~*~*~ (stealth).
  5667 | D:7      | 5667 ||| Stepping ~*~*~tactically~*~*~ (stealth).
  5669 | D:7      | 5669 ||| Stepping ~*~*~tactically~*~*~ (stealth).
  5670 | D:7      | 5670 ||| Stepping ~*~*~tactically~*~*~ (stealth).
  5671 | D:7      | 5671 ||| Stepping ~*~*~tactically~*~*~ (stealth).
  5685 | D:7      | 5685 ||| INVOKING Heroism.
  5908 | D:7      | 5908 ||| READING scroll labelled ZOHONE UPLATOEM.
  5949 | D:7      | 5949 ||| READING 2 scrolls of identify.
  5949 | D:7      | 5949 ||| IDENTIFYING inky potion
  5998 | D:8      | 5998 ||| PLANNING OSSUARY
  6473 | D:8      | 6473 ||| Stepping ~*~*~tactically~*~*~ (hiding).
  6654 | D:8      | Found a sand-covered staircase.
  6657 | D:8      | 6657 ||| READING 2 scrolls of identify.
  6657 | D:8      | 6657 ||| IDENTIFYING grey potion
  6658 | D:8      | 6658 ||| DROPPING potion of berserk rage.
  6662 | Ossuary  | Entered an ossuary
  6697 | Ossuary  | 6697 ||| READING scroll of enchant weapon.
  6697 | Ossuary  | 6697 ||| ENCHANTING +1 war axe of venom.
  6700 | Ossuary  | 6700 ||| READING scroll of brand weapon.
  6700 | Ossuary  | 6700 ||| BRANDING +2 war axe of venom.
  6889 | Ossuary  | 6889 ||| READING scroll of brand weapon.
  6889 | Ossuary  | 6889 ||| BRANDING +2 vorpal war axe.
  6890 | Ossuary  | 6890 ||| DROPPING +2 morningstar.
  6917 | Ossuary  | 6917 ||| READING scroll of enchant armour.
  6917 | Ossuary  | 6917 ||| ENCHANTING +1 helmet.
  6922 | Ossuary  | 6922 ||| DRINKING potion of experience.
  6922 | Ossuary  | Reached XP level 12. HP: 68/68 MP: 15/15
  6953 | Ossuary  | 6953 ||| READING scroll labelled RAOCET FAFU.
  6954 | Ossuary  | 6954 ||| DRINKING 2 bubbling ruby potions.
  6955 | Ossuary  | 6955 ||| DROPPING potion of brilliance.
  6973 | D:8      | 6973 ||| PLANNING D:1-11
  6989 | D:8      | 6989 ||| Stepping ~*~*~tactically~*~*~ (stealth).
  6991 | D:8      | 6991 ||| INVOKING Heroism.
  6995 | D:8      | 6995 ||| Stepping ~*~*~tactically~*~*~ (hiding).
  6998 | D:8      | 6998 ||| DRINKING potion of curing.
  6998 | D:8      | 6998 ||| (to cure confusion)
  7501 | D:8      | 7501 ||| READING 2 scrolls of identify.
  7501 | D:8      | 7501 ||| IDENTIFYING glowing amethyst potion
  7578 | D:9      | 7578 ||| Stepping ~*~*~tactically~*~*~ (stealth).
  7579 | D:9      | 7579 ||| Stepping ~*~*~tactically~*~*~ (stealth).
  7581 | D:9      | 7581 ||| INVOKING Heroism.
  7608 | D:9      | Found a snail-covered altar of Cheibriados.
  7611 | D:9      | Found a shimmering blue altar of Sif Muna.
  7751 | D:9      | Found an ornate altar of the Wu Jian Council.
  7757 | D:9      | 7757 ||| INVOKING Heroism.
  7863 | D:9      | 7863 ||| Stepping ~*~*~tactically~*~*~ (stealth).
  7869 | D:9      | 7869 ||| Stepping ~*~*~tactically~*~*~ (stealth).
  7975 | D:9      | Found a flagged portal.
  8008 | D:9      | 8008 ||| Stepping ~*~*~tactically~*~*~ (cloud).
  8009 | D:9      | 8009 ||| Stepping ~*~*~tactically~*~*~ (cloud).
  8010 | D:9      | 8010 ||| Stepping ~*~*~tactically~*~*~ (cloud).
  8012 | D:9      | 8012 ||| INVOKING Heroism.
  8013 | D:9      | 8013 ||| Stepping ~*~*~tactically~*~*~ (cloud).
  8019 | D:9      | 8019 ||| Stepping ~*~*~tactically~*~*~ (cloud).
  8020 | D:9      | 8020 ||| Stepping ~*~*~tactically~*~*~ (cloud).
  8190 | D:9      | Noticed an angel
  8191 | D:9      | Found a glowing silver altar of Zin.
  8256 | D:9      | 8256 ||| INVOKING Heroism.
  8257 | D:9      | Noticed Prince Ribbit
  8259 | D:9      | 8259 ||| STAIRDANCE
  8270 | D:8      | 8270 ||| READING 3 scrolls labelled WIESSU HANNOAJ.
  8271 | D:8      | 8271 ||| DROPPING 2 scrolls of poison.
  8274 | D:9      | 8274 ||| STAIRDANCE
  8283 | D:9      | 8283 ||| STAIRDANCE
  8288 | D:9      | 8288 ||| STAIRDANCE
  8296 | D:9      | Killed Prince Ribbit
  8407 | D:9      | Identified the ring "Neinue Himo" {Ice rCorr Dex+3 Slay+2}
  8521 | D:9      | 8521 ||| UPGRADING to ring "Neinue Himo" {Ice rCorr Dex+3
                  | Slay+2}.
  8555 | D:10     | Entered Level 10 of the Dungeon
  8637 | D:10     | Noticed Psyche
  8638 | D:10     | 8638 ||| INVOKING Heroism.
  8646 | D:10     | Killed Psyche
  8647 | D:10     | Reached skill level 6 in Fighting
  8669 | D:10     | Found a staircase to the Lair.
  8732 | D:10     | 8732 ||| Stepping ~*~*~tactically~*~*~ (hiding).
  8739 | D:10     | 8739 ||| INVOKING Heroism.
  8744 | D:10     | Noticed Harold
  8755 | D:10     | Noticed Grum
  8761 | D:10     | Killed Harold
  8773 | D:10     | 8773 ||| INVOKING Heroism.
  8775 | D:10     | Killed Grum
  8866 | D:10     | You fall into a shaft and drop 1 floor!
  8895 | D:11     | Noticed a two-headed ogre
  8907 | D:11     | Killed a two-headed ogre
  8946 | D:11     | 8946 ||| Stepping ~*~*~tactically~*~*~ (hiding).
  8948 | D:11     | 8948 ||| INVOKING Heroism.
  9129 | D:11     | 9129 ||| READING 2 scrolls of identify.
  9129 | D:11     | 9129 ||| IDENTIFYING fuming purple potion
  9208 | D:10     | 9208 ||| Stepping ~*~*~tactically~*~*~ (stealth).
  9214 | D:10     | 9214 ||| Stepping ~*~*~tactically~*~*~ (stealth).
  9247 | D:10     | 9247 ||| Stepping ~*~*~tactically~*~*~ (stealth).
  9255 | D:10     | Found a staircase to the Orcish Mines.
  9256 | D:10     | 9256 ||| INVOKING Heroism.
  9264 | D:10     | 9264 ||| Stepping ~*~*~tactically~*~*~ (stealth).
  9272 | D:10     | 9272 ||| Stepping ~*~*~tactically~*~*~ (stealth).
  9273 | D:10     | 9273 ||| INVOKING Heroism.
  9297 | D:10     | 9297 ||| Stepping ~*~*~tactically~*~*~ (stealth).
  9307 | D:10     | 9307 ||| Stepping ~*~*~tactically~*~*~ (stealth).
  9316 | D:10     | 9316 ||| FLEEEEING.
  9335 | D:10     | 9335 ||| Stepping ~*~*~tactically~*~*~ (stealth).
  9336 | D:10     | 9336 ||| Stepping ~*~*~tactically~*~*~ (stealth).
  9570 | D:10     | 9570 ||| Stepping ~*~*~tactically~*~*~ (stealth).
  9574 | D:10     | Reached skill level 6 in Invocations
  9575 | D:10     | 9575 ||| INVOKING Heroism.
  9578 | D:10     | 9578 ||| Stepping ~*~*~tactically~*~*~ (stealth).
  9582 | D:10     | 9582 ||| Stepping ~*~*~tactically~*~*~ (stealth).
  9590 | D:10     | Reached skill level 12 in Shields
  9713 | D:10     | 9713 ||| Stepping ~*~*~tactically~*~*~ (hiding).
  9717 | D:10     | 9717 ||| INVOKING Heroism.
  9718 | D:10     | 9718 ||| Stepping ~*~*~tactically~*~*~ (cloud).
  9925 | D:10     | 9925 ||| PLANNING LAIR
  9925 | D:10     | 9925 ||| DROPPING +2 hat.
  9926 | D:10     | 9926 ||| READING scroll labelled DEZXOH JEGEFO.
  9974 | Lair:1   | Entered Level 1 of the Lair of Beasts
  9975 | Lair:1   | 9975 ||| INVOKING Heroism.
  9976 | Lair:1   | 9976 ||| Stepping ~*~*~tactically~*~*~ (stealth).
  9977 | Lair:1   | 9977 ||| Stepping ~*~*~tactically~*~*~ (stealth).
  9980 | Lair:1   | 9980 ||| Stepping ~*~*~tactically~*~*~ (stealth).
  9987 | Lair:1   | 9987 ||| Stepping ~*~*~tactically~*~*~ (stealth).
  9989 | Lair:1   | 9989 ||| Stepping ~*~*~tactically~*~*~ (stealth).
 10015 | Lair:1   | 10015 ||| INVOKING Heroism.
 10090 | Lair:1   | 10090 ||| INVOKING Heroism.
 10141 | Lair:1   | 10141 ||| Stepping ~*~*~tactically~*~*~ (stealth).
 10147 | Lair:1   | 10147 ||| INVOKING Heroism.
 10153 | Lair:1   | Reached XP level 13. HP: 76/76 MP: 15/18
 10332 | Lair:1   | 10332 ||| INVOKING Heroism.
 10410 | Lair:1   | 10410 ||| INVOKING Heroism.
 10507 | Lair:1   | 10507 ||| INVOKING Heroism.
 10550 | Lair:1   | 10550 ||| Stepping ~*~*~tactically~*~*~ (stealth).
 10554 | Lair:1   | 10554 ||| Stepping ~*~*~tactically~*~*~ (stealth).
 10555 | Lair:1   | 10555 ||| Stepping ~*~*~tactically~*~*~ (stealth).
 10556 | Lair:1   | 10556 ||| Stepping ~*~*~tactically~*~*~ (stealth).
 10571 | Lair:1   | 10571 ||| INVOKING Heroism.
 10599 | Lair:1   | 10599 ||| Stepping ~*~*~tactically~*~*~ (stealth).
 10624 | Lair:1   | 10624 ||| Stepping ~*~*~tactically~*~*~ (stealth).
 10625 | Lair:1   | 10625 ||| INVOKING Heroism.
 10739 | Lair:1   | 10739 ||| Stepping ~*~*~tactically~*~*~ (stealth).
 10754 | Lair:1   | 10754 ||| Stepping ~*~*~tactically~*~*~ (stealth).
 10850 | Lair:1   | 10850 ||| Stepping ~*~*~tactically~*~*~ (stealth).
 10852 | Lair:1   | 10852 ||| Stepping ~*~*~tactically~*~*~ (stealth).
 10854 | Lair:1   | 10854 ||| Stepping ~*~*~tactically~*~*~ (stealth).
 10856 | Lair:1   | 10856 ||| Stepping ~*~*~tactically~*~*~ (stealth).
 10858 | Lair:1   | 10858 ||| Stepping ~*~*~tactically~*~*~ (stealth).
 10860 | Lair:1   | 10860 ||| Stepping ~*~*~tactically~*~*~ (stealth).
 10862 | Lair:1   | 10862 ||| Stepping ~*~*~tactically~*~*~ (stealth).
 10864 | Lair:1   | 10864 ||| Stepping ~*~*~tactically~*~*~ (stealth).
 10866 | Lair:1   | 10866 ||| Stepping ~*~*~tactically~*~*~ (stealth).
 10868 | Lair:1   | 10868 ||| Stepping ~*~*~tactically~*~*~ (stealth).
 10870 | Lair:1   | 10870 ||| Stepping ~*~*~tactically~*~*~ (stealth).
 10872 | Lair:1   | 10872 ||| Stepping ~*~*~tactically~*~*~ (stealth).
 10874 | Lair:1   | 10874 ||| Stepping ~*~*~tactically~*~*~ (stealth).
 10876 | Lair:1   | 10876 ||| Stepping ~*~*~tactically~*~*~ (stealth).
 10878 | Lair:1   | 10878 ||| Stepping ~*~*~tactically~*~*~ (stealth).
 10880 | Lair:1   | 10880 ||| Stepping ~*~*~tactically~*~*~ (stealth).
 10882 | Lair:1   | 10882 ||| Stepping ~*~*~tactically~*~*~ (stealth).
 10883 | Lair:1   | 10883 ||| Stepping ~*~*~tactically~*~*~ (stealth).
 11161 | Lair:2   | 11161 ||| PLANNING GAUNTLET
 11246 | Lair:2   | 11246 ||| Stepping ~*~*~tactically~*~*~ (hiding).
 11247 | Lair:2   | 11247 ||| Stepping ~*~*~tactically~*~*~ (hiding).
 11323 | Lair:2   | 11323 ||| INVOKING Heroism.
 11325 | Lair:2   | 11325 ||| Stepping ~*~*~tactically~*~*~ (hiding).
 11339 | Lair:2   | Reached ***** piety under Okawaru
 11339 | Lair:2   | Received a gift from Okawaru
 11405 | Lair:2   | 11405 ||| FLEEEEING.
 11406 | Lair:2   | 11406 ||| FLEEEEING.
 11407 | Lair:2   | 11407 ||| FLEEEEING.
 11408 | Lair:2   | 11408 ||| FLEEEEING.
 11409 | Lair:2   | 11409 ||| FLEEEEING.
 11410 | Lair:2   | 11410 ||| INVOKING Heroism.
 11415 | Lair:2   | Reached skill level 9 in Invocations
 11584 | Lair:2   | 11584 ||| Stepping ~*~*~tactically~*~*~ (stealth).
 11589 | Lair:2   | 11589 ||| Stepping ~*~*~tactically~*~*~ (stealth).
 11638 | Lair:2   | 11638 ||| INVOKING Heroism.
 11678 | Lair:2   | Found a gate leading to a gauntlet.
 11687 | Gauntlet | Entered a Gauntlet
 11687 | Gauntlet | Found a transporter.
 11695 | Gauntlet | Found a transporter.
 11696 | Gauntlet | Found a transporter.
 11709 | Gauntlet | Found a transporter.
 11710 | Gauntlet | Found a transporter.
 11720 | Gauntlet | Found a transporter.
 11738 | Gauntlet | Found a transporter.
 11749 | Gauntlet | Found a transporter.
 11760 | Gauntlet | Found a transporter.
 11772 | Gauntlet | Found a transporter.
 11774 | Gauntlet | Found a transporter.
 11790 | Gauntlet | Found a transporter.
 11800 | Gauntlet | Found a transporter.
 11842 | Gauntlet | Found a transporter.
 11897 | Gauntlet | 11897 ||| DROPPING ring of wizardry.
 11912 | Gauntlet | 11912 ||| INVOKING Heroism.
 11913 | Gauntlet | 11913 ||| INVOKING Finesse.
 11964 | Gauntlet | 11964 ||| UPGRADING to amulet of regeneration.
 11979 | Gauntlet | 11979 ||| Stepping randomly (stuck).
 12004 | Gauntlet | 12004 ||| DROPPING +0 cloak of preservation.
 12015 | Gauntlet | Identified the ring "Uwaa" {rF+ rCorr Dex+5}
 12015 | Gauntlet | Noticed a minotaur
 12016 | Gauntlet | 12016 ||| INVOKING Heroism.
 12017 | Gauntlet | 12017 ||| INVOKING Finesse.
 12044 | Gauntlet | Killed a minotaur
 12093 | Gauntlet | Identified the +1 scale mail "Ugeum" {rPois}
 12122 | Gauntlet | 12122 ||| DROPPING +0 pair of gloves of stealth.
 12123 | Gauntlet | 12123 ||| DROPPING ring of positive energy.
 12124 | Gauntlet | 12124 ||| DROPPING ring of resist corrosion.
 12125 | Gauntlet | 12125 ||| UPGRADING to ring "Uwaa" {rF+ rCorr Dex+5}.
 12138 | Lair:2   | 12138 ||| PLANNING LAIR
 12166 | Lair:2   | Found a hole to the Spider Nest.
 12198 | Lair:2   | 12198 ||| INVOKING Heroism.
 12237 | Lair:2   | 12237 ||| INVOKING Heroism.
 12608 | Lair:2   | Found a staircase to the Swamp.
 12610 | Lair:2   | 12610 ||| Stepping ~*~*~tactically~*~*~ (water).
 12704 | Lair:3   | 12704 ||| INVOKING Heroism.
 12705 | Lair:3   | 12705 ||| STAIRDANCE
 12721 | Lair:3   | Reached skill level 3 in Throwing
 12809 | Lair:3   | 12809 ||| INVOKING Heroism.
 12810 | Lair:3   | 12810 ||| INVOKING Finesse.
 12889 | Lair:3   | 12889 ||| Stepping ~*~*~tactically~*~*~ (stealth).
 12892 | Lair:3   | 12892 ||| INVOKING Heroism.
 13063 | Lair:3   | 13063 ||| Stepping ~*~*~tactically~*~*~ (stealth).
 13064 | Lair:3   | 13064 ||| INVOKING Heroism.
 13455 | Lair:3   | 13455 ||| DROPPING +0 pair of gloves of stealth.
 13508 | Lair:4   | 13508 ||| INVOKING Heroism.
 13628 | Lair:4   | 13628 ||| Stepping ~*~*~tactically~*~*~ (stealth).
 13630 | Lair:4   | 13630 ||| INVOKING Heroism.
 13698 | Lair:4   | Found a runed translucent door.
 13698 | Lair:4   | Noticed qw's ghost (journeyman GrFi)
 13984 | Lair:4   | Noticed Urug
 13985 | Lair:4   | 13985 ||| INVOKING Heroism.
 13986 | Lair:4   | 13986 ||| INVOKING Finesse.
 13998 | Lair:4   | Killed Urug
 13999 | Lair:4   | Reached skill level 9 in Fighting
 13999 | Lair:4   | Gained mutation: Your large and strong wings let you fly.
                  | [Gargoyle growth]
 13999 | Lair:4   | Reached XP level 14. HP: 86/86 MP: 14/21
 14377 | Lair:4   | 14377 ||| INVOKING Heroism.
 14378 | Lair:4   | 14378 ||| INVOKING Finesse.
 14503 | Lair:5   | Entered Level 5 of the Lair of Beasts
 14505 | Lair:5   | 14505 ||| INVOKING Heroism.
 14591 | Lair:5   | 14591 ||| Stepping ~*~*~tactically~*~*~ (stealth).
 14593 | Lair:5   | 14593 ||| Stepping ~*~*~tactically~*~*~ (stealth).
 14598 | Lair:5   | 14598 ||| Stepping ~*~*~tactically~*~*~ (stealth).
 14621 | Lair:5   | Found a staircase to the Slime Pits.
 14625 | Lair:5   | 14625 ||| Stepping ~*~*~tactically~*~*~ (stealth).
 14686 | Lair:5   | 14686 ||| INVOKING Heroism.
 14781 | Lair:5   | 14781 ||| INVOKING Heroism.
 14782 | Lair:5   | 14782 ||| INVOKING Finesse.
 14788 | Lair:5   | 14788 ||| Stepping ~*~*~tactically~*~*~ (stealth).
 14789 | Lair:5   | 14789 ||| Stepping ~*~*~tactically~*~*~ (stealth).
 14791 | Lair:5   | 14791 ||| Stepping ~*~*~tactically~*~*~ (stealth).
 14798 | Lair:5   | Identified the +0 acid dragon scales of Boutet {Harm Regen+
                  | rCorr Slay+6 Stlth-} (Okawaru gifted it to you on level 5
                  | of the Lair of Beasts)
 14798 | Lair:5   | Received a gift from Okawaru
 14854 | Lair:5   | 14854 ||| INVOKING Heroism.
 14855 | Lair:5   | 14855 ||| INVOKING Finesse.
 14912 | Lair:5   | 14912 ||| Stepping ~*~*~tactically~*~*~ (stealth).
 14916 | Lair:5   | 14916 ||| INVOKING Heroism.
 14984 | Lair:5   | 14984 ||| Stepping ~*~*~tactically~*~*~ (stealth).
 15066 | Lair:5   | Reached skill level 3 in Dodging
 15108 | Lair:5   | 15108 ||| INVOKING Heroism.
 15221 | Lair:5   | 15221 ||| INVOKING Heroism.
 15222 | Lair:5   | 15222 ||| INVOKING Finesse.
 15223 | Lair:5   | 15223 ||| INVOKING Finesse.
 15237 | Lair:5   | Reached skill level 15 in Shields
 15450 | Lair:5   | 15450 ||| READING scroll of enchant armour.
 15450 | Lair:5   | 15450 ||| ENCHANTING +1 pair of boots.
 15918 | Lair:5   | 15918 ||| PLANNING D:1-11
 15918 | Lair:5   | 15918 ||| DROPPING +1 helmet.
 16055 | D:11     | Noticed Nergalle
 16056 | D:11     | 16056 ||| STAIRDANCE
 16082 | D:11     | 16082 ||| STAIRDANCE
 16088 | D:10     | 16088 ||| INVOKING Heroism.
 16090 | D:10     | Killed Nergalle
 16115 | D:11     | 16115 ||| READING 2 scrolls of brand weapon.
 16115 | D:11     | 16115 ||| BRANDING +2 war axe of flaming.
 16116 | D:11     | 16116 ||| READING scroll of brand weapon.
 16116 | D:11     | 16116 ||| BRANDING +2 vorpal war axe.
 16189 | D:11     | 16189 ||| INVOKING Heroism.
 16190 | D:11     | 16190 ||| INVOKING Finesse.
 16350 | D:11     | 16350 ||| Stepping ~*~*~tactically~*~*~ (stealth).
 16353 | D:11     | 16353 ||| Stepping ~*~*~tactically~*~*~ (hiding).
 16442 | D:11     | 16442 ||| Stepping ~*~*~tactically~*~*~ (stealth).
 16450 | D:11     | Received a gift from Okawaru
 16454 | D:11     | 16454 ||| SWAPPING to +3 broad axe of flaming.
 16455 | D:11     | 16455 ||| DROPPING +2 flail of protection.
 16456 | D:11     | 16456 ||| DROPPING +2 war axe of electrocution.
 16542 | D:11     | 16542 ||| FLEEEEING.
 16543 | D:11     | 16543 ||| FLEEEEING.
 16544 | D:11     | 16544 ||| FLEEEEING.
 16545 | D:11     | 16545 ||| FLEEEEING.
 16546 | D:11     | 16546 ||| FLEEEEING.
 16547 | D:11     | 16547 ||| FLEEEEING.
 16548 | D:11     | 16548 ||| FLEEEEING.
 16549 | D:11     | 16549 ||| FLEEEEING.
 16550 | D:11     | 16550 ||| FLEEEEING.
 16551 | D:11     | 16551 ||| FLEEEEING.
 16552 | D:11     | 16552 ||| FLEEEEING.
 16553 | D:11     | 16553 ||| FLEEEEING.
 16554 | D:11     | 16554 ||| FLEEEEING.
 16555 | D:11     | 16555 ||| FLEEEEING.
 16556 | D:11     | 16556 ||| FLEEEEING.
 16557 | D:11     | 16557 ||| FLEEEEING.
 16558 | D:11     | 16558 ||| FLEEEEING.
 16559 | D:11     | 16559 ||| FLEEEEING.
 16560 | D:11     | 16560 ||| FLEEEEING.
 16561 | D:11     | 16561 ||| FLEEEEING.
 16562 | D:11     | 16562 ||| FLEEEEING.
 16563 | D:11     | 16563 ||| FLEEEEING.
 16564 | D:11     | 16564 ||| FLEEEEING.
 16565 | D:11     | 16565 ||| FLEEEEING.
 16566 | D:11     | 16566 ||| FLEEEEING.
 16567 | D:11     | 16567 ||| FLEEEEING.
 16568 | D:11     | 16568 ||| FLEEEEING.
 16572 | D:11     | 16572 ||| INVOKING Heroism.
 16596 | D:11     | Found a runed translucent door.
 16814 | D:11     | Identified the +7 sling "Tegamune" {freeze, rN++ rCorr
                  | Str-3}
 16840 | D:11     | Found a runed translucent door.
 16845 | D:11     | Identified the +1 chain mail of Happiness {Rampage +Blink
                  | rF+}
 16960 | D:11     | 16960 ||| PLANNING D
 16974 | D:12     | Noticed Kirke
 16975 | D:12     | 16975 ||| INVOKING Heroism.
 16976 | D:12     | 16976 ||| STAIRDANCE
 17013 | D:12     | 17013 ||| STAIRDANCE
 17015 | D:11     | 17015 ||| INVOKING Finesse.
 17016 | D:11     | 17016 ||| DRINKING 3 potions of cancellation.
 17027 | D:11     | Killed Kirke
 17028 | D:11     | Reached XP level 15. HP: 92/92 MP: 17/22
 17081 | D:12     | 17081 ||| INVOKING Heroism.
 17082 | D:12     | 17082 ||| STAIRDANCE
 17118 | D:12     | 17118 ||| STAIRDANCE
 17306 | D:12     | 17306 ||| Stepping ~*~*~tactically~*~*~ (stealth).
 17365 | D:12     | 17365 ||| READING 2 scrolls of enchant weapon.
 17365 | D:12     | 17365 ||| ENCHANTING +3 broad axe of flaming.
 17366 | D:12     | 17366 ||| READING scroll of enchant weapon.
 17366 | D:12     | 17366 ||| ENCHANTING +4 broad axe of flaming.
 17866 | D:12     | 17866 ||| DROPPING amulet of faith.
 17867 | D:12     | 17867 ||| DROPPING ring of ice.
 17948 | D:13     | 17948 ||| INVOKING Heroism.
 17965 | D:13     | 17965 ||| READING scroll of brand weapon.
 17965 | D:13     | 17965 ||| BRANDING +5 broad axe of flaming.
 18133 | D:13     | 18133 ||| Stepping ~*~*~tactically~*~*~ (hiding).
 18135 | D:13     | 18135 ||| Stepping ~*~*~tactically~*~*~ (hiding).
 18291 | D:13     | 18291 ||| Stepping ~*~*~tactically~*~*~ (hiding).
 18293 | D:13     | 18293 ||| Stepping ~*~*~tactically~*~*~ (hiding).
 18480 | D:13     | 18480 ||| READING scroll of enchant armour.
 18480 | D:13     | 18480 ||| ENCHANTING +0 cloak.
 18559 | D:13     | 18559 ||| FLEEEEING.
 18560 | D:13     | 18560 ||| FLEEEEING.
 18568 | D:13     | 18568 ||| FLEEEEING.
 18711 | D:13     | 18711 ||| INVOKING Heroism.
 18985 | D:13     | Identified the +7 ring mail of Zutt {rC- MP+9 Int+6}
 19191 | D:14     | 19191 ||| Stepping ~*~*~tactically~*~*~ (hiding).
 19192 | D:14     | 19192 ||| Stepping ~*~*~tactically~*~*~ (hiding).
 19308 | D:14     | Found a gate to the Vaults.
 19309 | D:14     | 19309 ||| Stepping ~*~*~tactically~*~*~ (stealth).
 19311 | D:14     | 19311 ||| Stepping ~*~*~tactically~*~*~ (stealth).
 19313 | D:14     | 19313 ||| INVOKING Heroism.
 19314 | D:14     | 19314 ||| Stepping ~*~*~tactically~*~*~ (stealth).
 19383 | D:14     | 19383 ||| Stepping ~*~*~tactically~*~*~ (stealth).
 19445 | D:14     | 19445 ||| INVOKING Heroism.
 19457 | D:14     | Received a gift from Okawaru
 19479 | D:14     | 19479 ||| Stepping ~*~*~tactically~*~*~ (stealth).
 19481 | D:14     | 19481 ||| Stepping ~*~*~tactically~*~*~ (stealth).
 19483 | D:14     | 19483 ||| Stepping ~*~*~tactically~*~*~ (stealth).
 19490 | D:14     | 19490 ||| INVOKING Heroism.
 19540 | D:14     | 19540 ||| Stepping ~*~*~tactically~*~*~ (stealth).
 19580 | D:14     | Found a frozen archway.
 19581 | D:14     | 19581 ||| INVOKING Heroism.
 19582 | D:14     | 19582 ||| INVOKING Finesse.
 19586 | D:14     | 19586 ||| Stepping randomly (cloudy).
 19587 | D:14     | 19587 ||| Stepping ~*~*~tactically~*~*~ (cloud).
 19596 | D:14     | 19596 ||| Stepping ~*~*~tactically~*~*~ (cloud).
 19615 | D:14     | Received a gift from Okawaru
 19704 | D:14     | 19704 ||| Stepping ~*~*~tactically~*~*~ (stealth).
 19705 | D:14     | 19705 ||| Stepping ~*~*~tactically~*~*~ (stealth).
 19706 | D:14     | 19706 ||| Stepping ~*~*~tactically~*~*~ (stealth).
 19709 | D:14     | 19709 ||| INVOKING Heroism.
 19716 | D:14     | Reached skill level 6 in Throwing
 19717 | D:14     | 19717 ||| Stepping ~*~*~tactically~*~*~ (hiding).
 19744 | D:14     | 19744 ||| Stepping ~*~*~tactically~*~*~ (stealth).
 19778 | D:14     | 19778 ||| DROPPING +0 whip.
 19929 | D:14     | 19929 ||| Stepping ~*~*~tactically~*~*~ (stealth).
 19938 | D:14     | 19938 ||| Stepping ~*~*~tactically~*~*~ (hiding).
 19968 | D:15     | Entered Level 15 of the Dungeon
 19969 | D:15     | 19969 ||| INVOKING Heroism.
 20003 | D:15     | 20003 ||| Stepping ~*~*~tactically~*~*~ (stealth).
 20004 | D:15     | 20004 ||| Stepping ~*~*~tactically~*~*~ (stealth).
 20005 | D:15     | 20005 ||| INVOKING Heroism.
 20006 | D:15     | 20006 ||| INVOKING Finesse.
 20175 | D:15     | 20175 ||| Stepping ~*~*~tactically~*~*~ (stealth).
 20176 | D:15     | 20176 ||| INVOKING Heroism.
 20200 | D:15     | 20200 ||| Stepping ~*~*~tactically~*~*~ (stealth).
 20205 | D:15     | Reached skill level 15 in Axes
 20254 | D:15     | 20254 ||| Stepping ~*~*~tactically~*~*~ (hiding).
 20321 | D:15     | Received a gift from Okawaru
 20335 | D:15     | 20335 ||| DROPPING +2 war axe of freezing.
 20385 | D:15     | 20385 ||| Stepping ~*~*~tactically~*~*~ (hiding).
 20472 | D:15     | 20472 ||| INVOKING Heroism.
 20490 | D:15     | HP: 24/96 [skeletal warrior/+0 scimitar[a death knight]
                  | (7)]
 20491 | D:15     | 20491 ||| READING 9 scrolls of teleportation.
 20580 | D:15     | 20580 ||| INVOKING Heroism.
 20598 | D:15     | Reached skill level 12 in Fighting
 20716 | D:15     | 20716 ||| Stepping ~*~*~tactically~*~*~ (hiding).
 20753 | D:15     | 20753 ||| FLEEEEING.
 20796 | D:15     | 20796 ||| Stepping ~*~*~tactically~*~*~ (hiding).
 20804 | D:15     | 20804 ||| INVOKING Heroism.
 20812 | D:15     | Reached XP level 16. HP: 101/101 MP: 21/23
 20817 | D:15     | 20817 ||| Stepping ~*~*~tactically~*~*~ (stealth).
 20820 | D:15     | 20820 ||| READING 8 scrolls of teleportation.
 21041 | D:15     | 21041 ||| Stepping ~*~*~tactically~*~*~ (stealth).
 21042 | D:15     | 21042 ||| INVOKING Heroism.
 21101 | D:15     | Found a staircase to the Depths.
 21106 | D:15     | 21106 ||| PLANNING ORC
 21106 | D:15     | 21106 ||| DROPPING +1 pair of boots.
 21236 | Orc:1    | Entered Level 1 of the Orcish Mines
 21238 | Orc:1    | 21238 ||| INVOKING Heroism.
 21240 | Orc:1    | 21240 ||| Stepping ~*~*~tactically~*~*~ (hiding).
 21265 | Orc:1    | 21265 ||| Stepping ~*~*~tactically~*~*~ (hiding).
 21267 | Orc:1    | 21267 ||| Stepping ~*~*~tactically~*~*~ (hiding).
 21280 | Orc:1    | 21280 ||| Stepping ~*~*~tactically~*~*~ (hiding).
 21283 | Orc:1    | 21283 ||| INVOKING Heroism.
 21294 | Orc:1    | Paralysed by an orc sorcerer for 3 turns
 21430 | Orc:2    | Entered Level 2 of the Orcish Mines
 21453 | Orc:2    | 21453 ||| INVOKING Heroism.
 21474 | Orc:2    | Reached skill level 12 in Armour
 21519 | Orc:2    | 21519 ||| INVOKING Heroism.
 21528 | Orc:2    | Identified the +1 hat of the Morning Star {SInv Stlth+}
                  | (Okawaru gifted it to you on level 2 of the Orcish Mines)
 21528 | Orc:2    | Received a gift from Okawaru
 21535 | Orc:2    | 21535 ||| Stepping ~*~*~tactically~*~*~ (stealth).
 21537 | Orc:2    | 21537 ||| Stepping ~*~*~tactically~*~*~ (stealth).
 21538 | Orc:2    | 21538 ||| Stepping ~*~*~tactically~*~*~ (stealth).
 21539 | Orc:2    | 21539 ||| Stepping ~*~*~tactically~*~*~ (stealth).
 21585 | Orc:2    | 21585 ||| Stepping ~*~*~tactically~*~*~ (stealth).
 21586 | Orc:2    | 21586 ||| Stepping ~*~*~tactically~*~*~ (stealth).
 21587 | Orc:2    | 21587 ||| Stepping ~*~*~tactically~*~*~ (stealth).
 21589 | Orc:2    | 21589 ||| Stepping ~*~*~tactically~*~*~ (stealth).
 21591 | Orc:2    | 21591 ||| Stepping ~*~*~tactically~*~*~ (stealth).
 21634 | Orc:2    | 21634 ||| Stepping ~*~*~tactically~*~*~ (stealth).
 21661 | Orc:2    | 21661 ||| Stepping ~*~*~tactically~*~*~ (stealth).
 21672 | Orc:2    | 21672 ||| Stepping ~*~*~tactically~*~*~ (stealth).
 21673 | Orc:2    | 21673 ||| INVOKING Heroism.
 21726 | Orc:2    | 21726 ||| Stepping ~*~*~tactically~*~*~ (hiding).
 21729 | Orc:2    | 21729 ||| INVOKING Finesse.
 21736 | Orc:2    | 21736 ||| INVOKING Heroism.
 21797 | Orc:2    | 21797 ||| Stepping ~*~*~tactically~*~*~ (hiding).
 21836 | Orc:2    | 21836 ||| Stepping ~*~*~tactically~*~*~ (stealth).
 21844 | Orc:2    | 21844 ||| Stepping ~*~*~tactically~*~*~ (hiding).
 21871 | Orc:2    | Found a staircase to the Elven Halls.
 21880 | Orc:2    | 21880 ||| Stepping ~*~*~tactically~*~*~ (stealth).
 21882 | Orc:2    | 21882 ||| INVOKING Heroism.
 21911 | Orc:2    | 21911 ||| Stepping ~*~*~tactically~*~*~ (stealth).
 21913 | Orc:2    | 21913 ||| INVOKING Heroism.
 21919 | Orc:2    | 21919 ||| Stepping ~*~*~tactically~*~*~ (hiding).
 21962 | Orc:2    | 21962 ||| Stepping ~*~*~tactically~*~*~ (stealth).
 21964 | Orc:2    | 21964 ||| INVOKING Heroism.
 21965 | Orc:2    | 21965 ||| Stepping ~*~*~tactically~*~*~ (hiding).
 22114 | Orc:2    | 22114 ||| INVOKING Heroism.
 22206 | Orc:2    | 22206 ||| Stepping ~*~*~tactically~*~*~ (hiding).
 22207 | Orc:2    | 22207 ||| Stepping ~*~*~tactically~*~*~ (hiding).
 22208 | Orc:2    | 22208 ||| Stepping ~*~*~tactically~*~*~ (hiding).
 22323 | Orc:2    | 22323 ||| Stepping ~*~*~tactically~*~*~ (stealth).
 22325 | Orc:2    | 22325 ||| Stepping ~*~*~tactically~*~*~ (stealth).
 22499 | Orc:2    | Found Qekadwo's Armour Emporium.
 22499 | Orc:2    | Found Zukhluth's Jewellery Shop.
 22513 | Orc:2    | 22513 ||| BUYING +0 pair of gloves of Eternity {rC+ Stlth+}
                  | (276 gold).
 22513 | Orc:2    | Bought the +0 pair of gloves of Eternity {rC+ Stlth+} for
                  | 276 gold pieces
 22513 | Orc:2    | 22513 ||| BUYING +4 plate armour of the Iron Devil {Will++}
                  | (832 gold).
 22513 | Orc:2    | Bought the +4 plate armour of the Iron Devil {Will++} for
                  | 832 gold pieces
 22526 | Orc:2    | 22526 ||| BUYING +6 ring of dexterity (504 gold).
 22526 | Orc:2    | Bought a +6 ring of dexterity for 504 gold pieces
 22526 | Orc:2    | 22526 ||| SHOPLISTING +6 ring of strength (504 gold, have
                  | 283).
 22526 | Orc:2    | 22526 ||| SHOPLISTING amulet of reflection (420 gold, have
                  | 283).
 22526 | Orc:2    | 22526 ||| SHOPLISTING ring of fire (350 gold, have 283).
 22526 | Orc:2    | 22526 ||| SHOPLISTING ring of protection from fire (350
                  | gold, have 283).
 22552 | Orc:2    | Found Likiriat's Antique Armour Emporium.
 22552 | Orc:2    | Found Ezosud's Magic Scroll Shop.
 22559 | Orc:2    | 22559 ||| BUYING scroll of enchant weapon (112 gold).
 22559 | Orc:2    | Bought a scroll of enchant weapon for 112 gold pieces
 22559 | Orc:2    | 22559 ||| BUYING scroll of identify (30 gold).
 22559 | Orc:2    | Bought a scroll of identify for 30 gold pieces
 22559 | Orc:2    | 22559 ||| BUYING scroll of identify (30 gold).
 22559 | Orc:2    | Bought a scroll of identify for 30 gold pieces
 22559 | Orc:2    | 22559 ||| BUYING scroll of teleportation (45 gold).
 22559 | Orc:2    | Bought a scroll of teleportation for 45 gold pieces
 22559 | Orc:2    | 22559 ||| BUYING scroll of teleportation (45 gold).
 22559 | Orc:2    | Bought a scroll of teleportation for 45 gold pieces
 22559 | Orc:2    | 22559 ||| READING scroll of enchant weapon.
 22559 | Orc:2    | 22559 ||| ENCHANTING +5 broad axe of venom.
 22569 | Orc:2    | 22569 ||| DROPPING +1 chain mail of Happiness {Rampage
                  | +Blink rF+}.
 22570 | Orc:2    | 22570 ||| UPGRADING to +1 plate armour of cold resistance.
 22580 | Orc:2    | 22580 ||| DROPPING +0 plate armour.
 22581 | Orc:2    | 22581 ||| UPGRADING to +4 plate armour of the Iron Devil
                  | {Will++}.
 22591 | Orc:2    | 22591 ||| UPGRADING to +0 pair of gloves of Eternity {rC+
                  | Stlth+}.
 22644 | Orc:1    | 22644 ||| INVOKING Heroism.
 22827 | Orc:1    | 22827 ||| INVOKING Heroism.
 22834 | Orc:1    | 22834 ||| Stepping ~*~*~tactically~*~*~ (hiding).
 22839 | Orc:1    | 22839 ||| Stepping ~*~*~tactically~*~*~ (stealth).
 22884 | Orc:1    | 22884 ||| Stepping ~*~*~tactically~*~*~ (stealth).
 22923 | Orc:1    | 22923 ||| Stepping ~*~*~tactically~*~*~ (stealth).
 22950 | Orc:1    | 22950 ||| PLANNING SPIDER:1-3
 23105 | Spider:1 | Entered Level 1 of the Spider Nest
 23127 | Spider:1 | 23127 ||| Stepping ~*~*~tactically~*~*~ (hiding).
 23131 | Spider:1 | 23131 ||| INVOKING Finesse.
 23152 | Spider:1 | 23152 ||| Stepping ~*~*~tactically~*~*~ (stealth).
 23164 | Spider:1 | 23164 ||| Stepping ~*~*~tactically~*~*~ (stealth).
 23166 | Spider:1 | 23166 ||| Stepping ~*~*~tactically~*~*~ (stealth).
 23215 | Spider:1 | 23215 ||| Stepping ~*~*~tactically~*~*~ (stealth).
 23223 | Spider:1 | 23223 ||| Stepping ~*~*~tactically~*~*~ (stealth).
 23233 | Spider:1 | 23233 ||| Stepping ~*~*~tactically~*~*~ (stealth).
 23244 | Spider:1 | 23244 ||| INVOKING Finesse.
 23359 | Spider:1 | 23359 ||| Stepping ~*~*~tactically~*~*~ (stealth).
 23370 | Spider:1 | 23370 ||| Stepping ~*~*~tactically~*~*~ (stealth).
 23400 | Spider:1 | 23400 ||| Stepping ~*~*~tactically~*~*~ (stealth).
 23438 | Spider:1 | 23438 ||| Stepping ~*~*~tactically~*~*~ (hiding).
 23439 | Spider:1 | 23439 ||| Stepping ~*~*~tactically~*~*~ (hiding).
 23448 | Spider:1 | 23448 ||| INVOKING Finesse.
 23449 | Spider:1 | 23449 ||| INVOKING Heroism.
 23467 | Spider:1 | 23467 ||| READING 9 scrolls of teleportation.
 23511 | Spider:1 | 23511 ||| Stepping ~*~*~tactically~*~*~ (hiding).
 23513 | Spider:1 | 23513 ||| Stepping ~*~*~tactically~*~*~ (hiding).
 23516 | Spider:1 | 23516 ||| INVOKING Finesse.
 23600 | Spider:1 | 23600 ||| Stepping ~*~*~tactically~*~*~ (hiding).
 23695 | Spider:1 | 23695 ||| Stepping ~*~*~tactically~*~*~ (stealth).
 23699 | Spider:1 | 23699 ||| INVOKING Heroism.
 23731 | Spider:1 | 23731 ||| Stepping ~*~*~tactically~*~*~ (stealth).
 23814 | Spider:1 | 23814 ||| Stepping ~*~*~tactically~*~*~ (stealth).
 23855 | Spider:1 | 23855 ||| Stepping ~*~*~tactically~*~*~ (stealth).
 23857 | Spider:1 | 23857 ||| Stepping ~*~*~tactically~*~*~ (stealth).
 23861 | Spider:1 | 23861 ||| INVOKING Heroism.
 23875 | Spider:1 | 23875 ||| Stepping ~*~*~tactically~*~*~ (hiding).
 24051 | Spider:1 | 24051 ||| INVOKING Heroism.
 24057 | Spider:1 | 24057 ||| Stepping ~*~*~tactically~*~*~ (stealth).
 24177 | Spider:1 | 24177 ||| Stepping ~*~*~tactically~*~*~ (stealth).
 24178 | Spider:1 | 24178 ||| Stepping ~*~*~tactically~*~*~ (stealth).
 24189 | Spider:1 | Noticed Aizul
 24190 | Spider:1 | 24190 ||| INVOKING Heroism.
 24191 | Spider:1 | 24191 ||| INVOKING Finesse.
 24217 | Spider:1 | Killed Aizul
 24351 | Spider:1 | 24351 ||| Stepping ~*~*~tactically~*~*~ (stealth).
 24387 | Spider:1 | 24387 ||| Stepping ~*~*~tactically~*~*~ (stealth).
 24485 | Spider:1 | 24485 ||| Stepping ~*~*~tactically~*~*~ (hiding).
 24490 | Spider:1 | Received a gift from Okawaru
 24495 | Spider:1 | Reached XP level 17. HP: 82/106 MP: 24/24
 24593 | Spider:1 | 24593 ||| Stepping ~*~*~tactically~*~*~ (hiding).
 24594 | Spider:1 | 24594 ||| INVOKING Finesse.
 24599 | Spider:1 | 24599 ||| READING 9 scrolls of teleportation.
 24633 | Spider:2 | Identified the +2 pair of gloves of Limitation {rElec rC+++
                  | rCorr Stlth-}
 24633 | Spider:2 | Noticed Nikola
 24634 | Spider:2 | 24634 ||| INVOKING Heroism.
 24635 | Spider:2 | 24635 ||| INVOKING Finesse.
 24647 | Spider:2 | Killed Nikola
 24647 | Spider:2 | Received a gift from Okawaru
 24742 | Spider:2 | 24742 ||| Stepping ~*~*~tactically~*~*~ (stealth).
 24773 | Spider:2 | 24773 ||| Stepping ~*~*~tactically~*~*~ (stealth).
 24784 | Spider:2 | 24784 ||| Stepping ~*~*~tactically~*~*~ (stealth).
 24789 | Spider:2 | 24789 ||| Stepping ~*~*~tactically~*~*~ (stealth).
 24791 | Spider:2 | 24791 ||| Stepping ~*~*~tactically~*~*~ (stealth).
 24793 | Spider:2 | 24793 ||| Stepping ~*~*~tactically~*~*~ (stealth).
 24794 | Spider:2 | 24794 ||| INVOKING Heroism.
 24806 | Spider:2 | Received a gift from Okawaru
 24839 | Spider:2 | 24839 ||| Stepping ~*~*~tactically~*~*~ (stealth).
 24840 | Spider:2 | 24840 ||| Stepping ~*~*~tactically~*~*~ (stealth).
 24850 | Spider:2 | 24850 ||| Stepping ~*~*~tactically~*~*~ (stealth).
 24962 | Spider:2 | 24962 ||| DRINKING 11 potions of curing.
 24962 | Spider:2 | 24962 ||| (to cure confusion)
 25044 | Spider:2 | 25044 ||| Stepping ~*~*~tactically~*~*~ (stealth).
 25045 | Spider:2 | 25045 ||| Stepping ~*~*~tactically~*~*~ (stealth).
 25046 | Spider:2 | 25046 ||| INVOKING Heroism.
 25082 | Spider:2 | Identified the amulet of Dov Cuycw {Acrobat rPois rC+
                  | Regen+ Int+4}
 25101 | Spider:2 | 25101 ||| Stepping ~*~*~tactically~*~*~ (stealth).
 25107 | Spider:2 | 25107 ||| INVOKING Heroism.
 25142 | Spider:2 | 25142 ||| Stepping ~*~*~tactically~*~*~ (stealth).
 25144 | Spider:2 | 25144 ||| Stepping ~*~*~tactically~*~*~ (stealth).
 25145 | Spider:2 | 25145 ||| Stepping ~*~*~tactically~*~*~ (stealth).
 25186 | Spider:2 | 25186 ||| READING scroll of enchant armour.
 25186 | Spider:2 | 25186 ||| ENCHANTING +1 cloak.
 25248 | Spider:2 | Noticed Arachne
 25249 | Spider:2 | 25249 ||| Stepping ~*~*~tactically~*~*~ (hiding).
 25252 | Spider:2 | 25252 ||| INVOKING Finesse.
 25273 | Spider:2 | Killed Arachne
 25428 | Spider:2 | 25428 ||| Stepping ~*~*~tactically~*~*~ (stealth).
 25429 | Spider:2 | 25429 ||| Stepping ~*~*~tactically~*~*~ (stealth).
 25431 | Spider:2 | 25431 ||| INVOKING Heroism.
 25434 | Spider:2 | 25434 ||| Stepping ~*~*~tactically~*~*~ (stealth).
 25443 | Spider:2 | 25443 ||| INVOKING Finesse.
 25484 | Spider:2 | 25484 ||| Stepping ~*~*~tactically~*~*~ (stealth).
 25485 | Spider:2 | 25485 ||| Stepping ~*~*~tactically~*~*~ (stealth).
 25553 | Spider:2 | 25553 ||| Stepping ~*~*~tactically~*~*~ (stealth).
 25560 | Spider:2 | 25560 ||| Stepping ~*~*~tactically~*~*~ (hiding).
 25721 | Spider:2 | Noticed Louise
 25724 | Spider:2 | 25724 ||| INVOKING Finesse.
 25727 | Spider:2 | 25727 ||| INVOKING Heroism.
 25739 | Spider:2 | Killed Louise
 25886 | Spider:2 | 25886 ||| INVOKING Finesse.
 25925 | Spider:2 | 25925 ||| DROPPING +2 pair of gloves.
 25926 | Spider:2 | 25926 ||| UPGRADING to +2 pair of gloves of Limitation
                  | {rElec rC+++ rCorr Stlth-}.
 25936 | Spider:2 | 25936 ||| DROPPING +0 pair of gloves of Eternity {rC+
                  | Stlth+}.
 25937 | Spider:2 | 25937 ||| DROPPING +1 pair of boots.
 25938 | Spider:2 | 25938 ||| UPGRADING to amulet of Dov Cuycw {Acrobat rPois
                  | rC+ Regen+ Int+4}.
 25948 | Spider:2 | 25948 ||| DROPPING amulet of regeneration.
 25988 | Spider:3 | 25988 ||| STAIRDANCE
 26005 | Spider:3 | 26005 ||| INVOKING Heroism.
 26016 | Spider:3 | 26016 ||| Stepping ~*~*~tactically~*~*~ (stealth).
 26029 | Spider:3 | Received a gift from Okawaru
 26057 | Spider:3 | Identified the ring "Wiahys" {Int+6 Dex+2}
 26172 | Spider:3 | 26172 ||| INVOKING Heroism.
 26310 | Spider:3 | Received a gift from Okawaru
 26314 | Spider:3 | 26314 ||| Stepping ~*~*~tactically~*~*~ (stealth).
 26316 | Spider:3 | 26316 ||| Stepping ~*~*~tactically~*~*~ (stealth).
 26484 | Spider:3 | 26484 ||| INVOKING Heroism.
 26485 | Spider:3 | 26485 ||| INVOKING Finesse.
 26523 | Spider:3 | 26523 ||| Stepping ~*~*~tactically~*~*~ (stealth).
 26616 | Spider:3 | 26616 ||| Stepping ~*~*~tactically~*~*~ (stealth).
 26617 | Spider:3 | 26617 ||| Stepping ~*~*~tactically~*~*~ (stealth).
 26727 | Spider:3 | 26727 ||| INVOKING Heroism.
 26747 | Spider:3 | 26747 ||| Stepping ~*~*~tactically~*~*~ (hiding).
 26755 | Spider:3 | 26755 ||| FLEEEEING.
 26772 | Spider:3 | 26772 ||| INVOKING Heroism.
 26773 | Spider:3 | 26773 ||| Stepping ~*~*~tactically~*~*~ (hiding).
 26971 | Spider:3 | 26971 ||| PLANNING SWAMP:1-3
 26971 | Spider:3 | 26971 ||| DROPPING ring "Wiahys" {Int+6 Dex+2}.
 27188 | Swamp:1  | Entered Level 1 of the Swamp
 27189 | Swamp:1  | 27189 ||| INVOKING Heroism.
 27190 | Swamp:1  | 27190 ||| SWAPPING to +1 hand axe of flaming.
 27203 | Swamp:1  | 27203 ||| SWAPPING to +6 broad axe of venom.
 27216 | Swamp:1  | 27216 ||| Stepping ~*~*~tactically~*~*~ (hiding).
 27217 | Swamp:1  | 27217 ||| Stepping ~*~*~tactically~*~*~ (hiding).
 27222 | Swamp:1  | 27222 ||| INVOKING Heroism.
 27237 | Swamp:1  | Noticed a tentacled monstrosity
 27238 | Swamp:1  | 27238 ||| INVOKING Finesse.
 27245 | Swamp:1  | Killed a tentacled monstrosity
 27245 | Swamp:1  | Received a gift from Okawaru
 27289 | Swamp:1  | 27289 ||| Stepping ~*~*~tactically~*~*~ (hiding).
 27290 | Swamp:1  | 27290 ||| Stepping ~*~*~tactically~*~*~ (hiding).
 27303 | Swamp:1  | 27303 ||| INVOKING Heroism.
 27336 | Swamp:1  | 27336 ||| Stepping ~*~*~tactically~*~*~ (hiding).
 27337 | Swamp:1  | 27337 ||| Stepping ~*~*~tactically~*~*~ (hiding).
 27402 | Swamp:1  | 27402 ||| INVOKING Heroism.
 27470 | Swamp:1  | Reached skill level 18 in Axes
 27476 | Swamp:1  | Noticed Donald
 27477 | Swamp:1  | 27477 ||| INVOKING Heroism.
 27478 | Swamp:1  | 27478 ||| INVOKING Finesse.
 27496 | Swamp:1  | Killed Donald
 27497 | Swamp:1  | Reached XP level 18. HP: 91/114 MP: 19/25
 27521 | Swamp:1  | Received a gift from Okawaru
 27525 | Swamp:1  | 27525 ||| INVOKING Heroism.
 27544 | Swamp:1  | 27544 ||| Stepping ~*~*~tactically~*~*~ (stealth).
 27548 | Swamp:1  | Noticed Josephine
 27549 | Swamp:1  | 27549 ||| Stepping ~*~*~tactically~*~*~ (stealth).
 27560 | Swamp:1  | 27560 ||| DROPPING +1 hand axe of flaming.
 27565 | Swamp:1  | 27565 ||| Stepping ~*~*~tactically~*~*~ (stealth).
 27566 | Swamp:1  | 27566 ||| Stepping ~*~*~tactically~*~*~ (stealth).
 27569 | Swamp:1  | 27569 ||| Stepping ~*~*~tactically~*~*~ (hiding).
 27570 | Swamp:1  | 27570 ||| Stepping ~*~*~tactically~*~*~ (hiding).
 27572 | Swamp:1  | 27572 ||| INVOKING Heroism.
 27580 | Swamp:1  | Killed Josephine
 27614 | Swamp:1  | 27614 ||| Stepping ~*~*~tactically~*~*~ (stealth).
 27615 | Swamp:1  | 27615 ||| Stepping ~*~*~tactically~*~*~ (stealth).
 27978 | Swamp:2  | 27978 ||| INVOKING Heroism.
 28063 | Swamp:2  | Noticed Mlioglotl
 28064 | Swamp:2  | 28064 ||| Stepping ~*~*~tactically~*~*~ (stealth).
 28065 | Swamp:2  | 28065 ||| INVOKING Heroism.
 28066 | Swamp:2  | 28066 ||| INVOKING Finesse.
 28080 | Swamp:2  | Killed Mlioglotl
 28260 | Swamp:2  | 28260 ||| Stepping ~*~*~tactically~*~*~ (hiding).
 28262 | Swamp:2  | 28262 ||| INVOKING Heroism.
 28285 | Swamp:2  | 28285 ||| Stepping ~*~*~tactically~*~*~ (hiding).
 28354 | Swamp:2  | 28354 ||| Stepping ~*~*~tactically~*~*~ (hiding).
 28356 | Swamp:2  | 28356 ||| INVOKING Heroism.
 28500 | Swamp:3  | 28500 ||| STAIRDANCE
 28502 | Swamp:2  | 28502 ||| INVOKING Heroism.
 28549 | Swamp:3  | 28549 ||| Stepping ~*~*~tactically~*~*~ (hiding).
 28557 | Swamp:3  | 28557 ||| Stepping ~*~*~tactically~*~*~ (hiding).
 28558 | Swamp:3  | 28558 ||| Stepping ~*~*~tactically~*~*~ (hiding).
 28588 | Swamp:3  | Reached skill level 18 in Shields
 28638 | Swamp:3  | 28638 ||| Stepping ~*~*~tactically~*~*~ (hiding).
 28640 | Swamp:3  | 28640 ||| Stepping ~*~*~tactically~*~*~ (stealth).
 28789 | Swamp:3  | 28789 ||| Stepping ~*~*~tactically~*~*~ (stealth).
 28790 | Swamp:3  | 28790 ||| Stepping ~*~*~tactically~*~*~ (stealth).
 28800 | Swamp:3  | 28800 ||| Stepping ~*~*~tactically~*~*~ (stealth).
 28802 | Swamp:3  | 28802 ||| Stepping ~*~*~tactically~*~*~ (stealth).
 28832 | Swamp:3  | 28832 ||| Stepping ~*~*~tactically~*~*~ (hiding).
 28836 | Swamp:3  | 28836 ||| INVOKING Heroism.
 28877 | Swamp:3  | 28877 ||| Stepping ~*~*~tactically~*~*~ (hiding).
 29111 | Swamp:3  | 29111 ||| PLANNING SPIDER:4
 29336 | Spider:4 | Entered Level 4 of the Spider Nest
 29354 | Spider:4 | 29354 ||| INVOKING Heroism.
 29485 | Spider:4 | 29485 ||| READING scroll of brand weapon.
 29485 | Spider:4 | 29485 ||| BRANDING +6 broad axe of venom.
 29518 | Spider:4 | 29518 ||| Stepping ~*~*~tactically~*~*~ (stealth).
 29532 | Spider:4 | 29532 ||| Stepping ~*~*~tactically~*~*~ (stealth).
 29586 | Spider:4 | 29586 ||| Stepping ~*~*~tactically~*~*~ (hiding).
 29588 | Spider:4 | 29588 ||| INVOKING Finesse.
 29628 | Spider:4 | 29628 ||| Stepping ~*~*~tactically~*~*~ (stealth).
 29629 | Spider:4 | 29629 ||| Stepping ~*~*~tactically~*~*~ (stealth).
 29667 | Spider:4 | 29667 ||| Stepping ~*~*~tactically~*~*~ (stealth).
 29670 | Spider:4 | 29670 ||| Stepping ~*~*~tactically~*~*~ (stealth).
 29671 | Spider:4 | 29671 ||| Stepping ~*~*~tactically~*~*~ (stealth).
 29682 | Spider:4 | 29682 ||| Stepping ~*~*~tactically~*~*~ (stealth).
 29689 | Spider:4 | 29689 ||| INVOKING Heroism.
 29720 | Spider:4 | 29720 ||| Stepping ~*~*~tactically~*~*~ (stealth).
 29722 | Spider:4 | 29722 ||| Stepping ~*~*~tactically~*~*~ (hiding).
 29723 | Spider:4 | 29723 ||| Stepping ~*~*~tactically~*~*~ (hiding).
 29742 | Spider:4 | 29742 ||| INVOKING Heroism.
 29753 | Spider:4 | Received a gift from Okawaru
 29803 | Spider:4 | 29803 ||| INVOKING Heroism.
 29813 | Spider:4 | 29813 ||| INVOKING Finesse.
 29861 | Spider:4 | 29861 ||| Stepping ~*~*~tactically~*~*~ (stealth).
 29863 | Spider:4 | 29863 ||| Stepping ~*~*~tactically~*~*~ (stealth).
 29864 | Spider:4 | 29864 ||| Stepping ~*~*~tactically~*~*~ (stealth).
 29878 | Spider:4 | Got a gossamer rune of Zot
 29965 | Spider:4 | Noticed Roxanne
 29966 | Spider:4 | 29966 ||| INVOKING Heroism.
 29967 | Spider:4 | 29967 ||| INVOKING Finesse.
 29981 | Spider:4 | HP: 26/117 [Roxanne/crystal spear (7)]
 29982 | Spider:4 | 29982 ||| READING 11 scrolls of teleportation.
 29983 | Spider:4 | 29983 ||| DRINKING 7 potions of heal wounds.
 29995 | Spider:4 | Received a gift from Okawaru
 30067 | Spider:4 | 30067 ||| INVOKING Heroism.
 30068 | Spider:4 | 30068 ||| INVOKING Finesse.
 30110 | Spider:4 | Killed Roxanne
 30116 | Spider:4 | Identified the +9 plate armour "Odwauts" {Will+ Dex+5}
 30201 | Spider:4 | 30201 ||| READING scroll of brand weapon.
 30201 | Spider:4 | 30201 ||| BRANDING +6 vorpal broad axe.
 30406 | Spider:4 | Noticed Agnes
 30407 | Spider:4 | 30407 ||| Stepping ~*~*~tactically~*~*~ (stealth).
 30409 | Spider:4 | 30409 ||| INVOKING Heroism.
 30410 | Spider:4 | 30410 ||| INVOKING Finesse.
 30422 | Spider:4 | Killed Agnes
 30483 | Spider:4 | Received a gift from Okawaru
 30620 | Spider:4 | 30620 ||| Stepping ~*~*~tactically~*~*~ (stealth).
 30622 | Spider:4 | 30622 ||| Stepping ~*~*~tactically~*~*~ (stealth).
 30659 | Spider:4 | Noticed Asterion
 30660 | Spider:4 | 30660 ||| INVOKING Heroism.
 30661 | Spider:4 | 30661 ||| INVOKING Finesse.
 30680 | Spider:4 | Killed Asterion
 30842 | Spider:4 | 30842 ||| PLANNING VAULTS:1-4
 30842 | Spider:4 | 30842 ||| DROPPING +0 plate armour of fire resistance.
 30843 | Spider:4 | 30843 ||| DROPPING +2 pair of gloves of stealth.
 30844 | Spider:4 | 30844 ||| UPGRADING to +9 plate armour "Odwauts" {Will+
                  | Dex+5}.
 30854 | Spider:4 | 30854 ||| DROPPING +1 plate armour of cold resistance.
 30855 | Spider:4 | 30855 ||| DROPPING +4 plate armour of the Iron Devil
                  | {Will++}.
 31125 | Vaults:1 | Entered Level 1 of the Vaults
 31168 | Vaults:1 | Found Yroov's Antique Weapon Emporium.
 31175 | Vaults:1 | 31175 ||| INVOKING Heroism.
 31178 | Vaults:1 | 31178 ||| Stepping ~*~*~tactically~*~*~ (stealth).
 31180 | Vaults:1 | 31180 ||| Stepping ~*~*~tactically~*~*~ (hiding).
 31181 | Vaults:1 | 31181 ||| Stepping ~*~*~tactically~*~*~ (hiding).
 31192 | Vaults:1 | 31192 ||| INVOKING Finesse.
 31213 | Vaults:1 | Reached skill level 6 in Dodging
 31311 | Vaults:1 | 31311 ||| Stepping ~*~*~tactically~*~*~ (hiding).
 31312 | Vaults:1 | 31312 ||| INVOKING Heroism.
 31313 | Vaults:1 | 31313 ||| Stepping ~*~*~tactically~*~*~ (hiding).
 31314 | Vaults:1 | 31314 ||| Stepping ~*~*~tactically~*~*~ (hiding).
 31331 | Vaults:1 | Reached skill level 15 in Fighting
 31439 | Vaults:1 | 31439 ||| INVOKING Heroism.
 31451 | Vaults:1 | Reached XP level 19. HP: 124/124 MP: 26/26
 31451 | Vaults:1 | 31451 ||| Stepping ~*~*~tactically~*~*~ (hiding).
 31689 | Vaults:1 | 31689 ||| Stepping ~*~*~tactically~*~*~ (stealth).
 31690 | Vaults:1 | 31690 ||| INVOKING Heroism.
 31708 | Vaults:1 | Identified the +0 war axe of Haocwac {vorpal, Contam Dex+6}
                  | (Okawaru gifted it to you on level 1 of the Vaults)
 31708 | Vaults:1 | Received a gift from Okawaru
 31716 | Vaults:1 | 31716 ||| DROPPING +0 war axe of Haocwac {vorpal, Contam
                  | Dex+6}.
 31766 | Vaults:1 | 31766 ||| Stepping ~*~*~tactically~*~*~ (hiding).
 31844 | Vaults:1 | 31844 ||| Stepping ~*~*~tactically~*~*~ (hiding).
 31850 | Vaults:1 | 31850 ||| INVOKING Heroism.
 31851 | Vaults:1 | 31851 ||| INVOKING Finesse.
 31865 | Vaults:1 | Reached skill level 15 in Armour
 31910 | Vaults:1 | Paralysed by a great orb of eyes for 3 turns
 32130 | Vaults:1 | Received a gift from Okawaru
 32155 | Vaults:1 | 32155 ||| Stepping ~*~*~tactically~*~*~ (stealth).
 32346 | Vaults:1 | 32346 ||| INVOKING Heroism.
 32359 | Vaults:1 | Reached skill level 9 in Throwing
 32366 | Vaults:1 | Received a gift from Okawaru
 32398 | Vaults:1 | 32398 ||| Stepping ~*~*~tactically~*~*~ (stealth).
 32435 | Vaults:1 | 32435 ||| INVOKING Heroism.
 32436 | Vaults:1 | 32436 ||| INVOKING Finesse.
 32480 | Vaults:1 | 32480 ||| Stepping ~*~*~tactically~*~*~ (hiding).
 32680 | Vaults:1 | Identified the +4 mace of Mascheac {drain, *Noise Will+
                  | Str+9}
 32864 | Vaults:1 | 32864 ||| DROPPING scarf of harm.
 32865 | Vaults:1 | 32865 ||| READING scroll labelled KINNOMP QAPTEDE.
 32865 | Vaults:1 | Identified a scroll of acquirement
 32865 | Vaults:1 | 32865 ||| ACQUIRING 930 gold pieces
 32865 | Vaults:1 | Acquired 930 gold pieces
 33056 | Vaults:2 | 33056 ||| INVOKING Heroism.
 33213 | Vaults:2 | You are sucked into a shaft and drop 2 floors!
 33215 | Vaults:4 | 33215 ||| INVOKING Heroism.
 33260 | Vaults:4 | 33260 ||| Stepping ~*~*~tactically~*~*~ (stealth).
 33262 | Vaults:4 | 33262 ||| Stepping ~*~*~tactically~*~*~ (hiding).
 33335 | Vaults:4 | 33335 ||| Stepping ~*~*~tactically~*~*~ (hiding).
 33395 | Vaults:4 | Identified the +0 scale mail "Ugoc" {rN+ Str+7}
 33509 | Vaults:4 | Noticed Boris
 33510 | Vaults:4 | 33510 ||| INVOKING Heroism.
 33511 | Vaults:4 | 33511 ||| INVOKING Finesse.
 33512 | Vaults:4 | Noticed Zenata
 33535 | Vaults:4 | Killed Boris
 33544 | Vaults:4 | Killed Zenata
 33612 | Vaults:4 | 33612 ||| DROPPING amulet of magic regeneration.
 33620 | Vaults:3 | 33620 ||| INVOKING Heroism.
 33666 | Vaults:3 | 33666 ||| READING scroll of brand weapon.
 33666 | Vaults:3 | 33666 ||| BRANDING +6 broad axe of venom.
 33684 | Vaults:3 | Identified the +7 morningstar "Zotzotem" {holy, rElec rF-
                  | Int+2 Dex+2}
 33687 | Vaults:3 | 33687 ||| INVOKING Heroism.
 33699 | Vaults:3 | Reached XP level 20. HP: 128/131 MP: 25/27
 33762 | Vaults:3 | 33762 ||| INVOKING Heroism.
 33764 | Vaults:3 | Received a gift from Okawaru
 33885 | Vaults:2 | 33885 ||| INVOKING Heroism.
 33953 | Vaults:2 | 33953 ||| INVOKING Heroism.
 34364 | Vaults:2 | 34364 ||| Stepping ~*~*~tactically~*~*~ (hiding).
 34370 | Vaults:2 | 34370 ||| INVOKING Heroism.
 34377 | Vaults:2 | Received a gift from Okawaru
 34424 | Vaults:2 | 34424 ||| Stepping ~*~*~tactically~*~*~ (stealth).
 34432 | Vaults:2 | Received a gift from Okawaru
 34601 | Vaults:2 | 34601 ||| INVOKING Heroism.
 34867 | Vaults:3 | 34867 ||| Stepping ~*~*~tactically~*~*~ (stealth).
 34932 | Vaults:3 | 34932 ||| INVOKING Heroism.
 35023 | Vaults:3 | 35023 ||| Stepping ~*~*~tactically~*~*~ (hiding).
 35069 | Vaults:3 | 35069 ||| FLEEEEING.
 35070 | Vaults:3 | 35070 ||| FLEEEEING.
 35071 | Vaults:3 | 35071 ||| FLEEEEING.
 35072 | Vaults:3 | 35072 ||| FLEEEEING.
 35084 | Vaults:3 | 35084 ||| INVOKING Heroism.
 35240 | Vaults:3 | 35240 ||| INVOKING Heroism.
 35280 | Vaults:3 | 35280 ||| Stepping ~*~*~tactically~*~*~ (stealth).
 35282 | Vaults:3 | 35282 ||| Stepping ~*~*~tactically~*~*~ (hiding).
 35293 | Vaults:3 | 35293 ||| Stepping ~*~*~tactically~*~*~ (stealth).
 35308 | Vaults:3 | 35308 ||| Stepping ~*~*~tactically~*~*~ (hiding).
 35322 | Vaults:3 | 35322 ||| INVOKING Heroism.
 35367 | Vaults:3 | Received a gift from Okawaru
 35378 | Vaults:3 | 35378 ||| Stepping ~*~*~tactically~*~*~ (stealth).
 35501 | Vaults:3 | 35501 ||| Stepping ~*~*~tactically~*~*~ (stealth).
 35504 | Vaults:3 | 35504 ||| INVOKING Heroism.
 35511 | Vaults:3 | 35511 ||| Stepping ~*~*~tactically~*~*~ (hiding).
 35512 | Vaults:3 | 35512 ||| Stepping ~*~*~tactically~*~*~ (hiding).
 35513 | Vaults:3 | 35513 ||| Stepping ~*~*~tactically~*~*~ (hiding).
 35562 | Vaults:3 | 35562 ||| INVOKING Heroism.
 35565 | Vaults:3 | 35565 ||| Stepping ~*~*~tactically~*~*~ (hiding).
 35634 | Vaults:3 | 35634 ||| Stepping ~*~*~tactically~*~*~ (stealth).
 35644 | Vaults:3 | 35644 ||| Stepping ~*~*~tactically~*~*~ (hiding).
 35671 | Vaults:3 | 35671 ||| Stepping ~*~*~tactically~*~*~ (stealth).
 35685 | Vaults:3 | 35685 ||| Stepping ~*~*~tactically~*~*~ (stealth).
 35851 | Vaults:3 | 35851 ||| Stepping ~*~*~tactically~*~*~ (stealth).
 35897 | Vaults:3 | 35897 ||| INVOKING Heroism.
 35915 | Vaults:3 | 35915 ||| Stepping ~*~*~tactically~*~*~ (stealth).
 35935 | Vaults:3 | Found a staircase to the Crypt.
 35998 | Vaults:3 | 35998 ||| Stepping ~*~*~tactically~*~*~ (stealth).
 36097 | Vaults:3 | 36097 ||| INVOKING Heroism.
 36100 | Vaults:3 | 36100 ||| Stepping ~*~*~tactically~*~*~ (hiding).
 36206 | Vaults:3 | Identified the +2 pair of gloves "Ruvo" {Int+8} (Okawaru
                  | gifted it to you on level 3 of the Vaults)
 36206 | Vaults:3 | Received a gift from Okawaru
 36356 | Vaults:3 | 36356 ||| DROPPING +2 pair of gloves "Ruvo" {Int+8}.
 36484 | Vaults:4 | 36484 ||| Stepping ~*~*~tactically~*~*~ (stealth).
 36486 | Vaults:4 | 36486 ||| INVOKING Heroism.
 36643 | Vaults:4 | 36643 ||| FLEEEEING.
 36644 | Vaults:4 | 36644 ||| FLEEEEING.
 36645 | Vaults:4 | 36645 ||| FLEEEEING.
 36646 | Vaults:4 | 36646 ||| FLEEEEING.
 36647 | Vaults:4 | 36647 ||| FLEEEEING.
 36648 | Vaults:4 | 36648 ||| FLEEEEING.
 36649 | Vaults:4 | 36649 ||| FLEEEEING.
 36650 | Vaults:4 | 36650 ||| FLEEEEING.
 36651 | Vaults:4 | 36651 ||| FLEEEEING.
 36652 | Vaults:4 | 36652 ||| FLEEEEING.
 36653 | Vaults:4 | 36653 ||| FLEEEEING.
 36654 | Vaults:4 | 36654 ||| FLEEEEING.
 36655 | Vaults:4 | 36655 ||| FLEEEEING.
 36656 | Vaults:4 | 36656 ||| FLEEEEING.
 36657 | Vaults:4 | 36657 ||| FLEEEEING.
 36658 | Vaults:4 | 36658 ||| FLEEEEING.
 36659 | Vaults:4 | 36659 ||| FLEEEEING.
 36660 | Vaults:4 | 36660 ||| FLEEEEING.
 36661 | Vaults:4 | 36661 ||| FLEEEEING.
 36662 | Vaults:4 | 36662 ||| FLEEEEING.
 36663 | Vaults:4 | 36663 ||| FLEEEEING.
 36664 | Vaults:4 | 36664 ||| FLEEEEING.
 36665 | Vaults:4 | 36665 ||| FLEEEEING.
 36666 | Vaults:4 | 36666 ||| FLEEEEING.
 36667 | Vaults:4 | 36667 ||| FLEEEEING.
 36668 | Vaults:4 | 36668 ||| FLEEEEING.
 36669 | Vaults:4 | 36669 ||| FLEEEEING.
 36670 | Vaults:4 | 36670 ||| FLEEEEING.
 36671 | Vaults:4 | 36671 ||| FLEEEEING.
 36672 | Vaults:4 | 36672 ||| FLEEEEING.
 36673 | Vaults:4 | 36673 ||| FLEEEEING.
 36674 | Vaults:4 | 36674 ||| FLEEEEING.
 36675 | Vaults:4 | 36675 ||| FLEEEEING.
 36676 | Vaults:4 | 36676 ||| FLEEEEING.
 36677 | Vaults:4 | 36677 ||| FLEEEEING.
 36678 | Vaults:4 | 36678 ||| FLEEEEING.
 36683 | Vaults:4 | 36683 ||| INVOKING Heroism.
 36718 | Vaults:4 | Reached XP level 21. HP: 110/140 MP: 28/28
 36915 | Vaults:4 | 36915 ||| Stepping ~*~*~tactically~*~*~ (stealth).
 36919 | Vaults:4 | 36919 ||| Stepping ~*~*~tactically~*~*~ (hiding).
 37133 | Vaults:4 | 37133 ||| PLANNING SWAMP:4
 37525 | Swamp:4  | Entered Level 4 of the Swamp
 37560 | Swamp:4  | 37560 ||| INVOKING Heroism.
 37570 | Swamp:4  | Reached skill level 18 in Fighting
 37614 | Swamp:4  | 37614 ||| INVOKING Heroism.
 37625 | Swamp:4  | 37625 ||| Stepping ~*~*~tactically~*~*~ (stealth).
 37630 | Swamp:4  | 37630 ||| Stepping ~*~*~tactically~*~*~ (hiding).
 37631 | Swamp:4  | 37631 ||| Stepping ~*~*~tactically~*~*~ (hiding).
 37802 | Swamp:4  | 37802 ||| Stepping ~*~*~tactically~*~*~ (hiding).
 37804 | Swamp:4  | 37804 ||| Stepping ~*~*~tactically~*~*~ (hiding).
 37864 | Swamp:4  | Got a decaying rune of Zot
 37869 | Swamp:4  | 37869 ||| INVOKING Heroism.
 37888 | Swamp:4  | 37888 ||| Stepping ~*~*~tactically~*~*~ (stealth).
 37889 | Swamp:4  | 37889 ||| Stepping ~*~*~tactically~*~*~ (stealth).
 37910 | Swamp:4  | 37910 ||| Stepping ~*~*~tactically~*~*~ (stealth).
 37921 | Swamp:4  | 37921 ||| Stepping ~*~*~tactically~*~*~ (stealth).
 37939 | Swamp:4  | 37939 ||| Stepping ~*~*~tactically~*~*~ (stealth).
 37942 | Swamp:4  | 37942 ||| Stepping ~*~*~tactically~*~*~ (hiding).
 37944 | Swamp:4  | 37944 ||| Stepping ~*~*~tactically~*~*~ (hiding).
 37988 | Swamp:4  | Reached skill level 18 in Armour
 38011 | Swamp:4  | Found an ancient bone altar of Kikubaaqudgha.
 38203 | Swamp:4  | 38203 ||| PLANNING DEPTHS
 38499 | Depths:1 | Entered Level 1 of the Depths
 38533 | Depths:1 | 38533 ||| Stepping ~*~*~tactically~*~*~ (stealth).
 38537 | Depths:1 | 38537 ||| Stepping ~*~*~tactically~*~*~ (stealth).
 38539 | Depths:1 | 38539 ||| INVOKING Heroism.
 38540 | Depths:1 | 38540 ||| INVOKING Finesse.
 38629 | Depths:1 | Received a gift from Okawaru
 38640 | Depths:1 | 38640 ||| Stepping ~*~*~tactically~*~*~ (stealth).
 38645 | Depths:1 | 38645 ||| Stepping ~*~*~tactically~*~*~ (hiding).
 38648 | Depths:1 | 38648 ||| INVOKING Finesse.
 38651 | Depths:1 | 38651 ||| INVOKING Heroism.
 38760 | Depths:1 | Found Cyodum's Book Shop.
 38760 | Depths:1 | Found Tos Teupt's Jewellery Shoppe.
 38762 | Depths:1 | Found Titi's Book Shop.
 38770 | Depths:1 | 38770 ||| BUYING +4 ring of slaying (1482 gold).
 38770 | Depths:1 | Bought a +4 ring of slaying for 1482 gold pieces
 38770 | Depths:1 | 38770 ||| SHOPLISTING +4 ring of slaying (1482 gold, have
                  | 817).
 38833 | Depths:1 | 38833 ||| Stepping ~*~*~tactically~*~*~ (stealth).
 38835 | Depths:1 | Identified the +4 great mace "Cajylic" {freeze, Str+6
                  | Stlth+}
 38871 | Depths:1 | 38871 ||| Stepping ~*~*~tactically~*~*~ (hiding).
 38881 | Depths:1 | 38881 ||| INVOKING Heroism.
 38916 | Depths:1 | Found a runed translucent door.
 38917 | Depths:1 | Noticed qw's ghost (adept GrFi)
 38918 | Depths:1 | Found a gateway to Hell.
 39034 | Depths:1 | 39034 ||| INVOKING Heroism.
 39039 | Depths:1 | Received a gift from Okawaru
 39045 | Depths:1 | Reached skill level 9 in Dodging
 39095 | Depths:1 | 39095 ||| INVOKING Heroism.
 39134 | Depths:1 | 39134 ||| Stepping ~*~*~tactically~*~*~ (hiding).
 39144 | Depths:1 | 39144 ||| INVOKING Heroism.
 39186 | Depths:1 | 39186 ||| Stepping ~*~*~tactically~*~*~ (stealth).
 39200 | Depths:1 | You are sucked into a shaft and drop 1 floor!
 39229 | Depths:2 | 39229 ||| INVOKING Heroism.
 39245 | Depths:2 | Reached ****** piety under Okawaru
 39263 | Depths:2 | 39263 ||| INVOKING Heroism.
 39265 | Depths:2 | 39265 ||| INVOKING Finesse.
 39302 | Depths:2 | 39302 ||| Stepping ~*~*~tactically~*~*~ (hiding).
 39314 | Depths:2 | 39314 ||| DROPPING ring of see invisible.
 39315 | Depths:2 | 39315 ||| DROPPING +6 ring of dexterity.
 39318 | Depths:2 | Found a corrupted altar of Lugonu.
 39320 | Depths:2 | Found a one-way gate to the infinite horrors of the Abyss.
 39402 | Depths:1 | Found a burning altar of Makhleb.
 39424 | Depths:1 | 39424 ||| Stepping ~*~*~tactically~*~*~ (hiding).
 39446 | Depths:1 | Received a gift from Okawaru
 39456 | Depths:1 | 39456 ||| Stepping ~*~*~tactically~*~*~ (hiding).
 39711 | Depths:2 | 39711 ||| READING scroll of brand weapon.
 39711 | Depths:2 | 39711 ||| BRANDING +6 broad axe of draining.
 39713 | Depths:2 | 39713 ||| Stepping ~*~*~tactically~*~*~ (hiding).
 39715 | Depths:2 | 39715 ||| Stepping ~*~*~tactically~*~*~ (hiding).
 39716 | Depths:2 | 39716 ||| Stepping ~*~*~tactically~*~*~ (hiding).
 39717 | Depths:2 | 39717 ||| Stepping ~*~*~tactically~*~*~ (hiding).
 39718 | Depths:2 | 39718 ||| Stepping ~*~*~tactically~*~*~ (hiding).
 39726 | Depths:2 | 39726 ||| Stepping ~*~*~tactically~*~*~ (hiding).
 39737 | Depths:2 | 39737 ||| INVOKING Heroism.
 39742 | Depths:2 | 39742 ||| INVOKING Finesse.
 39758 | Depths:2 | 39758 ||| Stepping ~*~*~tactically~*~*~ (hiding).
 39769 | Depths:2 | Received a gift from Okawaru
 39790 | Depths:2 | 39790 ||| Stepping ~*~*~tactically~*~*~ (hiding).
 39791 | Depths:2 | 39791 ||| Stepping ~*~*~tactically~*~*~ (hiding).
 39798 | Depths:2 | Identified the +2 helmet "Tyhom" {Contam rElec rC+}
                  | (Okawaru gifted it to you on level 2 of the Depths)
 39798 | Depths:2 | Received a gift from Okawaru
 39826 | Depths:2 | Reached XP level 22. HP: 146/149 MP: 29/29
 39833 | Depths:2 | Found a one-way gate leading to the halls of Pandemonium.
 39890 | Depths:2 | 39890 ||| INVOKING Finesse.
 39904 | Depths:2 | 39904 ||| INVOKING Heroism.
 39957 | Depths:2 | 39957 ||| Stepping ~*~*~tactically~*~*~ (stealth).
 39959 | Depths:2 | Identified the +0 scale mail "Ycwecwif" {rElec rN+ rCorr}
 39961 | Depths:2 | Noticed a juggernaut
 39962 | Depths:2 | 39962 ||| INVOKING Heroism.
 39964 | Depths:2 | 39964 ||| INVOKING Finesse.
 39974 | Depths:2 | Killed a juggernaut
 40041 | Depths:2 | 40041 ||| INVOKING Heroism.
 40248 | Depths:2 | 40248 ||| Stepping ~*~*~tactically~*~*~ (hiding).
 40307 | Depths:2 | 40307 ||| Stepping ~*~*~tactically~*~*~ (hiding).
 40313 | Depths:2 | 40313 ||| INVOKING Heroism.
 40314 | Depths:2 | 40314 ||| INVOKING Finesse.
 40418 | Depths:2 | 40418 ||| Stepping ~*~*~tactically~*~*~ (hiding).
 40419 | Depths:2 | 40419 ||| Stepping ~*~*~tactically~*~*~ (hiding).
 40438 | Depths:2 | 40438 ||| Stepping ~*~*~tactically~*~*~ (stealth).
 40439 | Depths:2 | 40439 ||| Stepping ~*~*~tactically~*~*~ (stealth).
 40452 | Depths:2 | 40452 ||| FLEEEEING.
 40453 | Depths:2 | 40453 ||| FLEEEEING.
 40760 | Depths:2 | 40760 ||| INVOKING Heroism.
 40763 | Depths:2 | 40763 ||| Stepping ~*~*~tactically~*~*~ (hiding).
 40797 | Depths:2 | Found Ciphon's One-of-a-Kind Books.
 40875 | Depths:2 | 40875 ||| READING scroll of enchant weapon.
 40875 | Depths:2 | 40875 ||| ENCHANTING +6 broad axe of freezing.
 40876 | Depths:2 | Identified the +10 mace of Chance {antimagic, rCorr}
 40878 | Depths:2 | Identified the +1 leather armour of Gozag's Favour {Dex+9}
 40954 | Depths:3 | Found a glowing golden altar of the Shining One.
 40955 | Depths:3 | 40955 ||| INVOKING Heroism.
 40956 | Depths:3 | 40956 ||| INVOKING Finesse.
 41048 | Depths:3 | 41048 ||| INVOKING Heroism.
 41147 | Depths:3 | 41147 ||| Stepping ~*~*~tactically~*~*~ (stealth).
 41149 | Depths:3 | 41149 ||| Stepping ~*~*~tactically~*~*~ (stealth).
 41156 | Depths:3 | 41156 ||| INVOKING Heroism.
 41222 | Depths:3 | Found a glowing silver altar of Zin.
 41254 | Depths:3 | 41254 ||| INVOKING Heroism.
 41291 | Depths:3 | Found a hide-covered altar of Uskayaw.
 41293 | Depths:3 | 41293 ||| Stepping ~*~*~tactically~*~*~ (hiding).
 41294 | Depths:3 | 41294 ||| Stepping ~*~*~tactically~*~*~ (hiding).
 41303 | Depths:3 | Received a gift from Okawaru
 41306 | Depths:3 | 41306 ||| INVOKING Heroism.
 41400 | Depths:3 | 41400 ||| Stepping ~*~*~tactically~*~*~ (stealth).
 41404 | Depths:3 | Noticed a golden dragon
 41405 | Depths:3 | 41405 ||| INVOKING Heroism.
 41406 | Depths:3 | 41406 ||| INVOKING Finesse.
 41427 | Depths:3 | Killed a golden dragon
 41439 | Depths:3 | Received a gift from Okawaru
 41445 | Depths:3 | 41445 ||| Stepping ~*~*~tactically~*~*~ (hiding).
 41471 | Depths:3 | Identified the +6 hand axe of Duty {flame, Fragile Int+7}
 41481 | Depths:3 | 41481 ||| Stepping ~*~*~tactically~*~*~ (hiding).
 41512 | Depths:3 | 41512 ||| INVOKING Heroism.
 41538 | Depths:3 | 41538 ||| INVOKING Heroism.
 41581 | Depths:3 | 41581 ||| READING scroll of enchant weapon.
 41581 | Depths:3 | 41581 ||| ENCHANTING +7 broad axe of freezing.
 41586 | Depths:3 | 41586 ||| READING scroll of acquirement.
 41586 | Depths:3 | 41586 ||| ACQUIRING 1210 gold pieces
 41586 | Depths:3 | Acquired 1210 gold pieces
 41622 | Depths:3 | Noticed a golden dragon
 41623 | Depths:3 | 41623 ||| INVOKING Heroism.
 41624 | Depths:3 | 41624 ||| INVOKING Finesse.
 41638 | Depths:3 | Identified the +0 pair of gloves of Orchymp {Regen+ Int+7
                  | Stlth-} (Okawaru gifted it to you on level 3 of the Depths)
 41638 | Depths:3 | Received a gift from Okawaru
 41639 | Depths:3 | Killed a golden dragon
 41666 | Depths:3 | 41666 ||| INVOKING Heroism.
 41705 | Depths:3 | Reached XP level 23. HP: 154/156 MP: 30/30
 41705 | Depths:3 | 41705 ||| Stepping ~*~*~tactically~*~*~ (hiding).
 41766 | Depths:3 | 41766 ||| Stepping ~*~*~tactically~*~*~ (hiding).
 41767 | Depths:3 | 41767 ||| Stepping ~*~*~tactically~*~*~ (hiding).
 41771 | Depths:3 | 41771 ||| INVOKING Heroism.
 41807 | Depths:3 | Identified the +1 plate armour "Synkymon" {rN++ Str-5}
 41810 | Depths:3 | 41810 ||| INVOKING Finesse.
 41850 | Depths:3 | 41850 ||| INVOKING Heroism.
 41952 | Depths:3 | 41952 ||| Stepping ~*~*~tactically~*~*~ (hiding).
 41956 | Depths:3 | 41956 ||| INVOKING Heroism.
 41978 | Depths:3 | Reached skill level 21 in Shields
 41990 | Depths:3 | 41990 ||| FLEEEEING.
 42128 | Depths:3 | Noticed Boris
 42129 | Depths:3 | 42129 ||| INVOKING Heroism.
 42130 | Depths:3 | 42130 ||| INVOKING Finesse.
 42142 | Depths:3 | Killed Boris
 42192 | Depths:3 | Found a broken altar of Ashenzari.
 42205 | Depths:3 | 42205 ||| Stepping ~*~*~tactically~*~*~ (hiding).
 42234 | Depths:3 | 42234 ||| INVOKING Heroism.
 42489 | Depths:4 | Entered Level 4 of the Depths
 42576 | Depths:4 | 42576 ||| INVOKING Heroism.
 42605 | Depths:4 | Found a one-way gateway to a ziggurat.
 42605 | Depths:4 | Noticed a caustic shrike
 42605 | Depths:4 | Noticed a caustic shrike
 42605 | Depths:4 | Noticed a caustic shrike
 42605 | Depths:4 | Noticed a caustic shrike
 42605 | Depths:4 | Noticed a caustic shrike
 42605 | Depths:4 | Noticed a caustic shrike
 42605 | Depths:4 | Noticed a caustic shrike
 42605 | Depths:4 | Noticed a caustic shrike
 42605 | Depths:4 | Noticed a caustic shrike
 42606 | Depths:4 | 42606 ||| INVOKING Finesse.
 42615 | Depths:4 | Killed a caustic shrike
 42618 | Depths:4 | Killed a caustic shrike
 42619 | Depths:4 | Killed a caustic shrike
 42620 | Depths:4 | Reached skill level 21 in Fighting
 42622 | Depths:4 | Killed a caustic shrike
 42624 | Depths:4 | Killed a caustic shrike
 42628 | Depths:4 | Killed a caustic shrike
 42628 | Depths:4 | Killed a caustic shrike
 42629 | Depths:4 | Killed a caustic shrike
 42632 | Depths:4 | 42632 ||| INVOKING Heroism.
 42634 | Depths:4 | Killed a caustic shrike
 42634 | Depths:4 | Identified the +1 pair of boots "Leittiys" {+Inv Dex+4}
                  | (Okawaru gifted it to you on level 4 of the Depths)
 42634 | Depths:4 | Received a gift from Okawaru
 42820 | Depths:4 | 42820 ||| INVOKING Heroism.
 42881 | Depths:4 | 42881 ||| INVOKING Heroism.
 42894 | Depths:4 | 42894 ||| Stepping ~*~*~tactically~*~*~ (hiding).
 42896 | Depths:4 | 42896 ||| Stepping ~*~*~tactically~*~*~ (hiding).
 42897 | Depths:4 | 42897 ||| Stepping ~*~*~tactically~*~*~ (hiding).
 42898 | Depths:4 | 42898 ||| Stepping ~*~*~tactically~*~*~ (hiding).
 42927 | Depths:4 | Found a gate to the Realm of Zot.
 42977 | Depths:4 | Found Qodav's Assorted Antiques.
 42979 | Depths:4 | Found Ucidu's General Store.
 42987 | Depths:4 | 42987 ||| FLEEEEING.
 42988 | Depths:4 | 42988 ||| FLEEEEING.
 42989 | Depths:4 | 42989 ||| FLEEEEING.
 42991 | Depths:4 | 42991 ||| FLEEEEING.
 43011 | Depths:4 | 43011 ||| BUYING large onyx ring (140 gold).
 43011 | Depths:4 | Bought a large onyx ring for 140 gold pieces
 43011 | Depths:4 | 43011 ||| BUYING potion of attraction (84 gold).
 43011 | Depths:4 | Bought a potion of attraction for 84 gold pieces
 43011 | Depths:4 | 43011 ||| BUYING potion of curing (84 gold).
 43011 | Depths:4 | Bought a potion of curing for 84 gold pieces
 43011 | Depths:4 | 43011 ||| BUYING potion of mutation (224 gold).
 43011 | Depths:4 | Bought a potion of mutation for 224 gold pieces
 43011 | Depths:4 | 43011 ||| BUYING scroll of teleportation (84 gold).
 43011 | Depths:4 | Bought a scroll of teleportation for 84 gold pieces
 43020 | Depths:4 | 43020 ||| BUYING potion of haste (230 gold).
 43020 | Depths:4 | Bought a potion of haste for 230 gold pieces
 43020 | Depths:4 | 43020 ||| BUYING scroll of enchant armour (172 gold).
 43020 | Depths:4 | Bought a scroll of enchant armour for 172 gold pieces
 43025 | Depths:4 | 43025 ||| Stepping ~*~*~tactically~*~*~ (hiding).
 43031 | Depths:4 | 43031 ||| INVOKING Heroism.
 43034 | Depths:4 | 43034 ||| INVOKING Finesse.
 43042 | Depths:4 | Reached skill level 21 in Armour
 43105 | Depths:4 | 43105 ||| FLEEEEING.
 43106 | Depths:4 | 43106 ||| FLEEEEING.
 43107 | Depths:4 | 43107 ||| FLEEEEING.
 43112 | Depths:4 | Noticed a golden dragon
 43113 | Depths:4 | 43113 ||| INVOKING Heroism.
 43114 | Depths:4 | 43114 ||| INVOKING Finesse.
 43121 | Depths:4 | Killed a golden dragon
 43307 | Depths:4 | Noticed a golden dragon
 43308 | Depths:4 | 43308 ||| Stepping ~*~*~tactically~*~*~ (hiding).
 43316 | Depths:4 | 43316 ||| INVOKING Heroism.
 43317 | Depths:4 | 43317 ||| INVOKING Finesse.
 43329 | Depths:4 | Killed a golden dragon
 43381 | Depths:4 | 43381 ||| Stepping ~*~*~tactically~*~*~ (hiding).
 43503 | Depths:4 | 43503 ||| PLANNING VAULTS:5
 43503 | Depths:4 | 43503 ||| UPGRADING to +1 pair of boots "Leittiys" {+Inv
                  | Dex+4}.
 43513 | Depths:4 | 43513 ||| DROPPING +2 pair of boots.
 43514 | Depths:4 | 43514 ||| DROPPING ring of willpower.
 43812 | Vaults:5 | Entered Level 5 of the Vaults
 43813 | Vaults:5 | 43813 ||| INVOKING Heroism.
 43814 | Vaults:5 | 43814 ||| STAIRDANCE
 43831 | Vaults:5 | 43831 ||| STAIRDANCE
 43856 | Vaults:5 | 43856 ||| STAIRDANCE
 43858 | Vaults:4 | 43858 ||| INVOKING Heroism.
 43880 | Vaults:5 | 43880 ||| STAIRDANCE
 43916 | Vaults:5 | 43916 ||| STAIRDANCE
 43928 | Vaults:5 | 43928 ||| INVOKING Heroism.
 43944 | Vaults:5 | Noticed an ancient lich
 43950 | Vaults:5 | Reached XP level 24. HP: 136/168 MP: 30/30
 43958 | Vaults:5 | Noticed a dread lich
 43959 | Vaults:5 | 43959 ||| INVOKING Finesse.
 43964 | Vaults:5 | Killed an ancient lich
 43964 | Vaults:5 | Received a gift from Okawaru
 43984 | Vaults:5 | HP: 40/168 [deep elf high priest/divine providence (10)]
 43985 | Vaults:5 | 43985 ||| READING 15 scrolls of teleportation.
 43986 | Vaults:5 | 43986 ||| DRINKING 8 potions of heal wounds.
 43990 | Vaults:5 | Killed a dread lich
 44078 | Vaults:5 | 44078 ||| INVOKING Heroism.
 44120 | Vaults:5 | 44120 ||| INVOKING Heroism.
 44135 | Vaults:5 | HP: 41/168 [deep elf high priest/divine providence (13)]
 44136 | Vaults:5 | 44136 ||| READING 14 scrolls of teleportation.
 44153 | Vaults:5 | Noticed a dread lich
 44154 | Vaults:5 | 44154 ||| INVOKING Finesse.
 44162 | Vaults:5 | Killed a dread lich
 44268 | Vaults:5 | 44268 ||| INVOKING Heroism.
 44279 | Vaults:5 | 44279 ||| STAIRDANCE
 44352 | Vaults:5 | Received a gift from Okawaru
 44358 | Vaults:5 | Noticed an ancient lich
 44359 | Vaults:5 | 44359 ||| Stepping ~*~*~tactically~*~*~ (stealth).
 44361 | Vaults:5 | 44361 ||| Stepping ~*~*~tactically~*~*~ (hiding).
 44366 | Vaults:5 | 44366 ||| INVOKING Heroism.
 44367 | Vaults:5 | 44367 ||| INVOKING Finesse.
 44378 | Vaults:5 | Killed an ancient lich
 44435 | Vaults:5 | 44435 ||| INVOKING Heroism.
 44451 | Vaults:5 | 44451 ||| Stepping ~*~*~tactically~*~*~ (stealth).
 44452 | Vaults:5 | 44452 ||| Stepping ~*~*~tactically~*~*~ (stealth).
 44497 | Vaults:5 | 44497 ||| INVOKING Heroism.
 44519 | Vaults:5 | Identified the +7 great sword of Tenacity {venom, rN+
                  | Stlth+}
 44553 | Vaults:5 | Received a gift from Okawaru
 44575 | Vaults:5 | 44575 ||| INVOKING Heroism.
 44577 | Vaults:5 | Received a gift from Okawaru
 44588 | Vaults:5 | Reached skill level 12 in Dodging
 44625 | Vaults:5 | Noticed an ancient lich
 44625 | Vaults:5 | Noticed an ancient lich
 44626 | Vaults:5 | 44626 ||| INVOKING Finesse.
 44627 | Vaults:5 | 44627 ||| INVOKING Finesse.
 44635 | Vaults:5 | 44635 ||| INVOKING Heroism.
 44652 | Vaults:5 | Killed an ancient lich
 44653 | Vaults:5 | HP: 39/168 [ironbound convoker/+0 glaive (22)]
 44654 | Vaults:5 | 44654 ||| READING 13 scrolls of teleportation.
 44655 | Vaults:5 | 44655 ||| DRINKING 7 potions of heal wounds.
 44656 | Vaults:5 | Killed an ancient lich
 44824 | Vaults:5 | Identified the +5 leather armour of Duoth {rElec Int+2
                  | Stlth-}
 44878 | Vaults:5 | 44878 ||| INVOKING Heroism.
 44932 | Vaults:5 | Got a silver rune of Zot
 45365 | Vaults:5 | 45365 ||| Stepping ~*~*~tactically~*~*~ (hiding).
 45368 | Vaults:5 | 45368 ||| INVOKING Heroism.
 45672 | Vaults:5 | Identified the amulet of Wuuseax {RegenMP Will+ rCorr SInv
                  | Stlth-}
 45678 | Vaults:5 | Identified the +5 short sword of Terra Cotta {freeze, rN+}
 45745 | Vaults:5 | 45745 ||| PLANNING SHOPPING SPREE
 45745 | Vaults:5 | 45745 ||| DROPPING amulet of guardian spirit.
 46243 | Orc:2    | 46243 ||| BUYING amulet of reflection (420 gold).
 46243 | Orc:2    | Bought an amulet of reflection for 420 gold pieces
 46461 | Depths:1 | 46461 ||| BUYING +4 ring of slaying (1482 gold).
 46461 | Depths:1 | Bought a +4 ring of slaying for 1482 gold pieces
 46461 | Depths:1 | 46461 ||| DROPPING +6 ring of strength.
 46462 | Depths:1 | 46462 ||| PLANNING ZOT:1-4
 46599 | Zot:1    | Entered Level 1 of the Realm of Zot
 46609 | Zot:1    | Received a gift from Okawaru
 46713 | Zot:1    | 46713 ||| INVOKING Heroism.
 46735 | Zot:1    | Received a gift from Okawaru
 46741 | Zot:1    | Reached skill level 12 in Throwing
 46742 | Zot:1    | 46742 ||| DROPPING +2 vorpal broad axe.
 46766 | Zot:1    | Found the +4 dragonskin cloak
 46766 | Zot:1    | Noticed Tiamat
 46767 | Zot:1    | 46767 ||| INVOKING Finesse.
 46787 | Zot:1    | 46787 ||| INVOKING Heroism.
 46803 | Zot:1    | Reached XP level 25. HP: 52/175 MP: 27/30
 46812 | Zot:1    | HP: 43/175 [white draconian stormcaller/blast of
                  | cold[Tiamat] (5)]
 46813 | Zot:1    | 46813 ||| READING 14 scrolls of teleportation.
 46814 | Zot:1    | 46814 ||| DRINKING 6 potions of heal wounds.
 46834 | Zot:1    | 46834 ||| INVOKING Heroism.
 46870 | Zot:1    | 46870 ||| Stepping ~*~*~tactically~*~*~ (hiding).
 46876 | Zot:1    | 46876 ||| INVOKING Heroism.
 46905 | Zot:1    | 46905 ||| INVOKING Heroism.
 46911 | Zot:1    | HP: 39/175 [yellow draconian annihilator/iron shot[a white
                  | draconian stormcaller] (18)]
 46912 | Zot:1    | 46912 ||| READING 13 scrolls of teleportation.
 46913 | Zot:1    | 46913 ||| DRINKING 5 potions of heal wounds.
 46914 | Zot:1    | 46914 ||| READING 12 scrolls of teleportation.
 46915 | Zot:1    | 46915 ||| DRINKING 4 potions of heal wounds.
 46918 | Zot:1    | HP: 33/175 [green draconian/+0 hand axe (18)]
 46919 | Zot:1    | 46919 ||| DRINKING 3 potions of heal wounds.
 46924 | Zot:1    | HP: 40/175 [tentacled monstrosity (6)]
 46925 | Zot:1    | 46925 ||| DRINKING 2 potions of heal wounds.
 47029 | Zot:1    | 47029 ||| INVOKING Heroism.
 47072 | Zot:1    | 47072 ||| Stepping ~*~*~tactically~*~*~ (stealth).
 47123 | Zot:1    | 47123 ||| INVOKING Heroism.
 47215 | Zot:1    | 47215 ||| Stepping ~*~*~tactically~*~*~ (stealth).
 47216 | Zot:1    | 47216 ||| INVOKING Heroism.
 47264 | Zot:1    | 47264 ||| Stepping ~*~*~tactically~*~*~ (stealth).
 47357 | Zot:1    | 47357 ||| READING scroll of brand weapon.
 47357 | Zot:1    | 47357 ||| BRANDING +8 broad axe of freezing.
 47456 | Zot:1    | 47456 ||| Stepping ~*~*~tactically~*~*~ (stealth).
 47459 | Zot:1    | 47459 ||| INVOKING Heroism.
 47460 | Zot:1    | 47460 ||| INVOKING Finesse.
 47528 | Zot:1    | Killed Tiamat
 47528 | Zot:1    | Received a gift from Okawaru
 47690 | Zot:1    | 47690 ||| Stepping ~*~*~tactically~*~*~ (hiding).
 47691 | Zot:1    | 47691 ||| Stepping ~*~*~tactically~*~*~ (hiding).
 47699 | Zot:1    | 47699 ||| Stepping ~*~*~tactically~*~*~ (hiding).
 47820 | Zot:1    | 47820 ||| INVOKING Heroism.
 47935 | Zot:1    | 47935 ||| UPGRADING to +4 dragonskin cloak.
 47945 | Zot:1    | 47945 ||| DROPPING +2 cloak.
 47972 | Zot:2    | 47972 ||| INVOKING Heroism.
 47974 | Zot:2    | 47974 ||| Stepping ~*~*~tactically~*~*~ (hiding).
 47990 | Zot:2    | Received a gift from Okawaru
 48009 | Zot:2    | 48009 ||| DROPPING +0 broad axe of freezing.
 48167 | Zot:2    | 48167 ||| INVOKING Heroism.
 48192 | Zot:2    | 48192 ||| Stepping ~*~*~tactically~*~*~ (cloud).
 48266 | Zot:2    | 48266 ||| READING scroll of enchant weapon.
 48266 | Zot:2    | 48266 ||| ENCHANTING +8 broad axe of chaos.
 48346 | Zot:2    | Found a transporter.
 48346 | Zot:2    | Found a transporter.
 48488 | Zot:2    | 48488 ||| INVOKING Heroism.
 48631 | Zot:2    | 48631 ||| INVOKING Heroism.
 48932 | Zot:2    | Found a runed translucent gate.
 48932 | Zot:2    | Found a runed translucent gate.
 48932 | Zot:2    | Found an ancient bone altar of Kikubaaqudgha.
 48932 | Zot:2    | Noticed a dread lich
 48932 | Zot:2    | Noticed a dread lich
 48932 | Zot:2    | Noticed qw's ghost (legendary GrFi)
 48933 | Zot:2    | Found a runed translucent gate.
 48933 | Zot:2    | Noticed a dread lich
 48933 | Zot:2    | Noticed a dread lich
 49312 | Zot:3    | 49312 ||| INVOKING Heroism.
 49343 | Zot:3    | Reached skill level 24 in Fighting
 49456 | Zot:3    | 49456 ||| INVOKING Heroism.
 49466 | Zot:3    | Identified the +3 kite shield "Put-Me-On" {rElec Str+3}
                  | (Okawaru gifted it to you on level 3 of the Realm of Zot)
 49466 | Zot:3    | Received a gift from Okawaru
 49546 | Zot:3    | 49546 ||| INVOKING Heroism.
 49611 | Zot:3    | 49611 ||| INVOKING Heroism.
 49618 | Zot:3    | Noticed an orb of fire
 49619 | Zot:3    | 49619 ||| DRINKING 6 potions of resistance.
 49620 | Zot:3    | 49620 ||| INVOKING Finesse.
 49622 | Zot:3    | 49622 ||| DRINKING 5 potions of resistance.
 49645 | Zot:3    | Gained mutation: You are clumsy. (Dex -2) [an orb of fire]
 49651 | Zot:3    | Gained mutation: Your muscles are strong. (Str +4, Int/Dex
                  | -1) [an orb of fire]
 49656 | Zot:3    | Killed an orb of fire
 49657 | Zot:3    | 49657 ||| FLEEEEING.
 49658 | Zot:3    | 49658 ||| FLEEEEING.
 49659 | Zot:3    | 49659 ||| FLEEEEING.
 49660 | Zot:3    | 49660 ||| FLEEEEING.
 49661 | Zot:3    | 49661 ||| FLEEEEING.
 49662 | Zot:3    | 49662 ||| FLEEEEING.
 49663 | Zot:3    | 49663 ||| FLEEEEING.
 49664 | Zot:3    | 49664 ||| FLEEEEING.
 49665 | Zot:3    | 49665 ||| FLEEEEING.
 49670 | Zot:3    | 49670 ||| FLEEEEING.
 49671 | Zot:3    | 49671 ||| FLEEEEING.
 49672 | Zot:3    | 49672 ||| FLEEEEING.
 49673 | Zot:3    | 49673 ||| FLEEEEING.
 49674 | Zot:3    | 49674 ||| FLEEEEING.
 49676 | Zot:3    | 49676 ||| FLEEEEING.
 49677 | Zot:3    | 49677 ||| FLEEEEING.
 49678 | Zot:3    | 49678 ||| FLEEEEING.
 49679 | Zot:3    | 49679 ||| FLEEEEING.
 49683 | Zot:3    | 49683 ||| Stepping ~*~*~tactically~*~*~ (hiding).
 49684 | Zot:3    | 49684 ||| INVOKING Heroism.
 49708 | Zot:3    | 49708 ||| FLEEEEING.
 49709 | Zot:3    | 49709 ||| FLEEEEING.
 49710 | Zot:3    | 49710 ||| FLEEEEING.
 49711 | Zot:3    | 49711 ||| FLEEEEING.
 49712 | Zot:3    | 49712 ||| STAIRDANCE
 49949 | Zot:3    | 49949 ||| INVOKING Heroism.
 50006 | Zot:3    | 50006 ||| INVOKING Heroism.
 50199 | Zot:3    | Reached XP level 26. HP: 182/184 MP: 30/30
 50465 | Zot:4    | 50465 ||| READING scroll of brand weapon.
 50465 | Zot:4    | 50465 ||| BRANDING +9 broad axe of chaos.
 50498 | Zot:4    | 50498 ||| Stepping ~*~*~tactically~*~*~ (stealth).
 50499 | Zot:4    | 50499 ||| Stepping ~*~*~tactically~*~*~ (stealth).
 50500 | Zot:4    | 50500 ||| Stepping ~*~*~tactically~*~*~ (stealth).
 50618 | Zot:4    | 50618 ||| INVOKING Heroism.
 50667 | Zot:4    | 50667 ||| Stepping ~*~*~tactically~*~*~ (hiding).
 50668 | Zot:4    | 50668 ||| INVOKING Heroism.
 50720 | Zot:4    | 50720 ||| INVOKING Heroism.
 51025 | Zot:4    | 51025 ||| INVOKING Heroism.
 51084 | Zot:4    | 51084 ||| INVOKING Heroism.
 51368 | Zot:4    | 51368 ||| Stepping ~*~*~tactically~*~*~ (hiding).
 51497 | Zot:4    | 51497 ||| PLANNING THE SHINING ONE WORSHIP
 51702 | Depths:3 | Fell from the grace of Okawaru
 51702 | Depths:3 | Became a worshipper of the Shining One
 51703 | Depths:3 | 51703 ||| PLANNING CRYPT
 51997 | Crypt:1  | Entered Level 1 of the Crypt
 52021 | Crypt:1  | Reached * piety under the Shining One
 52068 | Crypt:1  | Identified the +5 flail "Illumeh" {elec, rPois Will+ Dex+4}
 52178 | Crypt:1  | Reached ** piety under the Shining One
 52179 | Crypt:1  | 52179 ||| REMOVING ring of see invisible.
 52200 | Crypt:1  | You are sucked into a shaft and drop 1 floor!
 52201 | Crypt:2  | 52201 ||| Stepping ~*~*~tactically~*~*~ (hiding).
 52212 | Crypt:2  | 52212 ||| DROPPING +1 hat of the Morning Star {SInv
                  | Stlth+}.
 52213 | Crypt:2  | 52213 ||| UPGRADING to ring of protection from fire.
 52214 | Crypt:2  | 52214 ||| DROPPING ring of see invisible.
 52215 | Crypt:2  | 52215 ||| UPGRADING to +4 ring of slaying {mikee}.
 52217 | Crypt:2  | 52217 ||| UPGRADING to +4 ring of slaying {mikee}.
 52219 | Crypt:2  | 52219 ||| UPGRADING to ring "Uwaa" {rF+ rCorr Dex+5}.
 52225 | Crypt:2  | 52225 ||| Stepping ~*~*~tactically~*~*~ (hiding).
 52227 | Crypt:2  | 52227 ||| Stepping ~*~*~tactically~*~*~ (hiding).
 52228 | Crypt:2  | 52228 ||| Stepping ~*~*~tactically~*~*~ (hiding).
 52339 | Crypt:1  | Noticed Bai Suzhen
 52347 | Crypt:1  | Killed Bai Suzhen
 52371 | Crypt:1  | 52371 ||| Stepping ~*~*~tactically~*~*~ (cloud).
 52427 | Crypt:1  | Reached *** piety under the Shining One
 52428 | Crypt:1  | 52428 ||| Stepping ~*~*~tactically~*~*~ (stealth).
 52447 | Crypt:1  | 52447 ||| Stepping ~*~*~tactically~*~*~ (stealth).
 52455 | Crypt:1  | 52455 ||| Stepping ~*~*~tactically~*~*~ (hiding).
 52465 | Crypt:1  | Reached skill level 12 in Invocations
 52587 | Crypt:1  | Reached **** piety under the Shining One
 52706 | Crypt:1  | Noticed Mennas
 52707 | Crypt:1  | 52707 ||| Stepping ~*~*~tactically~*~*~ (stealth).
 52728 | Crypt:1  | Killed Mennas
 52960 | Crypt:2  | 52960 ||| Stepping ~*~*~tactically~*~*~ (stealth).
 53001 | Crypt:2  | Identified the +12 plate armour of Starshine {Str+2 Slay+3}
 53062 | Crypt:2  | Reached ***** piety under the Shining One
 53106 | Crypt:2  | 53106 ||| Stepping ~*~*~tactically~*~*~ (hiding).
 53109 | Crypt:2  | 53109 ||| Stepping ~*~*~tactically~*~*~ (hiding).
 53160 | Crypt:2  | 53160 ||| Stepping ~*~*~tactically~*~*~ (hiding).
 53181 | Crypt:2  | 53181 ||| Stepping ~*~*~tactically~*~*~ (cloud).
 53233 | Crypt:2  | 53233 ||| Stepping ~*~*~tactically~*~*~ (hiding).
 53462 | Crypt:2  | 53462 ||| Stepping ~*~*~tactically~*~*~ (stealth).
 53463 | Crypt:2  | 53463 ||| Stepping ~*~*~tactically~*~*~ (stealth).
 53490 | Crypt:2  | 53490 ||| Stepping ~*~*~tactically~*~*~ (stealth).
 53751 | Crypt:2  | 53751 ||| UPGRADING to +12 plate armour of Starshine {Str+2
                  | Slay+3}.
 53761 | Crypt:2  | 53761 ||| DROPPING +9 plate armour "Odwauts" {Will+ Dex+5}.
 53762 | Crypt:2  | 53762 ||| DROPPING +0 gold dragon scales.
 53793 | Crypt:3  | Entered Level 3 of the Crypt
 53838 | Crypt:3  | 53838 ||| Stepping ~*~*~tactically~*~*~ (stealth).
 53855 | Crypt:3  | 53855 ||| Stepping ~*~*~tactically~*~*~ (hiding).
 53880 | Crypt:3  | 53880 ||| FLEEEEING.
 53979 | Crypt:3  | 53979 ||| Stepping ~*~*~tactically~*~*~ (hiding).
 54118 | Crypt:3  | 54118 ||| FLEEEEING.
 54119 | Crypt:3  | 54119 ||| FLEEEEING.
 54120 | Crypt:3  | 54120 ||| Stepping ~*~*~tactically~*~*~ (hiding).
 54132 | Crypt:3  | Reached ****** piety under the Shining One
 54144 | Crypt:3  | 54144 ||| INVOKING Cleansing Flame.
 54153 | Crypt:3  | 54153 ||| INVOKING Cleansing Flame.
 54154 | Crypt:3  | 54154 ||| INVOKING Cleansing Flame.
 54155 | Crypt:3  | 54155 ||| INVOKING Cleansing Flame.
 54156 | Crypt:3  | Reached skill level 15 in Invocations
 54217 | Crypt:3  | 54217 ||| INVOKING Brand Weapon With Holy Wrath.
 54217 | Crypt:3  | Identified a +9 broad axe of holy wrath (a +9 vorpal broad
                  | axe blessed by the Shining One)
 54217 | Crypt:3  | Received a gift from the Shining One
 54502 | Crypt:3  | 54502 ||| Stepping ~*~*~tactically~*~*~ (hiding).
 54505 | Crypt:3  | 54505 ||| INVOKING Cleansing Flame.
 54506 | Crypt:3  | 54506 ||| INVOKING Cleansing Flame.
 54507 | Crypt:3  | 54507 ||| FLEEEEING.
 54513 | Crypt:3  | 54513 ||| FLEEEEING.
 54516 | Crypt:3  | 54516 ||| FLEEEEING.
 54548 | Crypt:3  | 54548 ||| Stepping ~*~*~tactically~*~*~ (stealth).
 54549 | Crypt:3  | 54549 ||| Stepping ~*~*~tactically~*~*~ (stealth).
 54550 | Crypt:3  | 54550 ||| Stepping ~*~*~tactically~*~*~ (stealth).
 54573 | Crypt:3  | Found a staircase to the Tomb.
 54797 | Crypt:3  | Noticed an ancient lich
 54797 | Crypt:3  | Noticed an ancient lich
 54798 | Crypt:3  | 54798 ||| INVOKING Summon Divine Warrior.
 54832 | Crypt:3  | Identified the +10 spear "Foamomo" {protect, rN+}
 54832 | Crypt:3  | Noticed an ancient lich
 54834 | Crypt:3  | 54834 ||| INVOKING Summon Divine Warrior.
 54836 | Crypt:3  | Killed an ancient lich
 54837 | Crypt:3  | Killed an ancient lich
 54841 | Crypt:3  | Killed an ancient lich
 54842 | Crypt:3  | Reached XP level 27. HP: 192/192 MP: 28/35
 54876 | Crypt:3  | Identified the ring "Ontulye" {Drain Will+ AC+4 Dex+4
                  | Stlth+}
 54952 | Crypt:3  | 54952 ||| PLANNING TOMB
 54952 | Crypt:3  | 54952 ||| DROPPING scarf of harm.
 54953 | Crypt:3  | 54953 ||| DROPPING +0 scale mail "Ycwecwif" {rElec rN+
                  | rCorr}.
 54954 | Crypt:3  | 54954 ||| UPGRADING to ring "Ontulye" {Drain Will+ AC+4
                  | Dex+4 Stlth+}.
 54956 | Crypt:3  | 54956 ||| DROPPING ring of fire.
 54957 | Crypt:3  | 54957 ||| DROPPING +4 ring of slaying {mikee}.
 55015 | Tomb:1   | Entered Level 1 of the Tomb of the Ancients
 55530 | Tomb:1   | 55530 ||| INVOKING Cleansing Flame.
 55531 | Tomb:1   | 55531 ||| INVOKING Cleansing Flame.
 55531 | Tomb:1   | Noticed a royal mummy
 55531 | Tomb:1   | Noticed a royal mummy
 55532 | Tomb:1   | 55532 ||| INVOKING Cleansing Flame.
 55533 | Tomb:1   | 55533 ||| INVOKING Cleansing Flame.
 55534 | Tomb:1   | 55534 ||| INVOKING Summon Divine Warrior.
 55535 | Tomb:1   | 55535 ||| INVOKING Cleansing Flame.
 55536 | Tomb:1   | 55536 ||| DRINKING 6 potions of magic.
 55540 | Tomb:1   | 55540 ||| INVOKING Cleansing Flame.
 55541 | Tomb:1   | 55541 ||| INVOKING Cleansing Flame.
 55541 | Tomb:1   | HP: 38/192 [mummy priest/divine providence (14)]
 55541 | Tomb:1   | Killed a royal mummy
 55542 | Tomb:1   | 55542 ||| READING 18 scrolls of teleportation.
 55543 | Tomb:1   | 55543 ||| DRINKING 3 potions of heal wounds.
 55544 | Tomb:1   | Noticed a royal mummy
 55544 | Tomb:1   | Noticed a royal mummy
 55544 | Tomb:1   | Noticed a royal mummy
 55545 | Tomb:1   | 55545 ||| INVOKING Cleansing Flame.
 55545 | Tomb:1   | Noticed a royal mummy
 55545 | Tomb:1   | Noticed a royal mummy
 55546 | Tomb:1   | 55546 ||| INVOKING Summon Divine Warrior.
 55546 | Tomb:1   | HP: 39/192 [royal mummy (13)]
 55547 | Tomb:1   | 55547 ||| READING 17 scrolls of teleportation.
 55548 | Tomb:1   | 55548 ||| DRINKING 2 potions of heal wounds.
 55548 | Tomb:1   | Noticed a royal mummy
 55549 | Tomb:1   | 55549 ||| INVOKING Cleansing Flame.
 55564 | Tomb:1   | Was forgiven by Okawaru
 55565 | Tomb:1   | 55565 ||| INVOKING Summon Divine Warrior.
 55573 | Tomb:1   | HP: 48/192 [fire giant/+1 great sword of flaming[the fury
                  | of Okawaru] (9)]
 55574 | Tomb:1   | 55574 ||| READING 16 scrolls of teleportation.
 55575 | Tomb:1   | 55575 ||| DRINKING potion of heal wounds.
 55581 | Tomb:1   | 55581 ||| INVOKING Summon Divine Warrior.
 55591 | Tomb:1   | 55591 ||| INVOKING Cleansing Flame.
 55600 | Tomb:1   | 55600 ||| INVOKING Cleansing Flame.
 55601 | Tomb:1   | 55601 ||| INVOKING Cleansing Flame.
 55602 | Tomb:1   | 55602 ||| DRINKING 5 potions of magic.
 55604 | Tomb:1   | Killed a royal mummy
 55847 | Tomb:1   | Identified the +4 helmet "Teyro" {Rampage Will- Str+4
                  | Dex+8}
 55855 | Tomb:1   | 55855 ||| INVOKING Cleansing Flame.
 55856 | Tomb:1   | 55856 ||| INVOKING Cleansing Flame.
 55857 | Tomb:1   | 55857 ||| INVOKING Cleansing Flame.
 56048 | Tomb:1   | 56048 ||| UPGRADING to +4 helmet "Teyro" {Rampage Will-
                  | Str+4 Dex+8}.
 56058 | Tomb:1   | 56058 ||| DROPPING +2 helmet.
 56118 | Tomb:2   | 56118 ||| DRINKING 12 potions of haste.
 56118 | Tomb:2   | Noticed a royal mummy
 56118 | Tomb:2   | Noticed a royal mummy
 56118 | Tomb:2   | Noticed a royal mummy
 56118 | Tomb:2   | Noticed a royal mummy
 56119 | Tomb:2   | 56119 ||| DRINKING 13 potions of attraction.
 56120 | Tomb:2   | 56120 ||| INVOKING Cleansing Flame.
 56121 | Tomb:2   | Reached skill level 18 in Invocations
 56121 | Tomb:2   | 56121 ||| INVOKING Cleansing Flame.
 56122 | Tomb:2   | 56122 ||| INVOKING Cleansing Flame.
 56123 | Tomb:2   | 56123 ||| INVOKING Summon Divine Warrior.
 56126 | Tomb:2   | 56126 ||| INVOKING Cleansing Flame.
 56126 | Tomb:2   | Killed a royal mummy
 56126 | Tomb:2   | Noticed Boris
 56127 | Tomb:2   | Killed a royal mummy
 56129 | Tomb:2   | Killed a royal mummy
 56130 | Tomb:2   | Killed a royal mummy
 56132 | Tomb:2   | Killed Boris
 56145 | Tomb:2   | 56145 ||| INVOKING Cleansing Flame.
 56221 | Tomb:2   | 56221 ||| INVOKING Summon Divine Warrior.
 56525 | Tomb:1   | Noticed a royal mummy
 56526 | Tomb:1   | 56526 ||| INVOKING Summon Divine Warrior.
 56528 | Tomb:1   | 56528 ||| INVOKING Cleansing Flame.
 56529 | Tomb:1   | 56529 ||| INVOKING Cleansing Flame.
 56531 | Tomb:1   | Killed a royal mummy
 56535 | Tomb:1   | Noticed a royal mummy
 56537 | Tomb:1   | HP: 47/192 [??? (9)]
 56538 | Tomb:1   | 56538 ||| READING 15 scrolls of teleportation.
 56539 | Tomb:1   | 56539 ||| DRINKING potion of heal wounds.
 56540 | Tomb:1   | 56540 ||| INVOKING Cleansing Flame.
 56542 | Tomb:1   | 56542 ||| INVOKING Cleansing Flame.
 56543 | Tomb:1   | 56543 ||| INVOKING Cleansing Flame.
 56543 | Tomb:1   | Killed a royal mummy
 56543 | Tomb:1   | HP: 46/192 [torment (9)]
 56753 | Tomb:1   | 56753 ||| Stepping ~*~*~tactically~*~*~ (stealth).
 56754 | Tomb:1   | 56754 ||| INVOKING Summon Divine Warrior.
 56763 | Tomb:1   | Killed a royal mummy
 56764 | Tomb:1   | Killed a royal mummy
 56767 | Tomb:1   | 56767 ||| INVOKING Summon Divine Warrior.
 56772 | Tomb:1   | Killed a royal mummy
 56773 | Tomb:1   | Reached skill level 21 in Invocations
 56780 | Tomb:1   | Killed a royal mummy
 56782 | Tomb:1   | Killed a royal mummy
 56880 | Tomb:1   | Noticed a royal mummy
 56881 | Tomb:1   | 56881 ||| Stepping ~*~*~tactically~*~*~ (hiding).
 56885 | Tomb:1   | 56885 ||| INVOKING Summon Divine Warrior.
 56890 | Tomb:1   | 56890 ||| INVOKING Summon Divine Warrior.
 56897 | Tomb:1   | Killed a royal mummy
 56983 | Tomb:1   | Noticed a royal mummy
 56989 | Tomb:1   | 56989 ||| INVOKING Summon Divine Warrior.
 56992 | Tomb:1   | Killed a royal mummy
 57019 | Tomb:1   | Noticed a royal mummy
 57022 | Tomb:1   | 57022 ||| INVOKING Summon Divine Warrior.
 57026 | Tomb:1   | Killed a royal mummy
 57030 | Tomb:1   | 57030 ||| INVOKING Cleansing Flame.
 57031 | Tomb:1   | 57031 ||| INVOKING Cleansing Flame.
 57031 | Tomb:1   | Noticed a royal mummy
 57033 | Tomb:1   | Killed a royal mummy
 57036 | Tomb:1   | 57036 ||| INVOKING Cleansing Flame.
 57037 | Tomb:1   | 57037 ||| INVOKING Cleansing Flame.
 57037 | Tomb:1   | Killed a royal mummy
 57041 | Tomb:1   | 57041 ||| INVOKING Cleansing Flame.
 57053 | Tomb:1   | Noticed a royal mummy
 57058 | Tomb:1   | Killed a royal mummy
 57463 | Tomb:2   | 57463 ||| INVOKING Cleansing Flame.
 57464 | Tomb:2   | 57464 ||| INVOKING Cleansing Flame.
 57477 | Tomb:2   | 57477 ||| Stepping randomly (cloudy).
 57478 | Tomb:2   | 57478 ||| Stepping randomly (cloudy).
 57481 | Tomb:2   | 57481 ||| Stepping randomly (cloudy).
 57482 | Tomb:2   | 57482 ||| Stepping randomly (cloudy).
 57483 | Tomb:2   | 57483 ||| INVOKING Cleansing Flame.
 57484 | Tomb:2   | 57484 ||| INVOKING Cleansing Flame.
 57493 | Tomb:2   | 57493 ||| Stepping ~*~*~tactically~*~*~ (hiding).
 57724 | Tomb:3   | Entered Level 3 of the Tomb of the Ancients
 57725 | Tomb:3   | 57725 ||| DRINKING 11 potions of haste.
 57726 | Tomb:3   | 57726 ||| DRINKING 12 potions of attraction.
 57728 | Tomb:3   | 57728 ||| INVOKING Cleansing Flame.
 57754 | Tomb:3   | Noticed a royal mummy
 57755 | Tomb:3   | 57755 ||| INVOKING Summon Divine Warrior.
 57758 | Tomb:3   | 57758 ||| INVOKING Cleansing Flame.
 57760 | Tomb:3   | Killed a royal mummy
 57766 | Tomb:3   | Noticed a royal mummy
 57771 | Tomb:3   | 57771 ||| INVOKING Cleansing Flame.
 57775 | Tomb:3   | Killed a royal mummy
 57793 | Tomb:3   | Noticed a royal mummy
 57799 | Tomb:3   | 57799 ||| INVOKING Cleansing Flame.
 57800 | Tomb:3   | 57800 ||| INVOKING Cleansing Flame.
 57801 | Tomb:3   | 57801 ||| INVOKING Cleansing Flame.
 57801 | Tomb:3   | Killed a royal mummy
 57810 | Tomb:3   | Noticed a royal mummy
 57811 | Tomb:3   | 57811 ||| INVOKING Cleansing Flame.
 57815 | Tomb:3   | 57815 ||| Stepping ~*~*~tactically~*~*~ (hiding).
 57830 | Tomb:3   | Noticed a royal mummy
 57835 | Tomb:3   | 57835 ||| INVOKING Cleansing Flame.
 57837 | Tomb:3   | Killed a royal mummy
 57849 | Tomb:3   | 57849 ||| INVOKING Cleansing Flame.
 57860 | Tomb:3   | Killed a royal mummy
 58157 | Tomb:3   | Noticed a royal mummy
 58165 | Tomb:3   | 58165 ||| INVOKING Cleansing Flame.
 58166 | Tomb:3   | 58166 ||| INVOKING Cleansing Flame.
 58167 | Tomb:3   | 58167 ||| INVOKING Cleansing Flame.
 58167 | Tomb:3   | Killed a royal mummy
 58179 | Tomb:3   | Noticed a royal mummy
 58182 | Tomb:3   | 58182 ||| INVOKING Cleansing Flame.
 58183 | Tomb:3   | 58183 ||| INVOKING Cleansing Flame.
 58183 | Tomb:3   | Killed a royal mummy
 58259 | Tomb:3   | Noticed Khufu
 58263 | Tomb:3   | 58263 ||| INVOKING Cleansing Flame.
 58267 | Tomb:3   | Killed Khufu
 58268 | Tomb:3   | Reached skill level 24 in Invocations
 58295 | Tomb:3   | Noticed a royal mummy
 58306 | Tomb:3   | 58306 ||| INVOKING Cleansing Flame.
 58307 | Tomb:3   | 58307 ||| INVOKING Cleansing Flame.
 58308 | Tomb:3   | 58308 ||| INVOKING Cleansing Flame.
 58308 | Tomb:3   | Killed a royal mummy
 58385 | Tomb:3   | Got a golden rune of Zot
 58498 | Tomb:3   | Identified the +4 chain mail of Plasticity {rC+ Int+5
                  | Stlth+}
 58506 | Tomb:3   | Identified the amulet of Niosin {rF+ Regen+ Dex+2}
 58508 | Tomb:3   | Identified the +1 plate armour of Greed {rF++ rC- Int+3
                  | Stlth+}
 58509 | Tomb:3   | Identified the +7 hand axe of the Hierophant {venom, rElec
                  | rCorr Dex+2}
 58553 | Tomb:3   | 58553 ||| PLANNING PAN
 58553 | Tomb:3   | 58553 ||| UPGRADING to amulet of Niosin {rF+ Regen+ Dex+2}.
 58563 | Tomb:3   | 58563 ||| DROPPING amulet of reflection.
 58564 | Tomb:3   | 58564 ||| UPGRADING to +4 ring of evasion.
 58566 | Tomb:3   | 58566 ||| DROPPING +4 ring of slaying {mikee}.
 59079 | Pan      | Entered Pandemonium
 59079 | Pan      | Noticed Ignacio
 59094 | Pan      | HP: 33/192 [demonspawn warmonger/+2 double sword of
                  | draining (48)]
 59095 | Pan      | 59095 ||| READING 15 scrolls of teleportation.
 59096 | Pan      | 59096 ||| INVOKING Cleansing Flame.
 59097 | Pan      | The Shining One protects you from harm!
 59098 | Pan      | 59098 ||| INVOKING Cleansing Flame.
 59099 | Pan      | HP: 27/192 [Ignacio/+4 executioner's axe of pain (8)]
 59100 | Pan      | Killed Ignacio
 59232 | Pan      | 59232 ||| Stepping ~*~*~tactically~*~*~ (hiding).
 59334 | Pan      | 59334 ||| INVOKING Cleansing Flame.
 59335 | Pan      | 59335 ||| INVOKING Summon Divine Warrior.
 59352 | Pan      | Gained mutation: You are frail. (-10% HP) [a neqoxec]
 59355 | Pan      | 59355 ||| DRINKING 14 potions of mutation.
 59355 | Pan      | Lost mutation: Your muscles are strong. (Str +4, Int/Dex
                  | -1) [potion of mutation]
 59355 | Pan      | Lost mutation: You are frail. (-10% HP) [potion of
                  | mutation]
 59355 | Pan      | Lost mutation: You are clumsy. (Dex -2) [potion of
                  | mutation]
 59355 | Pan      | Gained mutation: You are frail. (-10% HP) [potion of
                  | mutation]
 59356 | Pan      | 59356 ||| DRINKING 13 potions of mutation.
 59356 | Pan      | Lost mutation: You are frail. (-10% HP) [potion of
                  | mutation]
 59356 | Pan      | Gained mutation: Armour fits poorly on your strangely
                  | shaped body. [potion of mutation]
 59357 | Pan      | 59357 ||| DRINKING 12 potions of mutation.
 59357 | Pan      | Lost mutation: Armour fits poorly on your strangely shaped
                  | body. [potion of mutation]
 59357 | Pan      | Gained mutation: Your body sometimes deteriorates upon
                  | taking damage. [potion of mutation]
 59357 | Pan      | Gained mutation: You are agile. (Dex +4, Str/Int -1)
                  | [potion of mutation]
 59357 | Pan      | Gained mutation: Armour fits poorly on your strangely
                  | shaped body. [potion of mutation]
 59358 | Pan      | 59358 ||| DRINKING 11 potions of mutation.
 59358 | Pan      | Lost mutation: Your body sometimes deteriorates upon taking
                  | damage. [potion of mutation]
 59358 | Pan      | Lost mutation: Armour fits poorly on your strangely shaped
                  | body. [potion of mutation]
 59358 | Pan      | Gained mutation: You are frail. (-10% HP) [potion of
                  | mutation]
 59358 | Pan      | Gained mutation: Your body sometimes deteriorates upon
                  | taking damage. [potion of mutation]
 59358 | Pan      | Gained mutation: You are very frail. (-20% HP) [potion of
                  | mutation]
 59359 | Pan      | 59359 ||| DRINKING 10 potions of mutation.
 59359 | Pan      | Lost mutation: You are agile. (Dex +4, Str/Int -1) [potion
                  | of mutation]
 59359 | Pan      | Lost mutation: You are very frail. (-20% HP) [potion of
                  | mutation]
 59359 | Pan      | Lost mutation: Your body sometimes deteriorates upon taking
                  | damage. [potion of mutation]
 59359 | Pan      | Gained mutation: Your flesh is heat resistant. (rF+)
                  | [potion of mutation]
 59359 | Pan      | Gained mutation: You are weak. (Str -2) [potion of
                  | mutation]
 59359 | Pan      | Gained mutation: Your mind is acute. (Int +4, Str/Dex -1)
                  | [potion of mutation]
 59359 | Pan      | Gained mutation: You are agile. (Dex +4, Str/Int -1)
                  | [potion of mutation]
 59360 | Pan      | 59360 ||| DRINKING 9 potions of mutation.
 59360 | Pan      | Lost mutation: Your flesh is heat resistant. (rF+) [potion
                  | of mutation]
 59360 | Pan      | Lost mutation: You are agile. (Dex +4, Str/Int -1) [potion
                  | of mutation]
 59360 | Pan      | Gained mutation: You have sharp toenails. [potion of
                  | mutation]
 59360 | Pan      | Gained mutation: You are strong-willed. (Will+) [potion of
                  | mutation]
 59360 | Pan      | Gained mutation: You are partially covered in large bone
                  | plates. (SH +4) [potion of mutation]
 59361 | Pan      | 59361 ||| DRINKING 8 potions of mutation.
 59361 | Pan      | Lost mutation: You are strong-willed. (Will+) [potion of
                  | mutation]
 59361 | Pan      | Lost mutation: You are weak. (Str -2) [potion of mutation]
 59361 | Pan      | Lost mutation: You have sharp toenails. [potion of
                  | mutation]
 59361 | Pan      | Gained mutation: You have sharp toenails. [potion of
                  | mutation]
 59361 | Pan      | Gained mutation: You have a pair of small antennae on your
                  | head. [potion of mutation]
 59362 | Pan      | 59362 ||| DRINKING 7 potions of mutation.
 59362 | Pan      | Lost mutation: Your mind is acute. (Int +4, Str/Dex -1)
                  | [potion of mutation]
 59362 | Pan      | Lost mutation: You are partially covered in large bone
                  | plates. (SH +4) [potion of mutation]
 59362 | Pan      | Lost mutation: You have a pair of small antennae on your
                  | head. [potion of mutation]
 59362 | Pan      | Gained mutation: You have hidden genetic potential. [potion
                  | of mutation]
 59363 | Pan      | 59363 ||| DRINKING 6 potions of mutation.
 59363 | Pan      | Lost mutation: You have sharp toenails. [potion of
                  | mutation]
 59363 | Pan      | Lost mutation: You are frail. (-10% HP) [potion of
                  | mutation]
 59363 | Pan      | Gained mutation: Your muscles are strong. (Str +4, Int/Dex
                  | -1) [potion of mutation]
 59363 | Pan      | Lost mutation: You have hidden genetic potential. [potion
                  | of mutation]
 59363 | Pan      | Gained mutation: Armour fits poorly on your strangely
                  | shaped body. [potion of mutation]
 59364 | Pan      | 59364 ||| DRINKING 5 potions of mutation.
 59364 | Pan      | Lost mutation: Your muscles are strong. (Str +4, Int/Dex
                  | -1) [potion of mutation]
 59364 | Pan      | Lost mutation: Armour fits poorly on your strangely shaped
                  | body. [potion of mutation]
 59364 | Pan      | Gained mutation: You passively map a small area around you.
                  | [potion of mutation]
 59364 | Pan      | Gained mutation: Your magical capacity is low. (-10% MP)
                  | [potion of mutation]
 59364 | Pan      | Gained mutation: Your spells are a little harder to cast,
                  | but a little more powerful. [potion of mutation]
 59364 | Pan      | Gained mutation: You have sharp fingernails. [potion of
                  | mutation]
 59429 | Pan      | 59429 ||| INVOKING Cleansing Flame.
 59430 | Pan      | 59430 ||| INVOKING Cleansing Flame.
 59465 | Pan      | 59465 ||| Stepping ~*~*~tactically~*~*~ (stealth).
 59476 | Pan      | Noticed Tyrchekae the pandemonium lord
 59477 | Pan      | 59477 ||| INVOKING Summon Divine Warrior.
 59478 | Pan      | 59478 ||| INVOKING Cleansing Flame.
 59479 | Pan      | 59479 ||| INVOKING Cleansing Flame.
 59480 | Pan      | 59480 ||| INVOKING Summon Divine Warrior.
 59483 | Pan      | Killed Tyrchekae the pandemonium lord
 59484 | Pan      | 59484 ||| Stepping ~*~*~tactically~*~*~ (cloud).
 59689 | Pan      | 59689 ||| Stepping ~*~*~tactically~*~*~ (stealth).
 59690 | Pan      | 59690 ||| Stepping ~*~*~tactically~*~*~ (stealth).
 59691 | Pan      | 59691 ||| Stepping ~*~*~tactically~*~*~ (stealth).
 59692 | Pan      | 59692 ||| Stepping ~*~*~tactically~*~*~ (stealth).
 59781 | Pan      | 59781 ||| Stepping ~*~*~tactically~*~*~ (stealth).
 59907 | Pan      | 59907 ||| UPGRADING to +2 helmet "Tyhom" {Contam rElec
                  | rC+}.
 59912 | Pan      | 59912 ||| UPGRADING to +1 tower shield of cold resistance.
 59922 | Pan      | 59922 ||| DROPPING +0 tower shield.
 59923 | Pan      | 59923 ||| UPGRADING to +4 helmet "Teyro" {Rampage Will-
                  | Str+4 Dex+8}.
 59932 | Pan      | Gained mutation: You are dopey. (Int -2) [mutagenic glow]
 59992 | Pan      | 59992 ||| Stepping ~*~*~tactically~*~*~ (stealth).
 60097 | Pan      | Noticed Onanaus the pandemonium lord
 60098 | Pan      | 60098 ||| INVOKING Summon Divine Warrior.
 60107 | Pan      | Killed Onanaus the pandemonium lord
 60129 | Pan      | Identified the +10 quarterstaff of Change {speed, rPois}
 60301 | Pan      | 60301 ||| Stepping ~*~*~tactically~*~*~ (hiding).
 60601 | Pan      | 60601 ||| Stepping ~*~*~tactically~*~*~ (stealth).
 60661 | Pan      | 60661 ||| Stepping ~*~*~tactically~*~*~ (stealth).
 60719 | Pan      | Entered the realm of Cerebov.
 60757 | Pan      | 60757 ||| INVOKING Summon Divine Warrior.
 60768 | Pan      | Found an exit through the horrors of the Abyss.
 60848 | Pan      | Identified the ring of the Countless Spirits {Fly rF+
                  | Dex+6}
 60888 | Pan      | Found the +6 sword of Cerebov {flame}
 60888 | Pan      | Noticed Cerebov
 60889 | Pan      | 60889 ||| DRINKING 12 potions of haste.
 60890 | Pan      | 60890 ||| DRINKING 5 potions of resistance.
 60891 | Pan      | 60891 ||| DRINKING 14 potions of might.
 60904 | Pan      | 60904 ||| INVOKING Summon Divine Warrior.
 60917 | Pan      | Killed Cerebov
 60994 | Pan      | 60994 ||| INVOKING Cleansing Flame.
 61056 | Pan      | Identified the ring of Afiehuci {rN+ Slay+4}
 61065 | Pan      | Identified the ring of Wicser {rElec MP+9 Str+2 Slay+2}
 61123 | Pan      | Got a fiery rune of Zot
 61148 | Pan      | Identified the +8 dire flail "Jutwoogu" {pain, Contam rElec
                  | rN++ Int+2 Stlth+}
 61743 | Pan      | Reached skill level 27 in Invocations
 61748 | Pan      | 61748 ||| DROPPING ring of protection from fire.
 61749 | Pan      | 61749 ||| DROPPING ring of Afiehuci {rN+ Slay+4}.
 61750 | Pan      | 61750 ||| DROPPING ring of Wicser {rElec MP+9 Str+2
                  | Slay+2}.
 61802 | Pan      | 61802 ||| INVOKING Cleansing Flame.
 61803 | Pan      | 61803 ||| INVOKING Cleansing Flame.
 61833 | Pan      | 61833 ||| Stepping ~*~*~tactically~*~*~ (stealth).
 61834 | Pan      | 61834 ||| Stepping ~*~*~tactically~*~*~ (stealth).
 61835 | Pan      | 61835 ||| Stepping ~*~*~tactically~*~*~ (hiding).
 61842 | Pan      | 61842 ||| Stepping randomly (cloudy).
 61843 | Pan      | 61843 ||| Stepping randomly (cloudy).
 61845 | Pan      | 61845 ||| Stepping randomly (cloudy).
 61846 | Pan      | 61846 ||| Stepping ~*~*~tactically~*~*~ (cloud).
 61876 | Pan      | Noticed Reczuimo the pandemonium lord
 61877 | Pan      | 61877 ||| INVOKING Summon Divine Warrior.
 61882 | Pan      | Gained mutation: You are vulnerable to heat. (rF-) [a
                  | shining eye]
 61884 | Pan      | Killed Reczuimo the pandemonium lord
 61885 | Pan      | 61885 ||| Stepping ~*~*~tactically~*~*~ (cloud).
 61897 | Pan      | 61897 ||| Stepping randomly (cloudy).
 61899 | Pan      | 61899 ||| Stepping ~*~*~tactically~*~*~ (cloud).
 61998 | Pan      | 61998 ||| Stepping ~*~*~tactically~*~*~ (hiding).
 62077 | Pan      | 62077 ||| INVOKING Summon Divine Warrior.
 62080 | Pan      | 62080 ||| INVOKING Cleansing Flame.
 62244 | Pan      | 62244 ||| INVOKING Cleansing Flame.
 62311 | Pan      | 62311 ||| INVOKING Summon Divine Warrior.
 62693 | Depths:2 | Escaped Pandemonium
 62695 | Pan      | Entered the realm of Lom Lobon.
 62695 | Pan      | Entered Pandemonium
 62755 | Abyss:2  | Found a corrupted altar of Lugonu.
 62755 | Abyss:2  | Cast into level 2 of the Abyss (a wizard)
 62767 | Abyss:2  | 62767 ||| Stepping ~*~*~tactically~*~*~ (stealth).
 62810 | Abyss:2  | 62810 ||| Stepping ~*~*~tactically~*~*~ (stealth).
 62811 | Abyss:2  | 62811 ||| Stepping ~*~*~tactically~*~*~ (stealth).
 62849 | Abyss:2  | 62849 ||| Stepping ~*~*~tactically~*~*~ (stealth).
 62852 | Abyss:2  | 62852 ||| Stepping ~*~*~tactically~*~*~ (stealth).
 62853 | Abyss:2  | 62853 ||| Stepping ~*~*~tactically~*~*~ (stealth).
 62878 | Abyss:2  | Found a corrupted altar of Lugonu.
 62908 | Abyss:2  | 62908 ||| Stepping ~*~*~tactically~*~*~ (stealth).
 62909 | Abyss:2  | 62909 ||| Stepping ~*~*~tactically~*~*~ (stealth).
 62959 | Abyss:2  | 62959 ||| Stepping ~*~*~tactically~*~*~ (stealth).
 62967 | Abyss:2  | 62967 ||| Stepping ~*~*~tactically~*~*~ (hiding).
 62969 | Abyss:2  | 62969 ||| Stepping ~*~*~tactically~*~*~ (hiding).
 62999 | Abyss:2  | 62999 ||| Stepping ~*~*~tactically~*~*~ (stealth).
 63017 | Abyss:2  | 63017 ||| Stepping ~*~*~tactically~*~*~ (stealth).
 63021 | Abyss:2  | Found a corrupted altar of Lugonu.
 63032 | Abyss:2  | 63032 ||| Stepping ~*~*~tactically~*~*~ (stealth).
 63035 | Abyss:2  | 63035 ||| Stepping ~*~*~tactically~*~*~ (stealth).
 63036 | Abyss:2  | 63036 ||| Stepping ~*~*~tactically~*~*~ (stealth).
 63113 | Abyss:2  | 63113 ||| Stepping ~*~*~tactically~*~*~ (hiding).
 63114 | Abyss:2  | 63114 ||| Stepping ~*~*~tactically~*~*~ (stealth).
 63115 | Abyss:2  | 63115 ||| Stepping ~*~*~tactically~*~*~ (hiding).
 63121 | Abyss:2  | 63121 ||| Stepping ~*~*~tactically~*~*~ (hiding).
 63129 | Abyss:2  | 63129 ||| Stepping ~*~*~tactically~*~*~ (hiding).
 63142 | Abyss:2  | 63142 ||| Stepping ~*~*~tactically~*~*~ (stealth).
 63173 | Pan      | Escaped the Abyss
 63198 | Pan      | 63198 ||| Stepping ~*~*~tactically~*~*~ (hiding).
 63316 | Pan      | 63316 ||| Stepping ~*~*~tactically~*~*~ (hiding).
 63421 | Pan      | 63421 ||| Stepping ~*~*~tactically~*~*~ (stealth).
 63489 | Pan      | 63489 ||| Stepping ~*~*~tactically~*~*~ (hiding).
 63536 | Pan      | 63536 ||| Stepping ~*~*~tactically~*~*~ (stealth).
 63675 | Pan      | 63675 ||| Stepping ~*~*~tactically~*~*~ (stealth).
 63684 | Pan      | 63684 ||| Stepping ~*~*~tactically~*~*~ (stealth).
 63698 | Pan      | 63698 ||| Stepping ~*~*~tactically~*~*~ (cloud).
 63779 | Pan      | 63779 ||| Stepping ~*~*~tactically~*~*~ (hiding).
 63863 | Pan      | Reached skill level 15 in Dodging
 63924 | Pan      | Noticed Lom Lobon
 63925 | Pan      | 63925 ||| DRINKING 14 potions of haste.
 63926 | Pan      | 63926 ||| INVOKING Summon Divine Warrior.
 63927 | Pan      | 63927 ||| DRINKING 15 potions of might.
 63929 | Pan      | 63929 ||| Stepping randomly (cloudy).
 63930 | Pan      | 63930 ||| Stepping randomly (cloudy).
 63931 | Pan      | 63931 ||| INVOKING Cleansing Flame.
 63932 | Pan      | 63932 ||| INVOKING Cleansing Flame.
 63933 | Pan      | 63933 ||| INVOKING Cleansing Flame.
 63934 | Pan      | 63934 ||| INVOKING Cleansing Flame.
 63935 | Pan      | 63935 ||| INVOKING Cleansing Flame.
 63936 | Pan      | 63936 ||| DRINKING 4 potions of magic.
 63937 | Pan      | 63937 ||| INVOKING Cleansing Flame.
 63938 | Pan      | 63938 ||| INVOKING Summon Divine Warrior.
 63946 | Pan      | 63946 ||| INVOKING Cleansing Flame.
 63947 | Pan      | 63947 ||| INVOKING Cleansing Flame.
 63948 | Pan      | 63948 ||| DRINKING 3 potions of magic.
 63949 | Pan      | 63949 ||| INVOKING Cleansing Flame.
 63950 | Pan      | 63950 ||| INVOKING Cleansing Flame.
 63951 | Pan      | 63951 ||| INVOKING Cleansing Flame.
 63952 | Pan      | 63952 ||| INVOKING Cleansing Flame.
 63953 | Pan      | 63953 ||| DRINKING 2 potions of magic.
 63954 | Pan      | 63954 ||| INVOKING Cleansing Flame.
 63955 | Pan      | 63955 ||| INVOKING Cleansing Flame.
 63956 | Pan      | 63956 ||| INVOKING Cleansing Flame.
 63957 | Pan      | 63957 ||| INVOKING Summon Divine Warrior.
 63958 | Pan      | Killed Lom Lobon
 63964 | Pan      | 63964 ||| Stepping ~*~*~tactically~*~*~ (cloud).
 64101 | Pan      | Got a magical rune of Zot
 64139 | Pan      | 64139 ||| Stepping ~*~*~tactically~*~*~ (stealth).
 64141 | Pan      | 64141 ||| Stepping ~*~*~tactically~*~*~ (stealth).
 64400 | Pan      | 64400 ||| Stepping ~*~*~tactically~*~*~ (stealth).
 64487 | Pan      | 64487 ||| Stepping ~*~*~tactically~*~*~ (stealth).
 64492 | Pan      | 64492 ||| Stepping ~*~*~tactically~*~*~ (cloud).
 64628 | Depths:2 | Escaped Pandemonium
 64630 | Pan      | Entered the realm of Gloorx Vloq.
 64630 | Pan      | Entered Pandemonium
 64698 | Pan      | 64698 ||| Stepping ~*~*~tactically~*~*~ (stealth).
 64720 | Pan      | Found an exit through the horrors of the Abyss.
 64757 | Pan      | 64757 ||| Stepping ~*~*~tactically~*~*~ (stealth).
 64975 | Pan      | 64975 ||| Stepping ~*~*~tactically~*~*~ (stealth).
 64992 | Pan      | 64992 ||| Stepping ~*~*~tactically~*~*~ (stealth).
 64993 | Pan      | 64993 ||| Stepping ~*~*~tactically~*~*~ (stealth).
 65107 | Pan      | 65107 ||| Stepping ~*~*~tactically~*~*~ (stealth).
 65120 | Pan      | Reached skill level 24 in Armour
 65163 | Pan      | 65163 ||| Stepping ~*~*~tactically~*~*~ (stealth).
 65165 | Pan      | 65165 ||| Stepping ~*~*~tactically~*~*~ (stealth).
 65169 | Pan      | 65169 ||| INVOKING Cleansing Flame.
 65223 | Pan      | 65223 ||| Stepping ~*~*~tactically~*~*~ (stealth).
 65227 | Pan      | 65227 ||| INVOKING Cleansing Flame.
 65228 | Pan      | 65228 ||| INVOKING Cleansing Flame.
 65290 | Pan      | Noticed Gloorx Vloq
 65291 | Pan      | 65291 ||| INVOKING Summon Divine Warrior.
 65303 | Pan      | Killed Gloorx Vloq
 65363 | Pan      | Got a dark rune of Zot
 65552 | Pan      | Entered the realm of Mnoleg.
 65563 | Pan      | 65563 ||| Stepping ~*~*~tactically~*~*~ (hiding).
 65568 | Pan      | Gained mutation: Armour fits poorly on your strangely
                  | shaped body. [a neqoxec]
 65653 | Pan      | Gained mutation: You are clumsy. (Dex -2) [a cacodemon]
 65655 | Pan      | 65655 ||| DRINKING 5 potions of mutation.
 65655 | Pan      | Lost mutation: You have sharp fingernails. [potion of
                  | mutation]
 65655 | Pan      | Lost mutation: Your spells are a little harder to cast, but
                  | a little more powerful. [potion of mutation]
 65655 | Pan      | Lost mutation: You are dopey. (Int -2) [potion of mutation]
 65655 | Pan      | Gained mutation: Your spells are a little harder to cast,
                  | but a little more powerful. [potion of mutation]
 65655 | Pan      | Gained mutation: Your body sometimes deteriorates upon
                  | taking damage. [potion of mutation]
 65655 | Pan      | Gained mutation: You have large cloven feet. [potion of
                  | mutation]
 65656 | Pan      | 65656 ||| DRINKING 4 potions of mutation.
 65656 | Pan      | Lost mutation: Your body sometimes deteriorates upon taking
                  | damage. [potion of mutation]
 65656 | Pan      | Lost mutation: You are clumsy. (Dex -2) [potion of
                  | mutation]
 65656 | Pan      | Lost mutation: Your spells are a little harder to cast, but
                  | a little more powerful. [potion of mutation]
 65656 | Pan      | Gained mutation: You have a somewhat thin skeletal
                  | structure. (Dex +2, Stealth+) [potion of mutation]
 65656 | Pan      | Gained mutation: You have hoof-like feet. [potion of
                  | mutation]
 65657 | Pan      | 65657 ||| DRINKING 3 potions of mutation.
 65657 | Pan      | Lost mutation: You are vulnerable to heat. (rF-) [potion of
                  | mutation]
 65657 | Pan      | Lost mutation: You have hoof-like feet. [potion of
                  | mutation]
 65657 | Pan      | Gained mutation: Your spells are a little harder to cast,
                  | but a little more powerful. [potion of mutation]
 65657 | Pan      | Gained mutation: Your spells are harder to cast, but more
                  | powerful. [potion of mutation]
 65657 | Pan      | Lost mutation: Your magical capacity is low. (-10% MP)
                  | [potion of mutation]
 65658 | Pan      | 65658 ||| DRINKING 2 potions of mutation.
 65658 | Pan      | Lost mutation: You have a somewhat thin skeletal structure.
                  | (Dex +2, Stealth+) [potion of mutation]
 65658 | Pan      | Lost mutation: You passively map a small area around you.
                  | [potion of mutation]
 65659 | Pan      | 65659 ||| DRINKING potion of mutation.
 65659 | Pan      | Lost mutation: You have large cloven feet. [potion of
                  | mutation]
 65659 | Pan      | Lost mutation: Armour fits poorly on your strangely shaped
                  | body. [potion of mutation]
 65659 | Pan      | Gained mutation: Your muscles are strong. (Str +4, Int/Dex
                  | -1) [potion of mutation]
 65659 | Pan      | Gained mutation: You sometimes lose your temper in combat.
                  | [potion of mutation]
 65659 | Pan      | Gained mutation: You are vulnerable to cold. (rC-) [potion
                  | of mutation]
 65659 | Pan      | Gained mutation: You are agile. (Dex +4, Str/Int -1)
                  | [potion of mutation]
 65694 | Pan      | Noticed Mnoleg
 65695 | Pan      | 65695 ||| INVOKING Summon Divine Warrior.
 65697 | Pan      | Lost mutation: Your spells are harder to cast, but more
                  | powerful. [a cacodemon]
 65700 | Pan      | Gained mutation: You occasionally lose the ability to drink
                  | potions when taking damage. [Mnoleg's mutagenic touch]
 65702 | Pan      | 65702 ||| INVOKING Cleansing Flame.
 65703 | Pan      | 65703 ||| INVOKING Cleansing Flame.
 65703 | Pan      | Killed Mnoleg
 65704 | Pan      | Gained mutation: You are dopey. (Int -2) [a cacodemon]
 65715 | Pan      | 65715 ||| INVOKING Cleansing Flame.
 65748 | Pan      | Got a glowing rune of Zot
 65945 | Pan      | Gained mutation: You occasionally lose the ability to read
                  | scrolls when taking damage. [a neqoxec]
 66057 | Pan      | Gained mutation: Potions are less effective at restoring
                  | your health. [a neqoxec]
 66626 | Pan      | Lost mutation: You are agile. (Dex +4, Str/Int -1) [a
                  | cacodemon]
 66627 | Pan      | Gained mutation: You sometimes lose the ability to drink
                  | potions when taking damage. [a cacodemon]
 66807 | Pan      | Lost mutation: Your spells are a little harder to cast, but
                  | a little more powerful. [a shining eye]
 66810 | Pan      | Gained mutation: You are occasionally teleported next to
                  | monsters. [a shining eye]
 66864 | Pan      | 66864 ||| Stepping ~*~*~tactically~*~*~ (hiding).
 67013 | Pan      | Found an exit through the horrors of the Abyss.
 67039 | Pan      | Gained mutation: You are partially covered in iridescent
                  | scales. (AC +2) [a cacodemon]
 67040 | Pan      | Gained mutation: Armour fits poorly on your strangely
                  | shaped body. [a cacodemon]
 67041 | Pan      | Gained mutation: You are frail. (-10% HP) [a neqoxec]
 67042 | Pan      | 67042 ||| INVOKING Summon Divine Warrior.
 67048 | Pan      | 67048 ||| INVOKING Cleansing Flame.
 67292 | Pan      | Noticed Yjawosom the pandemonium lord
 67300 | Pan      | 67300 ||| INVOKING Cleansing Flame.
 67301 | Pan      | 67301 ||| INVOKING Summon Divine Warrior.
 67307 | Pan      | Killed Yjawosom the pandemonium lord
 67331 | Pan      | Gained mutation: You are clumsy. (Dex -2) [a neqoxec]
 67451 | Pan      | Gained mutation: Your spells are a little easier to cast,
                  | but a little less powerful. [a cacodemon]
 67559 | Pan      | Gained mutation: Your body sometimes deteriorates upon
                  | taking damage. [a cacodemon]
 67660 | Pan      | 67660 ||| INVOKING Cleansing Flame.
 67698 | Pan      | 67698 ||| INVOKING Cleansing Flame.
 67780 | Pan      | 67780 ||| Stepping ~*~*~tactically~*~*~ (hiding).
 67783 | Pan      | Noticed Xoamokk the pandemonium lord
 67784 | Pan      | 67784 ||| INVOKING Summon Divine Warrior.
 67786 | Pan      | 67786 ||| INVOKING Cleansing Flame.
 67795 | Pan      | 67795 ||| INVOKING Cleansing Flame.
 67795 | Pan      | Killed Xoamokk the pandemonium lord
 68003 | Pan      | 68003 ||| Stepping ~*~*~tactically~*~*~ (stealth).
 68046 | Pan      | 68046 ||| INVOKING Summon Divine Warrior.
 68206 | Pan      | 68206 ||| Stepping ~*~*~tactically~*~*~ (hiding).
 68216 | Pan      | 68216 ||| READING 18 scrolls of teleportation.
 68519 | Pan      | 68519 ||| Stepping ~*~*~tactically~*~*~ (stealth).
 68693 | Pan      | 68693 ||| DROPPING +6 ring of intelligence.
 68716 | Pan      | 68716 ||| INVOKING Summon Divine Warrior.
 68724 | Pan      | Reached skill level 1 in Short Blades
 68763 | Pan      | 68763 ||| INVOKING Cleansing Flame.
 68860 | Pan      | 68860 ||| INVOKING Cleansing Flame.
 68893 | Pan      | 68893 ||| INVOKING Cleansing Flame.
 68894 | Pan      | 68894 ||| INVOKING Cleansing Flame.
 68904 | Pan      | Reached skill level 3 in Short Blades
 68919 | Pan      | Noticed Sosch the pandemonium lord
 68938 | Pan      | Killed Sosch the pandemonium lord
 69005 | Pan      | 69005 ||| READING 17 scrolls of teleportation.
 69019 | Pan      | Identified the +5 longbow of Youthful Indiscretion {freeze,
                  | rF+ Int+4}
 69074 | Pan      | 69074 ||| READING 16 scrolls of teleportation.
 69182 | Pan      | Found an exit through the horrors of the Abyss.
 69440 | Pan      | Found an exit through the horrors of the Abyss.
 69443 | Pan      | Noticed Ugaxich the pandemonium lord
 69444 | Pan      | 69444 ||| INVOKING Summon Divine Warrior.
 69453 | Pan      | Killed Ugaxich the pandemonium lord
 69454 | Pan      | Reached skill level 27 in Fighting
 69468 | Pan      | 69468 ||| INVOKING Cleansing Flame.
 69469 | Pan      | 69469 ||| INVOKING Cleansing Flame.
 69470 | Pan      | 69470 ||| INVOKING Cleansing Flame.
 69476 | Pan      | 69476 ||| INVOKING Cleansing Flame.
 69499 | Pan      | 69499 ||| INVOKING Cleansing Flame.
 69500 | Pan      | 69500 ||| INVOKING Summon Divine Warrior.
 69573 | Pan      | 69573 ||| INVOKING Cleansing Flame.
 69590 | Pan      | 69590 ||| INVOKING Cleansing Flame.
 70003 | Pan      | 70003 ||| Stepping ~*~*~tactically~*~*~ (stealth).
 70006 | Pan      | 70006 ||| INVOKING Cleansing Flame.
 70063 | Pan      | 70063 ||| Stepping ~*~*~tactically~*~*~ (stealth).
 70064 | Pan      | 70064 ||| Stepping ~*~*~tactically~*~*~ (stealth).
 70066 | Pan      | 70066 ||| Stepping ~*~*~tactically~*~*~ (stealth).
 70067 | Pan      | 70067 ||| Stepping ~*~*~tactically~*~*~ (stealth).
 70070 | Pan      | 70070 ||| Stepping ~*~*~tactically~*~*~ (stealth).
 70072 | Pan      | 70072 ||| Stepping ~*~*~tactically~*~*~ (hiding).
 70178 | Pan      | 70178 ||| Stepping ~*~*~tactically~*~*~ (stealth).
 70181 | Pan      | 70181 ||| Stepping ~*~*~tactically~*~*~ (hiding).
 70184 | Pan      | 70184 ||| INVOKING Cleansing Flame.
 70185 | Pan      | 70185 ||| INVOKING Summon Divine Warrior.
 70412 | Pan      | 70412 ||| INVOKING Summon Divine Warrior.
 70416 | Pan      | 70416 ||| INVOKING Cleansing Flame.
 70457 | Pan      | 70457 ||| INVOKING Cleansing Flame.
 70458 | Pan      | 70458 ||| INVOKING Cleansing Flame.
 70504 | Pan      | 70504 ||| READING 15 scrolls of teleportation.
 70535 | Pan      | Found a runed translucent door.
 70582 | Pan      | 70582 ||| INVOKING Cleansing Flame.
 70648 | Pan      | Found an exit through the horrors of the Abyss.
 71084 | Pan      | 71084 ||| INVOKING Cleansing Flame.
 71085 | Pan      | 71085 ||| INVOKING Cleansing Flame.
 71086 | Pan      | 71086 ||| INVOKING Cleansing Flame.
 71127 | Pan      | 71127 ||| INVOKING Cleansing Flame.
 71134 | Pan      | 71134 ||| INVOKING Cleansing Flame.
 71140 | Pan      | Noticed Wostoir the pandemonium lord
 71141 | Pan      | 71141 ||| INVOKING Cleansing Flame.
 71152 | Pan      | Killed Wostoir the pandemonium lord
 71199 | Pan      | 71199 ||| INVOKING Cleansing Flame.
 71218 | Pan      | Got a demonic rune of Zot
 71219 | Pan      | 71219 ||| PLANNING SLIME:5
 71219 | Pan      | 71219 ||| UPGRADING to amulet of Dov Cuycw {Acrobat rPois
                  | rC+ Regen+ Int+4}.
 71276 | Pan      | Gained mutation: Your body often deteriorates upon taking
                  | damage. [a cacodemon]
 71291 | Pan      | Reached skill level 6 in Short Blades
 71522 | Pan      | 71522 ||| INVOKING Cleansing Flame.
 71540 | Pan      | 71540 ||| Stepping ~*~*~tactically~*~*~ (hiding).
 71542 | Pan      | 71542 ||| Stepping ~*~*~tactically~*~*~ (hiding).
 71544 | Pan      | 71544 ||| Stepping ~*~*~tactically~*~*~ (hiding).
 71569 | Pan      | 71569 ||| INVOKING Cleansing Flame.
 71577 | Pan      | 71577 ||| INVOKING Cleansing Flame.
 71579 | Pan      | 71579 ||| INVOKING Cleansing Flame.
 71586 | Pan      | 71586 ||| INVOKING Cleansing Flame.
 71657 | Pan      | 71657 ||| INVOKING Cleansing Flame.
 71666 | Pan      | 71666 ||| INVOKING Cleansing Flame.
 71790 | Pan      | 71790 ||| Stepping ~*~*~tactically~*~*~ (hiding).
 71880 | Pan      | Noticed Niown the pandemonium lord
 71881 | Pan      | 71881 ||| INVOKING Summon Divine Warrior.
 71885 | Pan      | 71885 ||| ZAPPING wand of digging (12).
 71886 | Pan      | 71886 ||| ZAPPING wand of digging (11).
 71888 | Pan      | 71888 ||| INVOKING Cleansing Flame.
 71889 | Pan      | 71889 ||| INVOKING Summon Divine Warrior.
 71892 | Pan      | 71892 ||| INVOKING Cleansing Flame.
 71892 | Pan      | HP: 21/179 [Niown the pandemonium lord/iron shot (49)]
 71893 | Pan      | 71893 ||| INVOKING Cleansing Flame.
 71896 | Pan      | HP: 7/179 [smoke demon/divine providence (12)]
 71899 | Pan      | 71899 ||| INVOKING Cleansing Flame.
 71899 | Pan      | HP: 3/179 [burnt (2)]
 71899 | Pan      | Killed Niown the pandemonium lord
 71899 | Pan      | The Shining One protects you from harm!
 71900 | Pan      | Incinerated by a smoke demon

Levels and vault maps discovered:
D:1:      grunt_arrival_lava_bath, layout_basic,
          chequers_ecumenical_altar_lobes, minmay_crystal_water
D:2:      layout_basic
D:3:      layout_loops_cross, overflow_temple_1_default, kennysheep_donut,
          uniq_grinder
D:4:      layout_basic, minmay_temple_entry_mist
D:5:      layout_rooms, okawaru_altar_gauntlet_db, serial_shops, shop,
          kennysheep_small_square
D:6:      layout_basic, serial_shops, shop, wad_floor_pattern_untrapped
D:7:      minmay_the_grid_octo_2x2 [minmay_the_grid_octo_tetromino_candy,
          minmay_the_grid_octo_chip, minmay_the_grid_octo_odd_swirl,
          minmay_the_grid_octo_prize_ultimate_mussel_roller], layout_gridville,
          gammafunk_temple_of_torment, mainiacjoe_overflow_big_doors,
          gammafunk_ghost_hive
D:8:      layout_layer_cave, nicolae_ossuary_entry_giza
D:9:      layout_roguey, nicolae_wu_jian_wuxing_cycle, zin_angel,
          chequers_temple_overflow_statue_of_worship, enter_bailey_6,
          uniq_prince_ribbit1
D:10:     layout_small_grid, lair_entry_dummy, zombieorc1_lemuel, uniq_harold,
          uniq_psyche, uniq_grum
D:11:     cheibrodos_histonic, layout_cave_pods, uniq_nergalle
D:12:     layout_loops_ring, uniq_kirke
D:13:     layout_layer_cave
D:14:     layout_cave_pools, erik_vaults_2, special_room [special_room_orc],
          portal_ice_cave_entry_ice_statue_one, infiniplex_staircase_star
D:15:     gammafunk_enter_depths_forms, layout_irregular_city,
          nicolae_eternal_life
Temple:   pdpol_scorched_temple
Lair:1:   beast_lair_carwin_large_3, layout_loops_ring
Lair:2:   layout_roguey, palyth_hydra_swamp_entry, spider_nest_entry_webs,
          gauntlet_entry_generic, lemuel_fruit_tree
Lair:3:   layout_roguey, grunt_megastairs_2
Lair:4:   layout_cave_pods, ebering_ghost_inner_flame,
          chequers_serial_rivers_room_b, cheibrodos_lair_caveside_slide,
          infiniplex_staircase_pool_2, grunt_megastairs_4, uniq_urug
Lair:5:   grunt_lair_end_beastmaster, layout_small_grid,
          minmay_slime_entry_pillars, grunt_forest_large_clearings
Swamp:1:  layout_basic_swamp, nicolae_swamp_decorative_isthmus, uniq_josephine,
          uniq_donald
Swamp:2:  layout_basic_swamp, evilmike_swamp_ruin_rubble_2, swamp_pool1,
          uniq_mlioglotl
Swamp:3:  layout_falls_marsh, hangedman_swamp_cone, swamp_pool1,
          statue_in_the_mist_lemuel
Swamp:4:  swamp_alternative, layout_basic_swamp, beargit_kiku_chapel
Spider:1: nicolae_spider_hilbert_zone_3 [nicolae_spider_hilbert_4_sides_2_open,
          nicolae_spider_hilbert_3_sides_1_open,
          nicolae_spider_hilbert_3_sides_1_open,
          nicolae_spider_hilbert_3_sides_1_open,
          nicolae_spider_hilbert_3_sides_1_open,
          nicolae_spider_hilbert_4_sides_1_open,
          nicolae_spider_hilbert_4_sides_1_open,
          nicolae_spider_hilbert_4_sides_1_open,
          nicolae_spider_hilbert_4_sides_1_open,
          nicolae_spider_hilbert_4_sides_1_open,
          nicolae_spider_hilbert_4_sides_1_open,
          nicolae_spider_hilbert_4_sides_1_open,
          nicolae_spider_hilbert_4_sides_1_open,
          nicolae_spider_hilbert_3_sides_1_open,
          nicolae_spider_hilbert_3_sides_1_open,
          nicolae_spider_hilbert_3_sides_1_open,
          nicolae_spider_hilbert_3_sides_1_open], nicolae_spider_scorpion_nest,
          uniq_aizul
Spider:2: layout_spider_delve, nicolae_spider_nooks_and_crannies,
          hangedman_spider_tarantella_strand, uniq_arachne, uniq_nikola,
          uniq_louise
Spider:3: layout_spider_delve, beargit_elvish_explorers
Spider:4: grunt_spider_rune_circles, uniq_asterion, uniq_roxanne, uniq_agnes
Orc:1:    layout_diamond_mine
Orc:2:    st_orc_town, layout_caves, nicolae_orc_lava_tube, rock_pile
Vaults:1: vaults_mumra_chevron, vaults_room_corners, v_rooms_2, v_misc_4,
          vaults_dpeg_spiral, nicolae_vaults_halls_meeting,
          vaults_room_grunt_arrival_ludios, nicolae_vaults_circle_grid_b,
          nicolae_vaults_little_squares_3, hangedman_vaults_capsules,
          nicolae_vaults_alarming, nicolae_vaults_theta, layout_vaults_maze,
          serial_shops, nicolae_shop_trees
Vaults:2: nicolae_vaults_little_squares_4, vaults_room_ringed_pool,
          vaults_room_hallway, nicolae_vaults_little_squares_2,
          vaults_dpeg_emergency_exit, v_rooms_6, grunt_vaults_twisty,
          nicolae_vaults_windows_and_doors_thing, nicolae_vaults_rhombus_7,
          nicolae_vaults_little_squares_6, layout_vaults_omnigrid
Vaults:3: v_misc_3, v_misc_18, v_misc_4, st_smaller_cells, v_misc_26,
          vaults_room_corners, v_misc_16, v_alt_pattern_5,
          ontoclasm_vaults_decontamination, minmay_crypt_entry_skeletal_spiral,
          layout_vaults_big_room
Vaults:4: v_misc_22, hangedman_vaults_locks, ontoclasm_vaults_shuriken,
          hangedman_vaults_nails, vaults_room_grid, ontoclasm_vaults_pinch,
          vaults_dpeg_hooks, nicolae_vaults_theta, ontoclasm_vaults_hangar,
          ontoclasm_vaults_ring_square, grunt_vaults_funnel,
          nicolae_vaults_stairing_the_circle, vaults_room_stairs_pillars,
          layout_vaults_omnicross, uniq_zenata, uniq_boris
Vaults:5
Crypt:1:  layout_misc_corridors, st_stairs_2, uniq_bai_suzhen, uniq_mennas
Crypt:2:  layout_chaotic_city, roderic_lattice_octagonal_star
Crypt:3:  david_glass_crypt, layout_chaotic_city, tomb_entry_sphere_bobbens,
          uniq_grunn
Tomb:1
Tomb:2
Tomb:3
Depths:1: layout_roguey [special_room_mythical_zoo], gammafunk_ghost_grave,
          kennysheep_crisscross, hell_entry, makhleb_altar_promises_db,
          serial_bayou_shore_b, minmay_shop_grove
Depths:2: minmay_eight_partial_circles, layout_basic, pan_entry,
          abyss_entry_flame_altar, hangedman_coc_ice_floe, grunt_ministairs_1,
          nicolae_rare_books, minivault_16
Depths:3: grunt_profane_halls [grunt_profane_temple_coc,
          grunt_profane_temple_dis, grunt_profane_temple_geh,
          grunt_profane_temple_tar, grunt_profane_loot], hell_entry,
          abyss_entry, pan_entry
Depths:4: evilmike_zot_entry_hall, layout_basic, enter_ziggurat_c, hell_entry,
          minmay_misc_feat_ornament, grunt_pan_entry_in_and_out, abyss_entry,
          minmay_shoptagon
Zot:1:    kennysheep_ambush_hall, layout_gridlike, grunt_megastairs_1,
          uniq_tiamat
Zot:2:    gammafunk_sealed_arena, layout_gridlike, gammafunk_ghost_crypt,
          lemuel_elevator, grunt_megastairs_5
Zot:3:    layout_onion
Zot:4:    kennysheep_blocky_room, layout_twisted_circle
Pan:      rand_demon_8, layout_gridlike, uniq_ignacio,
          nicolae_pan_cerebovesque_3, reaverb_pan_figure_eight,
          evilmike_mini_pan_branches, layout_small_grid, evilmike_cerebov_lava,
          layout_basic, pan_blood_fountain_small, evilmike_mini_pan_diamond,
          layout_stronghold, lom_lobon_spiral_st, layout_chambers,
          nicolae_pan_cerebovesque_3, gloorx_vloq, layout_pan_divisions_b
          [pan_division_quadrant_b3, pan_division_quadrant_b4,
          pan_division_quadrant_b6, pan_division_quadrant_b3], mnoleg_st,
          layout_basic, nicolae_pan_cerebovesque_3, nicolae_pan_sigil_nadil,
          grunt_pan_spiral, layout_basic, nicolae_pan_cerebovesque_2,
          nicolae_pan_door_chamber, layout_small_grid, pan_blood_fountain_small,
          nicolae_pan_hourglass, layout_irregular_city, rand_demon_3,
          layout_gridlike, reaverb_pan_squares, rand_demon_9, layout_gridlike,
          lemuel_hall_of_pain, layout_grid_shapes

Skill      XL: |  1  2  3  4  5  6  7  8  9 10 11 12 13 14 15 16 17 18 19 20 21 22 23 24 25 26 27 |
---------------+----------------------------------------------------------------------------------+-----
Axes           | 2 3 4 6 13 14 15 16 18 | 18.0
Throwing       | 1 3 5 6 7 8 9 10 11 12 13 14 | 14.0
Fighting       | 4 5 7 9 10 12 13 15 16 17 19 20 21 22 24 27 | 27.0
Dodging        | 1 2 3 4 6 7 8 9 11 12 13 17 | 17.0
Armour         | 4 10 11 12 13 14 15 17 18 20 21 22 26 | 26.9
Shields        | 6 9 10 12 13 15 16 17 18 19 20 21 22 23 | 23.0
Invocations    | 3 4 7 10 16 27 | 27.0
Short Blades   | 7 |  7.3

Action                   |  1- 3 |  4- 6 |  7- 9 | 10-12 | 13-15 | 16-18 | 19-21 | 22-24 | 25-27 || total
-------------------------+-------+-------+-------+-------+-------+-------+-------+-------+-------++-------
Melee: War axe           |    82 |    49 |   246 |   537 |   723 |       |       |       |       ||  1637
       Broad axe         |       |       |       |       |   427 |  1579 |  1529 |  1352 |  3232 ||  8119
       Hand axe          |       |       |       |       |       |    11 |       |       |       ||    11
Throw: Javelin           |       |     6 |    11 |       |   149 |   110 |    88 |    59 |   358 ||   781
       Boomerang         |       |       |    18 |    19 |    17 |   128 |    14 |    23 |     8 ||   227
Invok: Heroism           |       |       |     7 |    26 |    45 |    53 |    36 |    42 |    24 ||   233
       Finesse           |       |       |       |       |    12 |    23 |     7 |    17 |     2 ||    61
       Cleansing Flame   |       |       |       |       |       |       |       |       |   132 ||   132
       Summon Divine War |       |       |       |       |       |       |       |       |    41 ||    41
       Brand Weapon With |       |       |       |       |       |       |       |       |     1 ||     1
Evoke: Wand              |       |       |       |       |       |       |       |       |     2 ||     2
  Use: Scroll            |     3 |     4 |    10 |    14 |     8 |     8 |     3 |     6 |    15 ||    71
       Potion            |       |       |     3 |     3 |     1 |     2 |       |     2 |    40 ||    51
 Stab: Distracted        |       |       |       |       |     2 |       |       |       |       ||     2
       Petrified         |       |       |       |       |     4 |       |       |       |       ||     4
       Confused          |       |       |       |       |       |       |     6 |       |    12 ||    18
       Petrifying        |       |       |       |       |       |       |       |       |     1 ||     1
Armor: Scale mail        |    33 |       |       |       |       |       |       |       |       ||    33
       Chain mail        |       |    26 |   110 |       |       |       |       |       |       ||   136
       Plate armour      |       |       |    11 |   207 |   478 |   679 |   577 |   590 |  1310 ||  3852
Dodge: Dodged            |    35 |    16 |    49 |    80 |   184 |   307 |   420 |   511 |  1316 ||  2918
Block: Buckler           |    12 |     5 |    14 |       |       |       |       |       |       ||    31
       Tower shield      |       |       |    67 |   424 |  1025 |  1356 |  1277 |  1341 |  3178 ||  8668

Table legend:
 A = Non-vault XP
 B = Vault XP
 C = Vault XP percentage of total XP
 D = Non-vault monster count
 E = Vault monster count
 F = Vault count percentage of total count
                 A         B        C        D         E       F
            +---------+---------+-------+---------+---------+-------
      Total | 1122489 | 1005088 |  47.2 |    2024 |    1261 |  38.4
            +---------+---------+-------+---------+---------+-------
        D:1 |      29 |       0 |   0.0 |      11 |       0 |   0.0
        D:2 |     155 |       0 |   0.0 |      22 |       0 |   0.0
        D:3 |      42 |     262 |  86.2 |      14 |       1 |   6.7
        D:4 |     618 |       0 |   0.0 |      29 |       0 |   0.0
        D:5 |     609 |      69 |  10.2 |      14 |       8 |  36.4
        D:6 |    1833 |       0 |   0.0 |      38 |       0 |   0.0
        D:7 |    1440 |    3728 |  72.1 |      38 |      18 |  32.1
        D:8 |     648 |      18 |   2.7 |      14 |       3 |  17.6
        D:9 |    2164 |     264 |  10.9 |      29 |       1 |   3.3
       D:10 |    3822 |    3094 |  44.7 |      31 |      35 |  53.0
       D:11 |    4318 |    1642 |  27.6 |      24 |       2 |   7.7
       D:12 |    2809 |       0 |   0.0 |       8 |       0 |   0.0
       D:13 |    6296 |       0 |   0.0 |      15 |       0 |   0.0
       D:14 |   10843 |    8455 |  43.8 |      22 |      35 |  61.4
       D:15 |   12107 |    4296 |  26.2 |      34 |       7 |  17.1
     Lair:1 |    6479 |    1644 |  20.2 |      28 |       9 |  24.3
     Lair:2 |    4793 |    2650 |  35.6 |      19 |       7 |  26.9
     Lair:3 |    3713 |     147 |   3.8 |      16 |       1 |   5.9
     Lair:4 |    3492 |     787 |  18.4 |      13 |       1 |   7.1
     Lair:5 |   11470 |   13955 |  54.9 |      30 |      47 |  61.0
    Swamp:1 |   14363 |    3013 |  17.3 |      32 |       6 |  15.8
    Swamp:2 |    7995 |    1846 |  18.8 |      19 |       1 |   5.0
    Swamp:3 |    7162 |       0 |   0.0 |      14 |       0 |   0.0
    Swamp:4 |   11003 |   21845 |  66.5 |      24 |      39 |  61.9
   Spider:1 |   14530 |   17085 |  54.0 |      39 |      26 |  40.0
   Spider:2 |   15832 |   11321 |  41.7 |      38 |      17 |  30.9
   Spider:3 |   19537 |    3561 |  15.4 |      47 |       5 |   9.6
   Spider:4 |   14182 |   21081 |  59.8 |      30 |      35 |  53.8
      Orc:1 |    2656 |       0 |   0.0 |      38 |       0 |   0.0
      Orc:2 |    6254 |    9723 |  60.9 |      48 |      63 |  56.8
   Vaults:1 |   35449 |   28679 |  44.7 |      49 |      39 |  44.3
   Vaults:2 |   20450 |   15463 |  43.1 |      30 |      18 |  37.5
   Vaults:3 |   35139 |   27965 |  44.3 |      56 |      44 |  44.0
   Vaults:4 |   23944 |   32328 |  57.4 |      35 |      35 |  50.0
   Vaults:5 |   22425 |   97921 |  81.4 |      28 |      72 |  72.0
    Crypt:1 |   27298 |    8553 |  23.9 |      41 |       4 |   8.9
    Crypt:2 |   23784 |       0 |   0.0 |      38 |       0 |   0.0
    Crypt:3 |   25829 |   32966 |  56.1 |      37 |      27 |  42.2
     Tomb:1 |    9661 |   75133 |  88.6 |      32 |      43 |  57.3
     Tomb:2 |   12851 |   69101 |  84.3 |      31 |      83 |  72.8
     Tomb:3 |   14962 |   55271 |  78.7 |      48 |      59 |  55.1
   Depths:1 |   28047 |   14882 |  34.7 |      36 |      24 |  40.0
   Depths:2 |   22239 |   35491 |  61.5 |      28 |      32 |  53.3
   Depths:3 |   14747 |  100898 |  87.2 |      17 |     115 |  87.1
   Depths:4 |   38910 |   15369 |  28.3 |      21 |      21 |  50.0
      Zot:1 |   38264 |   28723 |  42.9 |      33 |      23 |  41.1
      Zot:2 |   29054 |    3318 |  10.2 |      25 |       3 |  10.7
      Zot:3 |   63043 |       0 |   0.0 |      52 |       0 |   0.0
      Zot:4 |   26250 |   10299 |  28.2 |      22 |       8 |  26.7
    Abyss:2 |   27515 |       0 |   0.0 |      46 |       0 |   0.0
        Pan |  391434 |  218726 |  35.8 |     541 |     225 |  29.4
    Ossuary |       0 |     170 | 100.0 |       0 |      12 | 100.0
   Gauntlet |       0 |    3346 | 100.0 |       0 |       7 | 100.0
            +---------+---------+-------+---------+---------+-------
